Workbook

Sheet ❄️ SD-WIN-BBALL ⚾
A1: STATUS | B1: PH | C1: SU | D1: FY24 | E1: FY25-C | F1: FYREG | G1: Camp Code | I1: SITE | J1: Facility Name | K1: Site address | L1: Site city | M1: State | N1: Zip | O1: Email | P1: PH | Q1: First Name | R1: Last name | S1: Director address | T1: Director city | U1: State | V1: Zip | W1: Home # | X1: Cell # | Y1: Work # | AA1: START | AB1: END | AC1: COR. DATES | AD1: COR. TIMES | AE1: CFM DATES | AF1: CFM TIMES | AH1: MAX | AI1: LY$ | AJ1: S$ | AK1: DP$ | AM1: USBA LANDING PAGE | AO1: 12.3.24:REG | AP1: 12.3.24:PD | AR1: 12.10.24:REG | AS1: 12.10.24:PD | AW1: 12.17.24:REG | AX1: 12.17.24:PD | BE1: 12.24.24:REG | BF1: 12.24.24:PD | BM1: 12.31.24:REG | BN1: 12.31.24:PD | BS1: 1.6.25:REG | BT1: 1.6.25:PD | BW1: 1.13.25:REG | BX1: 1.13.25:PD | CA1: 1.20.25:REG | CB1: 1.20.25:PD | CE1: 1.27.25:REG | CF1: 1.27.25:PD | CI1: 2.3.25:REG | CJ1: 2.3.25:PD | CL1: 2.17.25:REG | CM1: 2.17.25:PD | CO1: 2.24.25:REG | CP1: 2.24.25:PD
A2: A-NEW | E2: 23 | F2: 46 | G2: USBDARD | I2: Ardmore HS | K2: 701 Veterans Blvd | L2: Ardmore | M2: OK | N2: 73401 | O2: cjkennedy@ardmoreschools.org | Q2: CJ | R2: Kennedy | X2: 903-522-2034 | AA2: 202 | AB2: 223 | AE2: Sundays: Feb. 2, 9, 16, 23 | AF2: 1pm-5:30pm | AI2: 139 | AJ2: =AI2+20 -> 159 | AK2: =AJ2+20 -> 179 | AM2: https://usbaseballacademy.com/ardmore-baseball-camp/ | AO2: 18 | AP2: 13 | AR2: 23 | AS2: 20 | AW2: 28 | AX2: 22 | BE2: 29 | BF2: 26 | BM2: 29 | BN2: 26 | BS2: 28 | BT2: 28 | BW2: 31 | BX2: 31 | CA2: 40 | CB2: 34 | CE2: 46 | CF2: 42 | CI2: 44 | CJ2: 44 | CL2: 46 | CM2: 46 | CO2: 46 | CP2: 46
A3: A-NEW | E3: 29 | F3: 63 | G3: USBDALA | I3: Ascend Leadership Academy | J3: Southern Lee HS Field #2 | K3: 2303 Tramway Park Rd. | L3: Sanford | M3: NC | N3: 27332 | O3: mcounter@alaschoolsnc.org | Q3: Morgan | R3: Counter | S3: 129 Beautiful Lane | T3: Sanford | U3: NC | V3: 27332 | X3: 919-897-4541 | AA3: 111 | AB3: 215 | AE3: Saturdays: Jan. 11, 18; Feb. 8, 15 | AF3: 9am-1:30pm | AI3: 139 | AJ3: =AI3+20 -> 159 | AK3: =AJ3+20 -> 179 | AM3: https://usbaseballacademy.com/sanford-baseball-camp/ | AO3: 31 | AP3: 29 | AR3: 45 | AS3: 34 | AW3: 62 | AX3: 43 | BE3: 63 | BF3: 46 | BM3: 56 | BN3: 46 | BS3: 63 | BT3: 58 | BW3: 63 | BX3: 61 | CA3: 61 | CB3: 61 | CE3: 63 | CF3: 63 | CI3: 63 | CJ3: 63 | CL3: 63 | CM3: 63 | CO3: 63 | CP3: 63
A4: A-NEW | E4: 16 | F4: 35 | G4: USBDBET | I4: Bethel HS | K4: 36000 Clearpond Rd. | L4: Shawnee | M4: OK | N4: 74801 | O4: bandyg@bethel.k12.ok.us | Q4: Gary | R4: Bandy | S4: 3900 Low Meadow | T4: Edmond | U4: OK | V4: 73003 | X4: 402-710-0445 | AA4: 112 | AB4: 209 | AE4: Sundays: Jan. 12, 26; Feb. 2, 9 | AF4: 1pm-5:30pm | AI4: 139 | AJ4: =AI4+20 -> 159 | AK4: =AJ4+20 -> 179 | AM4: https://usbaseballacademy.com/shawnee-baseball-camp/ | AO4: 27 | AP4: 10 | AR4: 33 | AS4: 10 | AW4: 31 | AX4: 10 | BE4: 23 | BF4: 15 | BM4: 21 | BN4: 15 | BS4: 38 | BT4: 23 | BW4: 34 | BX4: 34 | CA4: 35 | CB4: 35 | CE4: 35 | CF4: 35 | CI4: 35 | CJ4: 35 | CL4: 35 | CM4: 35 | CO4: 35 | CP4: 35
A5: A-NEW | E5: 46 | F5: 97 | G5: USBDBUS | I5: Bushnell University | K5: 828 E. 11th Ave | L5: Eugene | M5: OR | N5: 97401 | O5: jawomack@bushnell.edu | Q5: Jamie | R5: Womack | X5: 541-731-3011 | AA5: 104 | AB5: 125 | AE5: Saturdays: Jan. 4, 11, 18, 25 | AF5: Noon-4:30pm | AI5: 149 | AJ5: =AI5+20 -> 169 | AK5: =AJ5+20 -> 189 | AM5: https://usbaseballacademy.com/eugene-baseball-camp/ | AO5: 75 | AP5: 60 | AR5: 89 | AS5: 77 | AW5: 82 | AX5: 77 | BE5: 94 | BF5: 89 | BM5: 91 | BN5: 88 | BS5: 99 | BT5: 98 | BW5: 100 | BX5: 100 | CA5: 100 | CB5: 100 | CE5: 97 | CF5: 97 | CI5: 97 | CJ5: 97 | CL5: 97 | CM5: 97 | CO5: 97 | CP5: 97
A6: A-NEW | E6: 25 | F6: 53 | G6: USBDCHS | I6: Century HS | K6: 2000 SE Century Blvd | L6: Hillsboro | M6: OR | N6: 97123 | O6: kondok@hsd.k12.or.us | Q6: Keean | R6: Kondo | X6: 707-372-4683 | AA6: 112 | AB6: 209 | AE6: Sundays: Jan. 12, 19, 26; Feb. 9 | AF6: 11am-3:30pm | AI6: 149 | AJ6: =AI6+20 -> 169 | AK6: =AJ6+20 -> 189 | AM6: https://usbaseballacademy.com/hillsboro-baseball-camp/ | AO6: 34 | AP6: 34 | AR6: 42 | AS6: 36 | AW6: 49 | AX6: 46 | BE6: 54 | BF6: 48 | BM6: 51 | BN6: 48 | BS6: 66 | BT6: 56 | BW6: 53 | BX6: 53 | CA6: 54 | CB6: 53 | CE6: 53 | CF6: 53 | CI6: 53 | CJ6: 53 | CL6: 53 | CM6: 53 | CO6: 53 | CP6: 53
A7: A-NEW | E7: 13 | F7: 26 | G7: USBDCLA | I7: Clarke County HS | K7: 151 South Church St | L7: Grove Hill | M7: AL | N7: 36451 | O7: wbuford@clarkecountyschools.org | Q7: Will | R7: Buford | S7: 1220 Travis St. | T7: Thomasville | U7: AL | V7: 36784 | X7: 334-830-7132 | AA7: 105 | AB7: 126 | AE7: Sundays: Jan. 5, 12, 19, 26 | AF7: 1pm-5:30pm | AI7: 139 | AJ7: =AI7+20 -> 159 | AK7: =AJ7+20 -> 179 | AM7: https://usbaseballacademy.com/grove-hill-baseball-camp/ | AO7: 28 | AP7: 18 | AR7: 32 | AS7: 20 | AW7: 25 | AX7: 19 | BE7: 23 | BF7: 20 | BM7: 21 | BN7: 20 | BS7: 26 | BT7: 26 | BW7: 26 | BX7: 26 | CA7: 26 | CB7: 26 | CE7: 26 | CF7: 26 | CI7: 26 | CJ7: 26 | CL7: 26 | CM7: 26 | CO7: 26 | CP7: 26
A8: A-NEW | E8: 20 | F8: 50 | G8: USBDDOD | I8: Dodge City CC NO | K8: 2501 N 14th Ave | L8: Dodge City | M8: KS | N8: 67801 | O8: jkelly@dc3.edu | Q8: JM | R8: Kelly | S8: 11292 River Rd | T8: Dodge City | U8: KS | V8: 67801 | X8: 409-679-1815 | AA8: 105 | AB8: 126 | AE8: Sundays: Jan. 5, 12, 19, 26 | AF8: 1pm-5:30pm | AI8: 139 | AJ8: =AI8+20 -> 159 | AK8: =AJ8+20 -> 179 | AM8: https://usbaseballacademy.com/dodge-city-baseball-camp/ | AO8: 41 | AP8: 35 | AR8: 53 | AS8: 42 | AW8: 47 | AX8: 44 | BE8: 47 | BF8: 44 | BM8: 44 | BN8: 44 | BS8: 44 | BT8: 44 | BW8: 47 | BX8: 47 | CA8: 50 | CB8: 47 | CE8: 50 | CF8: 50 | CI8: 50 | CJ8: 50 | CL8: 50 | CM8: 50 | CO8: 50 | CP8: 50
A9: A-NEW | E9: 41 | F9: 76 | G9: USBDDRY | I9: Dryden HS | K9: 118 Freeville Rd | L9: Dryden | M9: NY | N9: 13053 | O9: jpascarella75@live.com | Q9: John | R9: Pascarella | X9: 607-339-9432 | AA9: 216 | AB9: 316 | AE9: Sundays: Feb. 16, 23; Mar. 2, 16 | AF9: Noon-4:30pm | AI9: 139 | AJ9: 159 | AK9: 179 | AM9: https://usbaseballacademy.com/dryden-baseball-camp/ | AO9: 0 | AP9: 0 | AR9: 0 | AS9: 0 | AW9: 30 | AX9: 14 | BE9: 41 | BF9: 30 | BM9: 44 | BN9: 30 | BS9: 61 | BT9: 44 | BW9: 62 | BX9: 47 | CA9: 66 | CB9: 54 | CE9: 55 | CF9: 55 | CI9: 58 | CJ9: 55 | CL9: 74 | CM9: 74 | CO9: 76 | CP9: 76
A10: A-NEW | E10: 17 | F10: 35 | G10: USBDECT | I10: East Central HS | K10: 7173 FM 1628 | L10: San Antonio | M10: TX | N10: 78263 | O10: hector.delgadillo@ecisd.net | Q10: Hector | R10: Delgadillo | S10: 212 W Theo Ave | T10: San Antonio | U10: TX | V10: 78214 | X10: 210-347-5935 | AA10: 302 | AB10: 323 | AE10: Sundays: Mar. 2, 9, 16, 23 | AF10: Noon-4:30pm | AI10: 139 | AJ10: =AI10+20 -> 159 | AK10: =AJ10+20 -> 179 | AM10: https://usbaseballacademy.com/san-antonio-baseball-camp-ech/ | AO10: 11 | AP10: 2 | AR10: 13 | AS10: 4 | AW10: 23 | AX10: 14 | BE10: 17 | BF10: 14 | BM10: 19 | BN10: 14 | BS10: 16 | BT10: 14 | BW10: 27 | BX10: 19 | CA10: 35 | CB10: 23 | CE10: 37 | CF10: 24 | CI10: 28 | CJ10: 24 | CL10: 40 | CM10: 30 | CO10: 39 | CP10: 32
A11: A-NEW | E11: 36 | F11: 67 | G11: USBDEPG | I11: El Paso-Gridley HS | J11: El Paso Gridley Middle School | K11: 403 S. McLean St. | L11: Gridley | M11: IL | N11: 61744 | O11: stephenkrominga@gmail.com | Q11: Stephen | R11: Krominga | S11: 997 Grant St | T11: El Paso | U11: IL | V11: 61738 | X11: 815-674-9702 | AA11: 208 | AB11: 308 | AE11: Saturdays: Feb. 8, 22; Mar. 1, 8 | AF11: 1pm-5:30pm | AI11: 139 | AJ11: 159 | AK11: 179 | AM11: https://usbaseballacademy.com/gridley-baseball-camp/ | AO11: 0 | AP11: 0 | AR11: 0 | AS11: 0 | AW11: 20 | AX11: 13 | BE11: 48 | BF11: 36 | BM11: 50 | BN11: 37 | BS11: 49 | BT11: 41 | BW11: 45 | BX11: 41 | CA11: 60 | CB11: 55 | CE11: 66 | CF11: 65 | CI11: 70 | CJ11: 70 | CL11: 70 | CM11: 70 | CO11: 67 | CP11: 67
A12: A-NEW | C12: X | E12: 44 | F12: 90 | G12: USBDEXC | I12: Excelsior Charter School | J12: Victorville CC Field | K12: 18422 Bear Valley Rd | L12: Victorville | M12: CA | N12: 92392 | O12: fthomas340@gmail.com | Q12: Fernando | R12: Thomas | S12: 11142 Blue Mesa Ave | T12: Adelanto | U12: CA | V12: 92301 | X12: 626-205-0430 | AA12: 104 | AB12: 125 | AE12: Saturdays: Jan. 4, 11, 18, 25 | AF12: 10am-2:30pm | AI12: 159 | AJ12: 179 | AK12: 199 | AM12: https://usbaseballacademy.com/victorville-baseball-camp/ | AO12: 89 | AP12: 70 | AR12: 105 | AS12: 76 | AW12: 109 | AX12: 84 | BE12: 99 | BF12: 89 | BM12: 96 | BN12: 88 | BS12: 89 | BT12: 89 | BW12: 90 | BX12: 90 | CA12: 90 | CB12: 90 | CE12: 90 | CF12: 90 | CI12: 90 | CJ12: 90 | CL12: 90 | CM12: 90 | CO12: 90 | CP12: 90
A13: A-NEW | E13: 56 | F13: 102 | G13: USBDFSC | I13: Fairfield Sports Complex | J13: Ouano Field | K13: 16055 Mason Rd | L13: Cypress | M13: TX | N13: 77433 | O13: harryshelton6@yahoo.com | Q13: Harry | R13: Shelton | S13: 5011 Brewcastle Lane | T13: Katy | U13: TX | V13: 77493 | X13: 407-963-6977 | AA13: 104 | AB13: 125 | AE13: Saturdays: Jan. 4, 11, 18, 25 | AF13: Noon-4:30pm | AI13: 139 | AJ13: =AI13+20 -> 159 | AK13: =AJ13+20 -> 179 | AM13: https://usbaseballacademy.com/cypress-baseball-camp/ | AO13: 57 | AP13: 46 | AR13: 108 | AS13: 93 | AW13: 117 | AX13: 104 | BE13: 123 | BF13: 117 | BM13: 122 | BN13: 114 | BS13: 109 | BT13: 109 | BW13: 102 | BX13: 102 | CA13: 102 | CB13: 102 | CE13: 102 | CF13: 102 | CI13: 102 | CJ13: 102 | CL13: 102 | CM13: 102 | CO13: 102 | CP13: 102
A14: A-NEW | E14: 60 | F14: 120 | G14: USBDFOR | I14: Forreston HS | K14: 601 E Main St | L14: Forreston | M14: IL | N14: 61030 | O14: mmcclellan@fvdistrict221.org | Q14: Mike | R14: McClellan | S14: 2526 Austin Place | T14: Beloit | U14: WI | V14: 53511 | X14: 608-289-7157 | AA14: 202 | AB14: 223 | AE14: Sundays: Feb. 2, 9, 16, 23 | AF14: Noon-4:30pm | AI14: 139 | AJ14: =AI14+20 -> 159 | AK14: =AJ14+20 -> 179 | AM14: https://usbaseballacademy.com/forreston-baseball-camp/ | AO14: 62 | AP14: 48 | AR14: 77 | AS14: 62 | AW14: 92 | AX14: 75 | BE14: 86 | BF14: 80 | BM14: 94 | BN14: 86 | BS14: 93 | BT14: 88 | BW14: 100 | BX14: 95 | CA14: 109 | CB14: 107 | CE14: 110 | CF14: 109 | CI14: 117 | CJ14: 117 | CL14: 120 | CM14: 120 | CO14: 120 | CP14: 120
A15: A-NEW | C15: X | E15: 52 | F15: 98 | G15: USBDGCU | I15: Georgian Court University | K15: 900 Lakewood Ave | L15: Lakewood | M15: NJ | N15: 8701 | O15: afreeman@georgian.edu | Q15: Arlan | R15: Freeman | S15: 181 Long Hill Rd Apt F5 | T15: Little Falls | U15: NJ | V15: O7424 | X15: 207-939-2867 | AA15: 111 | AB15: 208 | AE15: Saturdays: Jan. 11, 18; Feb. 1, 8 | AF15: 9am-1:30pm | AI15: 149 | AJ15: =AI15+20 -> 169 | AK15: =AJ15+20 -> 189 | AM15: https://usbaseballacademy.com/lakewood-baseball-camp-nj/ | AO15: 49 | AP15: 38 | AR15: 64 | AS15: 56 | AW15: 74 | AX15: 66 | BE15: 76 | BF15: 72 | BM15: 81 | BN15: 78 | BS15: 103 | BT15: 90 | BW15: 101 | BX15: 101 | CA15: 101 | CB15: 101 | CE15: 100 | CF15: 98 | CI15: 102 | CJ15: 98 | CL15: 98 | CM15: 98 | CO15: 98 | CP15: 98
A16: A-NEW | E16: 37 | F16: 72 | G16: USBDGCH | I16: Greeley Central HS | K16: 1515 14th Ave | L16: Greeley | M16: CO | N16: 80631 | O16: jrahn@greeleyschools.org | Q16: Josh | R16: Rahn | S16: 2105 74th Ave | T16: Greeley | U16: CO | V16: 80634 | X16: 708-337-3009 | AA16: 126 | AB16: 223 | AE16: Sundays: Jan. 26; Feb. 2, 16, 23 | AF16: Noon-4:30pm | AI16: 149 | AJ16: =AI16+20 -> 169 | AK16: =AJ16+20 -> 189 | AM16: https://usbaseballacademy.com/greeley-baseball-camp/ | AO16: 48 | AP16: 32 | AR16: 57 | AS16: 40 | AW16: 60 | AX16: 40 | BE16: 53 | BF16: 52 | BM16: 60 | BN16: 55 | BS16: 69 | BT16: 63 | BW16: 80 | BX16: 74 | CA16: 82 | CB16: 73 | CE16: 72 | CF16: 72 | CI16: 75 | CJ16: 72 | CL16: 72 | CM16: 72 | CO16: 72 | CP16: 72
A17: A-NEW | C17: X | E17: 68 | F17: 116 | G17: USBDHB | I17: Hilliard Bradley HS | K17: 2800 Walker Rd | L17: Hilliard | M17: OH | N17: 43026 | O17: david_starling@hboe.org | Q17: Dave | R17: Starling | S17: 7687 Godfrey Circle | T17: Reynoldsburg | U17: OH | V17: 43068 | X17: 614-563-4453 | AA17: 223 | AB17: 323 | AE17: Sundays: Feb. 23; Mar. 9, 16, 23 | AF17: 1pm-5:30pm | AI17: 139 | AJ17: =AI17+20 -> 159 | AK17: =AJ17+20 -> 179 | AM17: https://usbaseballacademy.com/hilliard-baseball-camp/ | AO17: 22 | AP17: 13 | AR17: 29 | AS17: 20 | AW17: 37 | AX17: 23 | BE17: 54 | BF17: 47 | BM17: 59 | BN17: 53 | BS17: 81 | BT17: 71 | BW17: 102 | BX17: 88 | CA17: 116 | CB17: 100 | CE17: 113 | CF17: 101 | CI17: 108 | CJ17: 103 | CL17: 108 | CM17: 106 | CO17: 116 | CP17: 116
A18: A-NEW | E18: 39 | F18: 74 | G18: USBDHC | I18: Hocking College | K18: 3301 Hocking Pkwy | L18: Nelsonville | M18: OH | N18: 45764 | O18: grovej@hocking.edu | Q18: Jared | R18: Grove | S18: 1064 Gertrude Avenue | T18: Logan | U18: OH | V18: 43138 | X18: 717-830-5496 | AA18: 112 | AB18: 209 | AE18: Sundays: Jan. 12, 19; Feb. 2, 9 | AF18: 1pm-5:30pm | AI18: 139 | AJ18: =AI18+20 -> 159 | AK18: =AJ18+20 -> 179 | AM18: https://usbaseballacademy.com/nelsonville-baseball-camp/ | AO18: 54 | AP18: 53 | AR18: 61 | AS18: 58 | AW18: 73 | AX18: 68 | BE18: 76 | BF18: 73 | BM18: 77 | BN18: 74 | BS18: 76 | BT18: 76 | BW18: 76 | BX18: 76 | CA18: 76 | CB18: 76 | CE18: 74 | CF18: 74 | CI18: 74 | CJ18: 74 | CL18: 74 | CM18: 74 | CO18: 74 | CP18: 74
A19: A-NEW | C19: X | E19: 41 | F19: 41 | G19: USBDIR | I19: Ironwood Ridge HS - WINTER BREAK | K19: 2475 W. Naranja Dr. | L19: Oro Valley | M19: AZ | N19: 85742 | O19: hitman44@hotmail.com | Q19: Chad | R19: Chop | S19: 1078 W Garden Grove Dr | T19: Oro Valley | U19: AZ | V19: 85755 | X19: 925-785-1736 | AA19: 27 | AB19: 30 | AE19: Fri.-Mon.: Dec. 27, 28, 29, 30 | AF19: 9am-3pm | AI19: 295 | AJ19: 0 | AK19: 0 | AM19: https://usbaseballacademy.com/winter-break-baseball-camp-in-oro-valley/ | AO19: 40 | AP19: 32 | AR19: 43 | AS19: 37 | AW19: 41 | AX19: 39 | BE19: 42 | BF19: 40 | BM19: 43 | BN19: 43 | BS19: 43 | BT19: 43 | BW19: 43 | BX19: 43 | CA19: 41 | CB19: 41 | CE19: 41 | CF19: 41 | CI19: 41 | CJ19: 41 | CL19: 41 | CM19: 41 | CO19: 41 | CP19: 41
A20: A-NEW | C20: X | E20: 23 | F20: 45 | G20: USBDJC | I20: Johnson County HS | J20: Pete Pavusek Memorial Stadium | K20: 290 Fairground Lane | L20: Mountain City | M20: TN | N20: 37683 | O20: premierpitchingplus@gmail.com | Q20: Nick | R20: Perkins | X20: 423-291-1701 | AA20: 125 | AB20: 215 | AE20: Saturdays: Jan. 25; Feb. 1, 8, 15 | AF20: 10am-2:30pm | AI20: 139 | AJ20: =AI20+20 -> 159 | AK20: =AJ20+20 -> 179 | AM20: https://usbaseballacademy.com/mountain-city-baseball-camp/ | AO20: 16 | AP20: 16 | AR20: 19 | AS20: 19 | AW20: 24 | AX20: 21 | BE20: 31 | BF20: 26 | BM20: 31 | BN20: 26 | BS20: 37 | BT20: 35 | BW20: 37 | BX20: 35 | CA20: 46 | CB20: 33 | CE20: 43 | CF20: 43 | CI20: 45 | CJ20: 45 | CL20: 45 | CM20: 45 | CO20: 45 | CP20: 45
A21: A-NEW | C21: X | E21: 49 | F21: 102 | G21: USBDLHS | I21: Lehman HS | K21: 1700 Lehman Rd | L21: Kyle | M21: TX | N21: 78640 | O21: Jacob.Kaase@hayscisd.net | Q21: Jacob | R21: Kaase | X21: 512-922-8841 | AA21: 112 | AB21: 202 | AE21: Sundays: Jan. 12, 19, 26; Feb. 2 | AF21: 1pm-5:30pm | AI21: 139 | AJ21: =AI21+20 -> 159 | AK21: =AJ21+20 -> 179 | AM21: https://usbaseballacademy.com/kyle-baseball-camp/ | AO21: 57 | AP21: 44 | AR21: 74 | AS21: 51 | AW21: 88 | AX21: 64 | BE21: 93 | BF21: 74 | BM21: 93 | BN21: 84 | BS21: 104 | BT21: 100 | BW21: 104 | BX21: 104 | CA21: 103 | CB21: 103 | CE21: 103 | CF21: 103 | CI21: 102 | CJ21: 102 | CL21: 102 | CM21: 102 | CO21: 102 | CP21: 102
A22: A-NEW | E22: 21 | F22: 47 | G22: USBDLIT | I22: Lithonia HS | K22: 2440 Phillips Rd | L22: Lithonia | M22: GA | N22: 30038 | O22: samuel_marion@dekalbschoolsga.org | Q22: Samuel | R22: Marion | X22: 404-908-6165 | AA22: 119 | AB22: 209 | AE22: Sundays: Jan. 19, 26; Feb. 2, 9 | AF22: 9am-1:30pm | AI22: 139 | AJ22: =AI22+20 -> 159 | AK22: =AJ22+20 -> 179 | AM22: https://usbaseballacademy.com/lithonia-baseball-camp/ | AO22: 18 | AP22: 16 | AR22: 20 | AS22: 18 | AW22: 26 | AX22: 23 | BE22: 34 | BF22: 26 | BM22: 41 | BN22: 30 | BS22: 57 | BT22: 39 | BW22: 59 | BX22: 42 | CA22: 48 | CB22: 45 | CE22: 48 | CF22: 45 | CI22: 48 | CJ22: 45 | CL22: 47 | CM22: 44 | CO22: 47 | CP22: 44
A23: A-NEW | C23: X | E23: 39 | F23: 83 | G23: USBDMJ | I23: Madison St. Joe HS | K23: 308 New Mannsdale Rd | L23: Madison | M23: MS | N23: 39110 | O23: cha100@madison-schools.com | Q23: Eddie | R23: Easley | S23: 113 Palin Dr | T23: Madison | U23: MS | V23: 39110 | X23: 601-606-0377 | AA23: 104 | AB23: 125 | AE23: Saturdays: Jan. 4, 11, 18, 25 | AF23: 1pm-5:30pm | AI23: 139 | AJ23: =AI23+20 -> 159 | AK23: =AJ23+20 -> 179 | AM23: https://usbaseballacademy.com/madison-ms-baseball-camp/ | AO23: 63 | AP23: 48 | AR23: 67 | AS23: 59 | AW23: 71 | AX23: 66 | BE23: 68 | BF23: 66 | BM23: 75 | BN23: 73 | BS23: 81 | BT23: 78 | BW23: 83 | BX23: 78 | CA23: 83 | CB23: 78 | CE23: 83 | CF23: 78 | CI23: 83 | CJ23: 78 | CL23: 83 | CM23: 78 | CO23: 83 | CP23: 78
A24: A-NEW | E24: 40 | F24: 67 | G24: USBDMAT | I24: Mattawan HS | K24: 56720 Murray St | L24: Mattawan | M24: MI | N24: 49071 | O24: brv02@aol.com | Q24: Brett | R24: Vaughn | S24: 8340 Logan Bay | T24: Kalamazoo | U24: MI | V24: 49009 | X24: 616-648-2761 | AA24: 126 | AB24: 216 | AE24: Sundays: Jan. 26; Feb. 2, 9, 16 | AF24: 9am-1:30pm | AI24: 139 | AJ24: =AI24+20 -> 159 | AK24: =AJ24+20 -> 179 | AM24: https://usbaseballacademy.com/mattawan-baseball-camp/ | AO24: 20 | AP24: 16 | AR24: 34 | AS24: 30 | AW24: 40 | AX24: 39 | BE24: 46 | BF24: 43 | BM24: 47 | BN24: 44 | BS24: 66 | BT24: 62 | BW24: 71 | BX24: 66 | CA24: 77 | CB24: 69 | CE24: 69 | CF24: 69 | CI24: 67 | CJ24: 67 | CL24: 67 | CM24: 67 | CO24: 67 | CP24: 67
A25: A-NEW | E25: 73 | F25: 140 | G25: USBDMT | I25: Morgan Township HS | K25: 299 S State Road 49 | L25: Valparaiso | M25: IN | N25: 46383 | O25: john.smith@eastporter.k12.in.us | Q25: John | R25: Smith | X25: 812-798-5663 | AA25: 201 | AB25: 222 | AE25: Saturdays: Feb. 1, 8, 15, 22 | AF25: 12:30pm-5pm | AI25: 139 | AJ25: =AI25+20 -> 159 | AK25: =AJ25+20 -> 179 | AM25: https://usbaseballacademy.com/valparaiso-baseball-camp/ | AO25: 6 | AP25: 6 | AR25: 16 | AS25: 15 | AW25: 34 | AX25: 31 | BE25: 59 | BF25: 48 | BM25: 78 | BN25: 71 | BS25: 104 | BT25: 91 | BW25: 119 | BX25: 109 | CA25: 129 | CB25: 121 | CE25: 145 | CF25: 133 | CI25: 140 | CJ25: 140 | CL25: 140 | CM25: 140 | CO25: 140 | CP25: 140
A26: A-NEW | E26: 47 | F26: 77 | G26: USBDMSC | I26: Mount Saint Charles Academy | K26: 800 Logee St | L26: Woonsocket | M26: RI | N26: 2895 | O26: liasui@mtstcharles.org | Q26: Idris | R26: Liasu | X26: 401-419-6985 | AA26: 202 | AB26: 223 | AE26: Sundays: Feb. 2, 9, 16, 23 | AF26: 1pm-5:30pm | AI26: 149 | AJ26: =AI26+20 -> 169 | AK26: =AJ26+20 -> 189 | AM26: https://usbaseballacademy.com/woonsocket-baseball-camp/ | AO26: 0 | AP26: 0 | AR26: 4 | AS26: 2 | AW26: 22 | AX26: 13 | BE26: 31 | BF26: 20 | BM26: 32 | BN26: 25 | BS26: 56 | BT26: 54 | BW26: 69 | BX26: 67 | CA26: 73 | CB26: 70 | CE26: 78 | CF26: 74 | CI26: 79 | CJ26: 79 | CL26: 79 | CM26: 79 | CO26: 77 | CP26: 77
A27: A-NEW | C27: X | E27: 11 | F27: 20 | G27: USBDBTW | I27: Norview HS | K27: 6501 Chesapeake Blvd | L27: Norfolk | M27: VA | N27: 23518 | O27: berryt1978@gmail.com | Q27: Thad | R27: Berry | S27: 8447 Chesapeake Blvd | T27: Norfolk | U27: VA | V27: 23518 | X27: 859-285-7731 | AA27: 301 | AB27: 322 | AE27: Saturdays: Mar. 1, 8, 15, 22 | AF27: 9am-1:30pm | AI27: 139 | AJ27: =AI27+20 -> 159 | AK27: =AJ27+20 -> 179 | AM27: https://usbaseballacademy.com/norfolk-baseball-camp/ | BM27: 0 | BN27: 0 | BS27: 2 | BT27: 2 | BW27: 6 | BX27: 4 | CA27: 18 | CB27: 9 | CE27: 21 | CF27: 16 | CI27: 18 | CJ27: 16 | CL27: 19 | CM27: 17 | CO27: 22 | CP27: 20
A28: A-NEW | E28: 41 | F28: 79 | G28: USBDPAC | I28: Pacific University | J28: Stoller Athletic Center | K28: 2331 Main St. | L28: Forest Grove | M28: OR | N28: 97116 | O28: upwoodjd@pacificu.edu | Q28: Jake | R28: Upwood | X28: 315-530-2631 | AA28: 119 | AB28: 209 | AE28: Sundays: Jan. 19, 26; Feb. 2, 9 | AF28: 9am-1:30pm | AI28: 139 | AJ28: =AI28+20 -> 159 | AK28: =AJ28+20 -> 179 | AM28: https://usbaseballacademy.com/forest-grove-baseball-camp/ | AO28: 37 | AP28: 34 | AR28: 48 | AS28: 43 | AW28: 50 | AX28: 49 | BE28: 51 | BF28: 50 | BM28: 53 | BN28: 53 | BS28: 61 | BT28: 60 | BW28: 65 | BX28: 64 | CA28: 80 | CB28: 79 | CE28: 79 | CF28: 79 | CI28: 79 | CJ28: 79 | CL28: 79 | CM28: 79 | CO28: 79 | CP28: 79
A29: A-NEW | E29: 30 | F29: 58 | G29: USBDPSE | I29: Percy Sutton Educational Complex | K29: 6 Edgecombe Ave FL 4 | L29: New York | M29: NY | N29: 10030 | O29: jcollins8@schools.nyc.gov | Q29: Jermel | R29: Collins | S29: 75-34 Bell Blvd. Apt LE | T29: Oakland Gardens | U29: NY | V29: 11364 | X29: 347-754-0917 | AA29: 111 | AB29: 201 | AE29: Saturdays: Jan. 11, 18, 25; Feb. 1 | AF29: 9am-1:30pm | AI29: 139 | AJ29: =AI29+20 -> 159 | AK29: =AJ29+20 -> 179 | AM29: https://usbaseballacademy.com/new-york-baseball-camp/ | AO29: 40 | AP29: 35 | AR29: 48 | AS29: 37 | AW29: 56 | AX29: 41 | BE29: 54 | BF29: 45 | BM29: 54 | BN29: 46 | BS29: 74 | BT29: 60 | BW29: 58 | BX29: 58 | CA29: 58 | CB29: 58 | CE29: 58 | CF29: 58 | CI29: 58 | CJ29: 58 | CL29: 58 | CM29: 58 | CO29: 58 | CP29: 58
A30: A-NEW | E30: 88 | F30: 170 | G30: USBDPS | I30: Plainfield East HS | K30: 12001 Napersville Rd | L30: Plainfield | M30: IL | N30: 60585 | O30: aoreel@psd202.org | Q30: Adam | R30: O'Reel | S30: 24620 W Harvester Dr | T30: Plainfield | U30: IL | V30: 60544 | X30: 815-557-3564 | AA30: 202 | AB30: 223 | AE30: Sundays: Feb. 2, 9, 16, 23 | AF30: 9am-1:30pm | AI30: 149 | AJ30: =AI30+20 -> 169 | AK30: =AJ30+20 -> 189 | AM30: https://usbaseballacademy.com/plainfield-baseball-camp/ | AO30: 102 | AP30: 93 | AR30: 115 | AS30: 106 | AW30: 152 | AX30: 132 | BE30: 147 | BF30: 137 | BM30: 153 | BN30: 143 | BS30: 156 | BT30: 151 | BW30: 160 | BX30: 153 | CA30: 166 | CB30: 161 | CE30: 168 | CF30: 166 | CI30: 170 | CJ30: 170 | CL30: 170 | CM30: 170 | CO30: 170 | CP30: 170
A31: A-NEW | E31: 62 | F31: 102 | G31: USBDSVP | I31: Saint Vincent Pallotti HS | K31: 113 Saint Marys Pl | L31: Laurel | M31: MD | N31: 20707 | O31: thorobreedworkouts@gmail.com | Q31: Derek | R31: Dixon | X31: 410-946-7730 | AA31: 202 | AB31: 223 | AE31: Sundays: Feb. 2, 9, 16, 23 | AF31: Noon-4:30pm | AI31: 149 | AJ31: 169 | AK31: 189 | AM31: https://usbaseballacademy.com/laurel-baseball-camp/ | AO31: 4 | AP31: 4 | AR31: 6 | AS31: 4 | AW31: 29 | AX31: 15 | BE31: 29 | BF31: 16 | BM31: 39 | BN31: 28 | BS31: 48 | BT31: 41 | BW31: 67 | BX31: 58 | CA31: 105 | CB31: 92 | CE31: 111 | CF31: 96 | CI31: 101 | CJ31: 101 | CL31: 102 | CM31: 102 | CO31: 102 | CP31: 102
A32: A-NEW | C32: X | E32: 91 | F32: 190 | G32: USBDSAN | I32: Sandia HS | K32: 7801 Candelaria Rd NE | L32: Albuquerque | M32: NM | N32: 87110 | O32: marc.hilton@aps.edu / giantsm@aol.com | Q32: Marc | R32: Hilton | X32: 505-907-9826 | AA32: 126 | AB32: 216 | AE32: Sundays: Jan. 26; Feb. 2, 9, 16 | AF32: 10am-2:30pm | AI32: 139 | AJ32: =AI32+20 -> 159 | AK32: =AJ32+20 -> 179 | AM32: https://usbaseballacademy.com/albuquerque-baseball-camp/ | AO32: 134 | AP32: 109 | AR32: 139 | AS32: 122 | AW32: 151 | AX32: 135 | BE32: 144 | BF32: 140 | BM32: 149 | BN32: 147 | BS32: 178 | BT32: 173 | BW32: 192 | BX32: 184 | CA32: 201 | CB32: 191 | CE32: 191 | CF32: 191 | CI32: 190 | CJ32: 190 | CL32: 190 | CM32: 190 | CO32: 190 | CP32: 190
A33: A-NEW | E33: 88 | F33: 155 | G33: USBDSFO | I33: St. Francis HS (OH) | K33: 2323 W. Bancroft St. | L33: Toledo | M33: OH | N33: 43607 | O33: redgell@sfsknights.org | Q33: Bobby | R33: Edgell | S33: 2421 Cheltenham | T33: Toledo | U33: OH | V33: 43606 | X33: 419-290-1413 | AA33: 119 | AB33: 216 | AE33: Sundays: Jan. 19; Feb. 2, 9, 16 | AF33: Noon-4:30pm | AI33: 139 | AJ33: =AI33+20 -> 159 | AK33: =AJ33+20 -> 179 | AM33: https://usbaseballacademy.com/toledo-baseball-camp/ | AO33: 95 | AP33: 69 | AR33: 101 | AS33: 83 | AW33: 107 | AX33: 86 | BE33: 102 | BF33: 94 | BM33: 105 | BN33: 100 | BS33: 134 | BT33: 121 | BW33: 161 | BX33: 140 | CA33: 154 | CB33: 154 | CE33: 155 | CF33: 155 | CI33: 155 | CJ33: 155 | CL33: 155 | CM33: 155 | CO33: 155 | CP33: 155
A34: A-NEW | E34: 20 | F34: 42 | G34: USBDSM | I34: Sunrise Mountain HS | K34: 2575 Los Feliz St. | L34: Las Vegas | M34: NV | N34: 89156 | O34: hoskibc@nv.ccsd.net | Q34: Brady | R34: Hoskins | S34: 9772 Alpine Style Dr | T34: Las Vegas | U34: NV | V34: 89166 | X34: 702-461-3088 | AA34: 104 | AB34: 125 | AE34: Saturdays: Jan. 4, 11, 18, 25 | AF34: 9am-1:30pm | AI34: 139 | AJ34: =AI34+20 -> 159 | AK34: =AJ34+20 -> 179 | AM34: https://usbaseballacademy.com/las-vegas-baseball-camp/ | AO34: 30 | AP34: 22 | AR34: 39 | AS34: 26 | AW34: 42 | AX34: 25 | BE34: 41 | BF34: 28 | BM34: 38 | BN34: 32 | BS34: 44 | BT34: 42 | BW34: 44 | BX34: 44 | CA34: 44 | CB34: 44 | CE34: 44 | CF34: 44 | CI34: 42 | CJ34: 42 | CL34: 42 | CM34: 42 | CO34: 42 | CP34: 42
A35: A-NEW | C35: X | E35: 49 | F35: 97 | G35: USBDSNY | I35: SUNY-Canton | K35: 34 Cornell Dr | L35: Canton | M35: NY | N35: 13617 | O35: stevensr@canton.edu | Q35: Ryan | R35: Stevens | X35: 607-339-1876 | AA35: 126 | AB35: 216 | AE35: Sundays: Jan. 26; Feb. 2, 9, 16 | AF35: 10am-2:30pm | AI35: 139 | AJ35: 159 | AK35: 179 | AM35: https://usbaseballacademy.com/canton-baseball-camp/ | AR35: 0 | AS35: 0 | AW35: 38 | AX35: 29 | BE35: 60 | BF35: 46 | BM35: 62 | BN35: 48 | BS35: 74 | BT35: 59 | BW35: 81 | BX35: 66 | CA35: 93 | CB35: 84 | CE35: 98 | CF35: 94 | CI35: 96 | CJ35: 96 | CL35: 97 | CM35: 97 | CO35: 97 | CP35: 97
A36: A-NEW | E36: 47 | F36: 92 | G36: USBDTWS | I36: The Walker School | K36: 700 Cobb Pkwy N | L36: Marietta | M36: GA | N36: 30062 | O36: baseball@thewalkerschool.org | Q36: Demetrius | R36: Banks | S36: 546 Oak Dr | T36: Hapeville | U36: GA | V36: 30354 | X36: 404-488-1932 | AA36: 118 | AB36: 208 | AE36: Saturdays: Jan. 18, 25; Feb. 1, 8 | AF36: Noon-4:30pm | AI36: 139 | AJ36: =AI36+20 -> 159 | AK36: =AJ36+20 -> 179 | AM36: https://usbaseballacademy.com/marietta-baseball-camp-the-walker-school/ | AO36: 32 | AP36: 28 | AR36: 37 | AS36: 32 | AW36: 48 | AX36: 42 | BE36: 47 | BF36: 40 | BM36: 46 | BN36: 42 | BS36: 66 | BT36: 54 | BW36: 69 | BX36: 62 | CA36: 72 | CB36: 68 | CE36: 75 | CF36: 75 | CI36: 78 | CJ36: 78 | CL36: 78 | CM36: 78 | CO36: 78 | CP36: 78
A37: A-NEW | C37: X | E37: 83 | F37: 149 | G37: USBDUBM | I37: USBA Bloomington | J37: MSA Batting Cages | K37: 2020 W. 98th St | L37: Bloomington | M37: MN | N37: 55431 | O37: timerickson5@gmail.com | Q37: Tim | R37: Erickson | S37: 5325 Woodlawn Blvd | T37: Minneapolis | U37: MN | V37: 55417 | X37: 952-451-2273 | AA37: 202 | AB37: 223 | AE37: Sundays: Feb. 2, 9, 16, 23 | AF37: Noon-4:30pm | AI37: 149 | AJ37: =AI37+20 -> 169 | AK37: =AJ37+20 -> 189 | AM37: https://usbaseballacademy.com/bloomington-baseball-camp/ | AO37: 90 | AP37: 88 | AR37: 110 | AS37: 107 | AW37: 126 | AX37: 123 | BE37: 142 | BF37: 137 | BM37: 143 | BN37: 138 | BS37: 166 | BT37: 155 | BW37: 175 | BX37: 165 | CA37: 166 | CB37: 165 | CE37: 166 | CF37: 165 | CI37: 151 | CJ37: 151 | CL37: 149 | CM37: 149 | CO37: 149 | CP37: 149
A38: A-NEW | E38: 39 | F38: 78 | G38: USBDDP | I38: USBA Davenport | J38: ` | K38: 4525 County Road 547 N | L38: Davenport | M38: FL | N38: 33837 | O38: troy.stevens@polk-fl.net | Q38: Troy | R38: Stevens | X38: 303-910-1832 | AA38: 112 | AB38: 202 | AE38: Sundays: Jan. 12, 19, 26; Feb. 2 | AF38: Noon-4:30pm | AI38: 139 | AJ38: =AI38+20 -> 159 | AK38: =AJ38+20 -> 179 | AM38: https://usbaseballacademy.com/davenport-baseball-camp/ | AO38: 49 | AP38: 47 | AR38: 59 | AS38: 55 | AW38: 69 | AX38: 64 | BE38: 69 | BF38: 66 | BM38: 77 | BN38: 69 | BS38: 82 | BT38: 77 | BW38: 82 | BX38: 82 | CA38: 80 | CB38: 78 | CE38: 80 | CF38: 78 | CI38: 80 | CJ38: 78 | CL38: 78 | CM38: 78 | CO38: 78 | CP38: 78
A39: A-NEW | E39: 16 | F39: 16 | G39: USBDKH | I39: USBA Kuna - WINTER BREAK | J39: Diamond Development Center | K39: 11199 W Silver Hawk Lane | L39: Kuna | M39: ID | N39: 83634 | O39: dgbouvier@kunaschools.org | Q39: Dominic | R39: Bouvier | X39: 208-899-1080 | AA39: 27 | AB39: 30 | AE39: Fri.-Mon.: Dec. 27, 28, 29, 30 | AF39: 9am-3pm | AI39: 295 | AJ39: 0 | AK39: 0 | AM39: https://usbaseballacademy.com/kuna-baseball-camp/ | AO39: 9 | AP39: 9 | AR39: 9 | AS39: 9 | AW39: 13 | AX39: 12 | BE39: 17 | BF39: 16 | BM39: 16 | BN39: 16 | BS39: 16 | BT39: 16 | BW39: 16 | BX39: 16 | CA39: 16 | CB39: 16 | CE39: 16 | CF39: 16 | CI39: 16 | CJ39: 16 | CL39: 16 | CM39: 16 | CO39: 16 | CP39: 16
A40: A-NEW | E40: 12 | F40: 25 | G40: USBDTB2 | I40: USBA Nashville (February Sessions) | J40: Lead Off Baseball Academy | K40: 6910 Stroop Lane | L40: Smyrna | M40: TN | N40: 37167 | O40: michaelrosati77@gmail.com | Q40: Michael | R40: Rosati | S40: 413 Plantation Blvd | T40: Lebanon | U40: TN | V40: 37130 | X40: 661-755-4560 | AA40: 201 | AB40: 222 | AE40: Saturdays: Feb. 1, 8, 15, 22 | AF40: 9am-1:30pm | AI40: 139 | AJ40: 159 | AK40: 179 | AM40: https://usbaseballacademy.com/nashville-mt-juliet-baseball-camp/ | AO40: 19 | AP40: 8 | AR40: 13 | AS40: 8 | AW40: 14 | AX40: 11 | BE40: 11 | BF40: 11 | BM40: 11 | BN40: 11 | BS40: 23 | BT40: 14 | BW40: 28 | BX40: 16 | CA40: 37 | CB40: 23 | CE40: 37 | CF40: 26 | CI40: 25 | CJ40: 25 | CL40: 25 | CM40: 25 | CO40: 25 | CP40: 25
A41: A-NEW | C41: X | E41: 23 | F41: 46 | G41: USBDTB1 | I41: USBA Nashville (January Sessions) | J41: Lead Off Baseball Academy | K41: 6910 Stroop Lane | L41: Smyrna | M41: TN | N41: 37167 | O41: michaelrosati77@gmail.com | Q41: Michael | R41: Rosati | S41: 413 Plantation Blvd | T41: Lebanon | U41: TN | V41: 37130 | X41: 661-755-4560 | AA41: 104 | AB41: 125 | AE41: Saturdays: Jan. 4, 11, 18, 25 | AF41: 9am-1:30pm | AI41: 139 | AJ41: 159 | AK41: 179 | AM41: https://usbaseballacademy.com/nashville-mt-juliet-baseball-camp/ | AO41: 37 | AP41: 27 | AR41: 44 | AS41: 36 | AW41: 47 | AX41: 43 | BE41: 48 | BF41: 41 | BM41: 48 | BN41: 41 | BS41: 48 | BT41: 48 | BW41: 48 | BX41: 48 | CA41: 48 | CB41: 48 | CE41: 46 | CF41: 46 | CI41: 46 | CJ41: 46 | CL41: 46 | CM41: 46 | CO41: 46 | CP41: 46
A42: A-NEW | E42: 31 | F42: 66 | G42: USBDSTC | I42: USBA St. Charles | J42: The Coliseum | K42: 5850 SR-N | L42: Cottleville | M42: MO | N42: 63304 | O42: owner.innerg@gmail.com | Q42: Gerrion | R42: Grim | X42: 636-577-1933 | AA42: 315 | AB42: 405 | AE42: Saturdays: Mar. 15, 22, 29; Apr. 5 | AF42: Noon-4:30pm | AI42: 139 | AJ42: 159 | AK42: 179 | AM42: https://usbaseballacademy.com/cottleville-baseball-camp/ | AO42: 29 | AP42: 25 | AR42: 33 | AS42: 27 | AW42: 43 | AX42: 30 | BE42: 41 | BF42: 33 | BM42: 41 | BN42: 33 | BS42: 40 | BT42: 39 | BW42: 40 | BX42: 40 | CA42: 42 | CB42: 41 | CE42: 46 | CF42: 45 | CI42: 55 | CJ42: 51 | CL42: 58 | CM42: 53 | CO42: 61 | CP42: 53
A43: A-NEW | E43: 35 | F43: 70 | G43: USBDFBA | I43: USBA Uniontown | J43: Fayette Ball Academy | K43: 135 Oliver Blvd Rd | L43: Uniontown | M43: PA | N43: 15401 | O43: ezr239@psu.edu | Q43: Ryan | R43: Encapera | S43: 2018 Broadway Ave | T43: Pittsburgh | U43: PA | V43: 15216 | X43: 412-596-3515 | AA43: 118 | AB43: 208 | AE43: Saturdays: Jan. 18, 25; Feb. 1, 8 | AF43: 9am-1:30pm | AI43: 139 | AJ43: 159 | AK43: 179 | AM43: https://usbaseballacademy.com/uniontown-baseball-camp/ | AO43: 43 | AP43: 26 | AR43: 51 | AS43: 30 | AW43: 74 | AX43: 45 | BE43: 70 | BF43: 51 | BM43: 64 | BN43: 55 | BS43: 65 | BT43: 59 | BW43: 71 | BX43: 62 | CA43: 69 | CB43: 69 | CE43: 70 | CF43: 70 | CI43: 70 | CJ43: 70 | CL43: 70 | CM43: 70 | CO43: 70 | CP43: 70
A44: A-NEW | E44: 23 | F44: 45 | G44: USBDWSH | I44: Washington HS | K44: 4747 W. Washington St. | L44: South Bend | M44: IN | N44: 46619 | O44: lhammond@sbcsc.k12.in.us | Q44: Laurence | R44: Hammond | X44: 302-363-0213 | AA44: 118 | AB44: 222 | AE44: Saturdays: Jan. 18, 25; Feb. 15, 22 | AF44: 9am-1:30pm | AI44: 139 | AJ44: 159 | AK44: 179 | AM44: https://usbaseballacademy.com/south-bend-baseball-camp/ | AO44: 24 | AP44: 18 | AR44: 32 | AS44: 23 | AW44: 37 | AX44: 29 | BE44: 34 | BF44: 29 | BM44: 33 | BN44: 31 | BS44: 40 | BT44: 38 | BW44: 51 | BX44: 40 | CA44: 47 | CB44: 47 | CE44: 45 | CF44: 45 | CI44: 45 | CJ44: 45 | CL44: 45 | CM44: 45 | CO44: 45 | CP44: 45
A45: A-NEW | E45: 33 | F45: 64 | G45: USBDWBT | I45: World Baseball Academy | K45: 29327 South Plum Creek | L45: Spring | M45: TX | N45: 77386 | O45: harryshelton6@yahoo.com | Q45: Harry | R45: Shelton | S45: 5011 Brewcastle Lane | T45: Katy | U45: TX | V45: 77493 | X45: 407-963-6977 | AA45: 105 | AB45: 126 | AE45: Sundays: Jan. 5, 12, 19, 26 | AF45: Noon-4:30pm | AI45: 139 | AJ45: 159 | AK45: 179 | AM45: https://usbaseballacademy.com/spring-baseball-camp/ | AO45: 54 | AP45: 38 | AR45: 53 | AS45: 46 | AW45: 53 | AX45: 50 | BE45: 52 | BF45: 51 | BM45: 54 | BN45: 53 | BS45: 64 | BT45: 64 | BW45: 64 | BX45: 64 | CA45: 64 | CB45: 64 | CE45: 64 | CF45: 64 | CI45: 64 | CJ45: 64 | CL45: 64 | CM45: 64 | CO45: 64 | CP45: 64
A46: A-NEW | E46: 33 | F46: 64 | G46: USBDYK | I46: York HS | K46: 9300 George Washington Mem Hwy | L46: Yorktown | M46: VA | N46: 23692 | O46: nham@ycsd.york.va.us | Q46: Nick | R46: Ham | X46: 757-968-9131 | AA46: 223 | AB46: 316 | AE46: Sundays: Feb. 23; Mar. 2, 9, 16 | AF46: Noon-4:30pm | AI46: 139 | AJ46: 159 | AK46: 179 | AM46: https://usbaseballacademy.com/yorktown-baseball-camp/ | BM46: 2 | BN46: 2 | BS46: 8 | BT46: 3 | BW46: 16 | BX46: 13 | CA46: 20 | CB46: 15 | CE46: 17 | CF46: 15 | CI46: 29 | CJ46: 24 | CL46: 74 | CM46: 61 | CO46: 75 | CP46: 61
A47: B-RET | C47: X | D47: 133 | G47: USBDROS | I47: 2SP Sports Performance | K47: 29235 Stephenson Hwy | L47: Madison Heights | M47: MI | N47: 48071 | O47: metrodetroitbaseball@gmail.com | Q47: Tim | R47: McEvoy | S47: 203 Dewey St. | T47: Royal Oak | U47: MI | V47: 48067 | X47: 313-378-8457 | Z47: X | AA47: 405 | AB47: 426 | AE47: Saturdays: Apr. 5, 12, 19, 26 | AF47: 10:30am-3pm | AG47: X | AI47: 139 | AJ47: 159 | AK47: 179 | AM47: https://usbaseballacademy.com/detroit-waterford-township-baseball-camp/ | AN47: X | AO47: 16 | AP47: 16 | AQ47: X | AR47: 19 | AS47: 17 | AT47: X | AU47: 32 | AV47: X | AW47: 19 | AX47: 19 | AY47: X | AZ47: -13 | BA47: -0.4063 | BB47: X | BC47: 64 | BD47: X | BE47: 22 | BF47: 19 | BG47: X | BH47: -45 | BI47: -0.7031 | BJ47: X | BK47: 69 | BL47: X | BM47: 24 | BN47: 21 | BP47: X | BQ47: 79 | BR47: X | BS47: 34 | BT47: 25 | BU47: X | BV47: 97 | BW47: 38 | BX47: 27 | BY47: X | CA47: 56 | CB47: 40 | CC47: X | CE47: 58 | CF47: 47 | CG47: X | CI47: 61 | CJ47: 50 | CK47: X | CL47: 59 | CM47: 54 | CO47: 58 | CP47: 58
A48: B-RET | D48: 166 | G48: USBDAC | I48: Adrian College | K48: 110 South Madison St | L48: Adrian | M48: MI | N48: 49221 | O48: crainey@adrian.edu | Q48: Craig | R48: Rainey | S48: 770 Lakeshire Trail 201W | T48: Adrian | U48: MI | V48: 49221 | X48: 517-902-1986 | Y48: 517-264-3977 | Z48: X | AA48: 112 | AB48: 202 | AE48: Sundays: Jan. 12, 19, 26; Feb. 2 | AF48: 10am-2:30pm | AG48: X | AI48: 139 | AJ48: =AI48+20 -> 159 | AK48: =AJ48+20 -> 179 | AM48: https://usbaseballacademy.com/adrian-baseball-camp/ | AN48: X | AO48: 44 | AP48: 38 | AQ48: X | AR48: 62 | AS48: 49 | AT48: X | AU48: 55 | AV48: X | AW48: 81 | AX48: 65 | AY48: X | AZ48: 10 | BA48: 0.1818 | BB48: X | BC48: 135 | BD48: X | BE48: 98 | BF48: 84 | BG48: X | BH48: -51 | BI48: -0.3778 | BJ48: X | BK48: 140 | BL48: X | BM48: 98 | BN48: 86 | BP48: X | BQ48: 147 | BR48: X | BS48: 93 | BT48: 89 | BU48: X | BV48: 163 | BW48: 94 | BX48: 94 | BY48: X | BZ48: 166 | CA48: 94 | CB48: 94 | CC48: X | CE48: 94 | CF48: 94 | CG48: X | CI48: 94 | CJ48: 94 | CK48: X | CL48: 94 | CM48: 94 | CO48: 94 | CP48: 94
A49: B-RET | C49: X | D49: 81 | G49: USBDAI | I49: Alameda International HS | K49: 1255 S. Wadsworth Blvd. | L49: Lakewood | M49: CO | N49: 80232 | O49: tom.dillingham@outlook.com | Q49: Tom | R49: Dillingham | S49: 8102 W 22nd Way | T49: Lakewood | U49: CO | V49: 80214 | X49: 720-480-8955 | Z49: X | AA49: 125 | AB49: 222 | AE49: Saturdays: Jan. 25; Feb. 1, 15, 22 | AF49: 9am-1:30pm | AG49: X | AI49: 149 | AJ49: =AI49+20 -> 169 | AK49: =AJ49+20 -> 189 | AM49: https://usbaseballacademy.com/lakewood-baseball-camp/ | AN49: X | AO49: 31 | AP49: 29 | AQ49: X | AR49: 33 | AS49: 31 | AT49: X | AV49: X | AW49: 33 | AX49: 33 | AY49: X | AZ49: 33 | BA49: #DIV/0! | BB49: X | BD49: X | BE49: 33 | BF49: 33 | BG49: X | BH49: 33 | BI49: #DIV/0! | BJ49: X | BK49: 56 | BL49: X | BM49: 33 | BN49: 33 | BP49: X | BQ49: 63 | BR49: X | BS49: 40 | BT49: 36 | BU49: X | BV49: 66 | BW49: 41 | BX49: 37 | BY49: X | BZ49: 67 | CA49: 54 | CB49: 45 | CC49: X | CE49: 51 | CF49: 51 | CG49: X | CI49: 51 | CJ49: 51 | CK49: X | CL49: 51 | CM49: 51 | CO49: 51 | CP49: 51
A50: B-RET | D50: 123 | G50: USBDAT | I50: Alexandria Technical CC | J50: NorthStar Sports Complex | K50: 3888 Pioneer Road SE | L50: Alexandria | M50: MN | N50: 56308 | O50: jason.fischer@alextech.edu | Q50: Jason | R50: Fischer | S50: 1417 Lavender Ave S | T50: Sartell | U50: MN | V50: 56377 | X50: 320-282-8683 | Z50: X | AA50: 118 | AB50: 208 | AE50: Saturdays: Jan. 18, 25; Feb. 1, 8 | AF50: 12:30pm-5pm | AG50: X | AI50: 139 | AJ50: =AI50+20 -> 159 | AK50: =AJ50+20 -> 179 | AM50: https://usbaseballacademy.com/alexandria-baseball-camp/ | AN50: X | AO50: 57 | AP50: 56 | AQ50: X | AR50: 68 | AS50: 65 | AT50: X | AU50: 42 | AV50: X | AW50: 75 | AX50: 71 | AY50: X | AZ50: 29 | BA50: 0.6905 | BB50: X | BC50: 92 | BD50: X | BE50: 75 | BF50: 71 | BG50: X | BH50: -21 | BI50: -0.2283 | BJ50: X | BK50: 97 | BL50: X | BM50: 84 | BN50: 79 | BP50: X | BQ50: 106 | BR50: X | BS50: 90 | BT50: 87 | BU50: X | BV50: 118 | BW50: 94 | BX50: 90 | BY50: X | BZ50: 123 | CA50: 101 | CB50: 100 | CC50: X | CE50: 99 | CF50: 99 | CG50: X | CI50: 99 | CJ50: 99 | CK50: X | CL50: 99 | CM50: 99 | CO50: 99 | CP50: 99
A51: B-RET | C51: X | D51: 67 | G51: USBDALL | I51: Alliance HS | K51: 400 Glamorgan St. | L51: Alliance | M51: OH | N51: 44601 | O51: grafficeje@alliancecityschools.org | Q51: Jeff | R51: Graffice | S51: 1540 Northwood Ave | T51: Alliance | U51: OH | V51: 44601 | X51: 330-581-3361 | Z51: X | AA51: 202 | AB51: 223 | AE51: Sundays: Feb. 2, 9, 16, 23 | AF51: Noon-4:30pm | AG51: X | AI51: 139 | AJ51: =AI51+20 -> 159 | AK51: =AJ51+20 -> 179 | AM51: https://usbaseballacademy.com/alliance-baseball-camp/ | AN51: X | AO51: 46 | AP51: 31 | AQ51: X | AR51: 50 | AS51: 33 | AT51: X | AU51: 11 | AV51: X | AW51: 59 | AX51: 41 | AY51: X | AZ51: 30 | BA51: 2.7273 | BB51: X | BC51: 27 | BD51: X | BE51: 54 | BF51: 47 | BG51: X | BH51: 20 | BI51: 0.7407 | BJ51: X | BK51: 27 | BL51: X | BM51: 60 | BN51: 51 | BP51: X | BQ51: 38 | BR51: X | BS51: 76 | BT51: 72 | BU51: X | BV51: 45 | BW51: 84 | BX51: 81 | BY51: X | BZ51: 53 | CA51: 97 | CB51: 88 | CC51: X | CE51: 146 | CF51: 141 | CG51: X | CI51: 159 | CJ51: 159 | CK51: X | CL51: 159 | CM51: 159 | CO51: 159 | CP51: 159
A52: B-RET | C52: X | D52: 72 | G52: USBDAND | I52: Anderson County HS | K52: 1 Bearcat Dr | L52: Lawrenceburg | M52: KY | N52: 40342 | O52: l.barnes@anderson.kyschools.us | Q52: LW | R52: Barnes | S52: 1508 Ruddy Rd | T52: Lawrenceburg | U52: KY | V52: 40342 | X52: 502-664-7540 | Z52: X | AA52: 105 | AB52: 126 | AE52: Sundays: Jan. 5, 12, 19, 26 | AF52: 2pm-6:30pm | AG52: X | AI52: 139 | AJ52: =AI52+20 -> 159 | AK52: =AJ52+20 -> 179 | AM52: https://usbaseballacademy.com/lawrenceburg-baseball-camp/ | AN52: X | AO52: 29 | AP52: 25 | AQ52: X | AR52: 40 | AS52: 35 | AT52: X | AU52: 29 | AV52: X | AW52: 46 | AX52: 41 | AY52: X | AZ52: 12 | BA52: 0.4138 | BB52: X | BC52: 66 | BD52: X | BE52: 53 | BF52: 50 | BG52: X | BH52: -16 | BI52: -0.2424 | BJ52: X | BK52: 66 | BL52: X | BM52: 51 | BN52: 51 | BP52: X | BQ52: 71 | BR52: X | BS52: 50 | BT52: 50 | BU52: X | BV52: 72 | BW52: 50 | BX52: 50 | BY52: X | BZ52: 72 | CA52: 50 | CB52: 50 | CC52: X | CE52: 50 | CF52: 50 | CG52: X | CI52: 49 | CJ52: 49 | CK52: X | CL52: 49 | CM52: 49 | CO52: 49 | CP52: 49
A53: B-RET | D53: 180 | G53: USBDAR | I53: Anoka-Ramsey CC | K53: 11200 Mississippi Blvd NW | L53: Coon Rapids | M53: MN | N53: 55433 | O53: coachholmgren@yahoo.com | Q53: Ryan | R53: Holmgren | X53: 651-308-1652 | Z53: X | AA53: 202 | AB53: 222 | AE53: Saturdays: Feb. 2 (Sun.), 8, 15, 22 | AF53: 9am-1:30pm | AG53: X | AI53: 139 | AJ53: =AI53+20 -> 159 | AK53: =AJ53+20 -> 179 | AM53: https://usbaseballacademy.com/coon-rapids-baseball-camp/ | AN53: X | AO53: 133 | AP53: 124 | AQ53: X | AR53: 154 | AS53: 143 | AT53: X | AU53: 76 | AV53: X | AW53: 176 | AX53: 170 | AY53: X | AZ53: 94 | BA53: 1.2368 | BB53: X | BC53: 157 | BD53: X | BE53: 175 | BF53: 172 | BG53: X | BH53: 15 | BI53: 0.0955 | BJ53: X | BK53: 160 | BL53: X | BM53: 179 | BN53: 174 | BP53: X | BQ53: 168 | BR53: X | BS53: 181 | BT53: 178 | BU53: X | BV53: 170 | BW53: 193 | BX53: 181 | BY53: X | BZ53: 173 | CA53: 191 | CB53: 179 | CC53: X | CE53: 194 | CF53: 185 | CG53: X | CI53: 189 | CJ53: 188 | CK53: X | CL53: 191 | CM53: 191 | CO53: 191 | CP53: 191
A54: B-RET | D54: 51 | G54: USBDARC | I54: Arcadia HS | K54: 756 Raider Dr. | L54: Arcadia | M54: WI | N54: 54612 | O54: pronschinsken@arcadia.k12.wi.us | Q54: Nate | R54: Pronschinske | S54: 35433 Wayne St | T54: Independence | U54: WI | V54: 54747 | X54: 715-533-8319 | Z54: X | AA54: 202 | AB54: 222 | AE54: Sundays: Feb. 2, 9, 16, 22 (Sat.) | AF54: 11am-3:30pm | AG54: X | AI54: 139 | AJ54: =AI54+20 -> 159 | AK54: =AJ54+20 -> 179 | AM54: https://usbaseballacademy.com/arcadia-baseball-camp/ | AN54: X | AO54: 23 | AP54: 16 | AQ54: X | AR54: 28 | AS54: 20 | AT54: X | AU54: 13 | AV54: X | AW54: 37 | AX54: 29 | AY54: X | AZ54: 16 | BA54: 1.2308 | BB54: X | BC54: 27 | BD54: X | BE54: 38 | BF54: 36 | BG54: X | BH54: 9 | BI54: 0.3333 | BJ54: X | BK54: 33 | BL54: X | BM54: 42 | BN54: 41 | BP54: X | BQ54: 33 | BR54: X | BS54: 48 | BT54: 45 | BU54: X | BV54: 47 | BW54: 56 | BX54: 51 | BY54: X | BZ54: 47 | CA54: 57 | CB54: 52 | CC54: X | CE54: 60 | CF54: 55 | CG54: X | CI54: 64 | CJ54: 64 | CK54: X | CL54: 64 | CM54: 64 | CO54: 64 | CP54: 64
A55: B-RET | D55: 78 | G55: USBDARH | I55: Arcata HS | K55: 1720 M St | L55: Arcata | M55: CA | N55: 95521 | O55: tghisetti@nohum.k12.ca.us | Q55: Troy | R55: Ghisetti | S55: 1251 Lonestar Dr | T55: McKinleyville | U55: CA | V55: 95519 | W55: 707-839-1299 | X55: 707-845-4846 | Y55: 707-825-2400 | Z55: X | AA55: 216 | AB55: 309 | AE55: Sundays: Feb. 16, 23; Mar. 2, 9 | AF55: Noon-4:30pm | AG55: X | AI55: 159 | AJ55: =AI55+20 -> 179 | AK55: =AJ55+20 -> 199 | AM55: https://usbaseballacademy.com/arcata-baseball-camp/ | AN55: X | AO55: 42 | AP55: 42 | AQ55: X | AR55: 46 | AS55: 45 | AT55: X | AU55: 11 | AV55: X | AW55: 51 | AX55: 51 | AY55: X | AZ55: 40 | BA55: 3.6364 | BB55: X | BC55: 30 | BD55: X | BE55: 51 | BF55: 51 | BG55: X | BH55: 21 | BI55: 0.7 | BJ55: X | BK55: 35 | BL55: X | BM55: 51 | BN55: 51 | BP55: X | BQ55: 38 | BR55: X | BS55: 57 | BT55: 57 | BU55: X | BV55: 50 | BW55: 59 | BX55: 57 | BY55: X | BZ55: 57 | CA55: 66 | CB55: 62 | CC55: X | CE55: 76 | CF55: 67 | CG55: X | CI55: 76 | CJ55: 68 | CK55: X | CL55: 68 | CM55: 68 | CO55: 68 | CP55: 68
A56: B-RET | D56: 180 | G56: USBDACC | I56: Aurora Central Catholic HS | K56: 1255 Edgelawn Dr | L56: Aurora | M56: IL | N56: 60506 | O56: rswann12@att.net | Q56: Rich | R56: Swann | S56: 39W856 Midfield Dr | T56: Aurora | U56: IL | V56: 60506 | X56: 630-945-0110 | Z56: X | AA56: 216 | AB56: 309 | AE56: Sundays: Feb. 16, 23; Mar. 2, 9 | AF56: 1pm-5:30pm | AG56: X | AI56: 139 | AJ56: =AI56+20 -> 159 | AK56: =AJ56+20 -> 179 | AM56: https://usbaseballacademy.com/aurora-baseball-camp/ | AN56: X | AO56: 59 | AP56: 59 | AQ56: X | AR56: 76 | AS56: 70 | AT56: X | AU56: 39 | AV56: X | AW56: 93 | AX56: 84 | AY56: X | AZ56: 45 | BA56: 1.1538 | BB56: X | BC56: 106 | BD56: X | BE56: 99 | BF56: 88 | BG56: X | BH56: -18 | BI56: -0.1698 | BJ56: X | BK56: 107 | BL56: X | BM56: 100 | BN56: 90 | BP56: X | BQ56: 109 | BR56: X | BS56: 121 | BT56: 111 | BU56: X | BV56: 122 | BW56: 130 | BX56: 116 | BY56: X | BZ56: 138 | CA56: 132 | CB56: 119 | CC56: X | CE56: 132 | CF56: 127 | CG56: X | CI56: 129 | CJ56: 129 | CK56: X | CL56: 132 | CM56: 132 | CO56: 134 | CP56: 133
A57: B-RET | C57: X | D57: 47 | G57: USBDBBA | I57: Ballistic Baseball Academy | K57: 200 McClurg Rd | L57: Boardman | M57: OH | N57: 44512 | O57: chris.cosentino5@gmail.com | Q57: Chris | R57: Cosentino | X57: 330-502-3367 | Z57: X | AA57: 104 | AB57: 125 | AE57: Saturdays: Jan. 4, 11, 18, 25 | AF57: Noon-4:30pm | AG57: X | AI57: 139 | AJ57: =AI57+20 -> 159 | AK57: =AJ57+20 -> 179 | AM57: https://usbaseballacademy.com/youngstown-baseball-camp/ | AN57: X | AO57: 56 | AP57: 50 | AQ57: X | AR57: 56 | AS57: 50 | AT57: X | AU57: 20 | AV57: X | AW57: 52 | AX57: 51 | AY57: X | AZ57: 31 | BA57: 1.55 | BB57: X | BC57: 37 | BD57: X | BE57: 48 | BF57: 48 | BG57: X | BH57: 11 | BI57: 0.2973 | BJ57: X | BK57: 40 | BL57: X | BM57: 48 | BN57: 48 | BP57: X | BQ57: 47 | BR57: X | BS57: 49 | BT57: 49 | BU57: X | BV57: 47 | BW57: 49 | BX57: 49 | BY57: X | BZ57: 47 | CA57: 49 | CB57: 49 | CC57: X | CE57: 49 | CF57: 49 | CG57: X | CI57: 49 | CJ57: 49 | CK57: X | CL57: 49 | CM57: 49 | CO57: 49 | CP57: 49
A58: B-RET | C58: X | D58: 70 | G58: USBDBP | I58: Baseball Plus | K58: 400 Duffy Ave | L58: Hicksville | M58: NY | N58: 11801 | O58: thebaseballwhisperer@gmail.com | Q58: Roger | R58: Mischel | X58: 347-992-1736 | Z58: X | AA58: 110 | AB58: 131 | AE58: Fridays: Jan. 10, 17, 24, 31 | AF58: 6pm-9pm | AG58: X | AI58: 149 | AJ58: =AI58+20 -> 169 | AK58: =AJ58+20 -> 189 | AM58: https://usbaseballacademy.com/hicksville-baseball-camp/ | AN58: X | AO58: 42 | AP58: 40 | AQ58: X | AR58: 45 | AS58: 41 | AT58: X | AU58: 11 | AV58: X | AW58: 54 | AX58: 43 | AY58: X | AZ58: 32 | BA58: 2.9091 | BB58: X | BC58: 18 | BD58: X | BE58: 62 | BF58: 49 | BG58: X | BH58: 31 | BI58: 1.7222 | BJ58: X | BK58: 21 | BL58: X | BM58: 64 | BN58: 50 | BP58: X | BQ58: 32 | BR58: X | BS58: 66 | BT58: 54 | BU58: X | BV58: 45 | BW58: 57 | BX58: 57 | BY58: X | BZ58: 69 | CA58: 57 | CB58: 57 | CC58: X | CE58: 57 | CF58: 57 | CG58: X | CI58: 57 | CJ58: 57 | CK58: X | CL58: 57 | CM58: 57 | CO58: 57 | CP58: 57
A59: B-RET | D59: 105 | G59: USBDBELL | I59: Bellbrook HS | K59: 3737 Upper Bellbrook Rd | L59: Bellbrook | M59: OH | N59: 45305 | O59: jonathan.venters@gmail.com | Q59: Jon | R59: Venters | S59: 153 George Wythe Way | T59: Beavercreek | U59: OH | V59: 45434 | W59: 937-372-8427 | X59: 937-768-0219 | Z59: X | AA59: 119 | AB59: 209 | AE59: Sundays: Jan. 19, 26; Feb. 2, 9 | AF59: Noon-4:30pm | AG59: X | AI59: 139 | AJ59: =AI59+20 -> 159 | AK59: =AJ59+20 -> 179 | AM59: https://usbaseballacademy.com/bellbrook-baseball-camp/ | AN59: X | AO59: 53 | AP59: 53 | AQ59: X | AR59: 54 | AS59: 53 | AT59: X | AU59: 35 | AV59: X | AW59: 72 | AX59: 64 | AY59: X | AZ59: 29 | BA59: 0.8286 | BB59: X | BC59: 70 | BD59: X | BE59: 78 | BF59: 72 | BG59: X | BH59: 2 | BI59: 0.0286 | BJ59: X | BK59: 75 | BL59: X | BM59: 82 | BN59: 74 | BP59: X | BQ59: 86 | BR59: X | BS59: 82 | BT59: 79 | BU59: X | BV59: 103 | BW59: 91 | BX59: 89 | BY59: X | BZ59: 105 | CA59: 105 | CB59: 105 | CC59: X | CE59: 105 | CF59: 105 | CG59: X | CI59: 105 | CJ59: 105 | CK59: X | CL59: 105 | CM59: 105 | CO59: 105 | CP59: 105
A60: B-RET | D60: 105 | G60: USBDBC | I60: Benedict College | K60: 1703 Pinehurst Rd. | L60: Columbia | M60: SC | N60: 29204 | O60: selwyn.young@benedict.edu | Q60: Selwyn | R60: Young | X60: 213-804-2456 | Z60: X | AA60: 119 | AB60: 209 | AE60: Sundays: Jan. 19, 26; Feb. 2, 9 | AF60: 1pm-5:30pm | AG60: X | AI60: 139 | AJ60: =AI60+20 -> 159 | AK60: =AJ60+20 -> 179 | AM60: https://usbaseballacademy.com/columbia-sc-baseball-camp/ | AN60: X | AO60: 51 | AP60: 42 | AQ60: X | AR60: 59 | AS60: 45 | AT60: X | AU60: 33 | AV60: X | AW60: 76 | AX60: 59 | AY60: X | AZ60: 26 | BA60: 0.7879 | BB60: X | BC60: 74 | BD60: X | BE60: 74 | BF60: 59 | BG60: X | BH60: -15 | BI60: -0.2027 | BJ60: X | BK60: 74 | BL60: X | BM60: 69 | BN60: 61 | BP60: X | BQ60: 85 | BR60: X | BS60: 72 | BT60: 68 | BU60: X | BV60: 93 | BW60: 81 | BX60: 76 | BY60: X | BZ60: 105 | CA60: 82 | CB60: 82 | CC60: X | CE60: 86 | CF60: 83 | CG60: X | CI60: 86 | CJ60: 83 | CK60: X | CL60: 83 | CM60: 83 | CO60: 83 | CP60: 83
A61: B-RET | D61: 56 | G61: USBDCSH | I61: Cantwell Sacred Heart of Mary - WINTER BREAK | K61: 329 N Garfield Ave | L61: Montebello | M61: CA | N61: 90640 | O61: dsifuentes@cshm.org | Q61: David | R61: Sifuentes | S61: 2524 Hitchcock Dr | T61: Alhambra | U61: CA | V61: 91803 | X61: 626-297-3323 | Z61: X | AA61: 26 | AB61: 30 | AE61: Fri.-Mon.: Dec. 27, 28, 29, 30 | AF61: 9am-3pm | AG61: X | AI61: 320 | AJ61: 0 | AK61: 0 | AM61: https://usbaseballacademy.com/los-angeles-montebello-baseball-camp/ | AN61: X | AO61: 30 | AP61: 25 | AQ61: X | AR61: 34 | AS61: 27 | AT61: X | AU61: 22 | AV61: X | AW61: 37 | AX61: 33 | AY61: X | AZ61: 11 | BA61: 0.5 | BB61: X | BC61: 56 | BD61: X | BE61: 35 | BF61: 35 | BG61: X | BH61: -21 | BI61: -0.375 | BJ61: X | BL61: X | BM61: 34 | BN61: 34 | BP61: X | BR61: X | BS61: 34 | BT61: 34 | BU61: X | BW61: 34 | BX61: 34 | BY61: X | CA61: 34 | CB61: 34 | CC61: X | CE61: 34 | CF61: 34 | CG61: X | CI61: 34 | CJ61: 34 | CK61: X | CL61: 34 | CM61: 34 | CO61: 34 | CP61: 34
A62: B-RET | C62: X | D62: 65 | G62: USBDCAP | I62: Capital HS | K62: 4851 Paseo Del Sol | L62: Santa Fe | M62: NM | N62: 87507 | O62: nisalazar@sfps.k12.nm.us | Q62: Nicholas | R62: Salazar | S62: 58 Calle Agua Clara | T62: Santa Fe | U62: NM | V62: 87508 | X62: 505-688-8651 | Z62: X | AA62: 111 | AB62: 201 | AE62: Saturdays: Jan. 11, 18, 25; Feb. 1 | AF62: Noon-4:30pm | AG62: X | AI62: 139 | AJ62: =AI62+20 -> 159 | AK62: =AJ62+20 -> 179 | AM62: https://usbaseballacademy.com/santa-fe-baseball-camp/ | AN62: X | AO62: 12 | AP62: 9 | AQ62: X | AR62: 18 | AS62: 15 | AT62: X | AU62: 18 | AV62: X | AW62: 19 | AX62: 18 | AY62: X | AZ62: 0 | BA62: 0 | BB62: X | BC62: 47 | BD62: X | BE62: 18 | BF62: 18 | BG62: X | BH62: -29 | BI62: -0.617 | BJ62: X | BK62: 53 | BL62: X | BM62: 21 | BN62: 21 | BP62: X | BQ62: 58 | BR62: X | BS62: 26 | BT62: 21 | BU62: X | BV62: 62 | BW62: 35 | BX62: 35 | BY62: X | BZ62: 65 | CA62: 35 | CB62: 35 | CC62: X | CE62: 35 | CF62: 35 | CG62: X | CI62: 35 | CJ62: 35 | CK62: X | CL62: 35 | CM62: 35 | CO62: 35 | CP62: 35
A63: B-RET | C63: X | D63: 110 | G63: USBDCR | I63: Cardinal Ritter HS | K63: 3360 W 30th St | L63: Indianapolis | M63: IN | N63: 46222 | O63: dscott@cardinalritter.org | Q63: Dave | R63: Scott | S63: 4994 Olympia Dr. | T63: Indianapolis | U63: IN | V63: 46228 | X63: 317-440-8071 | Z63: X | AA63: 208 | AB63: 301 | AE63: Saturdays: Feb. 8, 15, 22; Mar. 1 | AF63: 9am-1:30pm | AG63: X | AI63: 139 | AJ63: =AI63+20 -> 159 | AK63: =AJ63+20 -> 179 | AM63: https://usbaseballacademy.com/cardinal-ritter-hs-indianapolis-baseball-camp/ | AN63: X | AO63: 45 | AP63: 41 | AQ63: X | AR63: 48 | AS63: 43 | AT63: X | AU63: 22 | AV63: X | AW63: 54 | AX63: 51 | AY63: X | AZ63: 29 | BA63: 1.3182 | BB63: X | BC63: 47 | BD63: X | BE63: 86 | BF63: 81 | BG63: X | BH63: 34 | BI63: 0.7234 | BJ63: X | BK63: 50 | BL63: X | BM63: 91 | BN63: 88 | BP63: X | BQ63: 59 | BR63: X | BS63: 100 | BT63: 99 | BU63: X | BV63: 69 | BW63: 94 | BX63: 93 | BY63: X | BZ63: 81 | CA63: 95 | CB63: 94 | CC63: X | CE63: 101 | CF63: 98 | CG63: X | CI63: 109 | CJ63: 101 | CK63: X | CL63: 102 | CM63: 102 | CO63: 102 | CP63: 102
A64: B-RET | C64: X | D64: 29 | G64: USBDCAB | I64: CenCal Athletics Baseball Academy | K64: 1005 E. Pescadero Ave | L64: Tracy | M64: CA | N64: 95304 | O64: pryschuk.n@monet.k12.ca.us | Q64: Nick | R64: Pryschuk | X64: 209-534-5354 | Z64: X | AA64: 208 | AB64: 301 | AE64: Saturdays: Feb. 8, 15, 22; Mar. 1 | AF64: 9am-1:30pm | AG64: X | AI64: 159 | AJ64: =AI64+20 -> 179 | AK64: =AJ64+20 -> 199 | AM64: https://usbaseballacademy.com/tracy-baseball-camp/ | AN64: X | AO64: 2 | AP64: 2 | AQ64: X | AR64: 5 | AS64: 5 | AT64: X | AU64: 1 | AV64: X | AW64: 11 | AX64: 7 | AY64: X | AZ64: 6 | BA64: 6 | BB64: X | BC64: 1 | BD64: X | BE64: 17 | BF64: 15 | BG64: X | BH64: 14 | BI64: 14 | BJ64: X | BK64: 2 | BL64: X | BM64: 32 | BN64: 30 | BP64: X | BQ64: 6 | BR64: X | BS64: 38 | BT64: 37 | BU64: X | BV64: 9 | BW64: 50 | BX64: 42 | BY64: X | BZ64: 11 | CA64: 49 | CB64: 42 | CC64: X | CE64: 43 | CF64: 36 | CG64: X | CI64: 44 | CJ64: 44 | CK64: X | CL64: 45 | CM64: 45 | CO64: 45 | CP64: 45
A65: B-RET | D65: 109 | G65: USBDCEN | I65: Center HS | J65: Wilson C. Riles Middle School | K65: 4747 PFE Road | L65: Roseville | M65: CA | N65: 95747 | O65: jaw@centerusd.org | Q65: Jeff | R65: Wise | S65: 1953 Ambridge Dr. | T65: Roseville | U65: CA | V65: 95747 | X65: 916-547-7733 | Z65: X | AA65: 105 | AB65: 126 | AE65: Sundays: Jan. 5, 12, 19, 26 | AF65: 10am-2:30pm | AG65: X | AI65: 159 | AJ65: =AI65+20 -> 179 | AK65: =AJ65+20 -> 199 | AM65: https://usbaseballacademy.com/sacramento-roseville-baseball-camp/ | AN65: X | AO65: 26 | AP65: 24 | AQ65: X | AR65: 30 | AS65: 29 | AT65: X | AU65: 41 | AV65: X | AW65: 32 | AX65: 31 | AY65: X | AZ65: -10 | BA65: -0.2439 | BB65: X | BC65: 90 | BD65: X | BE65: 32 | BF65: 31 | BG65: X | BH65: -59 | BI65: -0.6556 | BJ65: X | BK65: 96 | BL65: X | BM65: 31 | BN65: 31 | BP65: X | BQ65: 109 | BR65: X | BS65: 32 | BT65: 32 | BU65: X | BV65: 112 | BW65: 29 | BX65: 29 | BY65: X | BZ65: 112 | CA65: 29 | CB65: 29 | CC65: X | CE65: 29 | CF65: 29 | CG65: X | CI65: 29 | CJ65: 29 | CK65: X | CL65: 29 | CM65: 29 | CO65: 29 | CP65: 29
A66: B-RET | C66: X | D66: 111 | G66: USBDCG | I66: Central Gwinnett HS | K66: 564 W. Crogan St. | L66: Lawrenceville | M66: GA | N66: 30046 | O66: karl.craig@gcpsk12.org | Q66: Karl | R66: Craig | S66: 3657 Talon View Ct. | T66: Auburn | U66: GA | V66: 30011 | X66: 678-349-1321 | Z66: X | AA66: 112 | AB66: 202 | AE66: Sundays: Jan. 12, 19, 26; Feb. 2 | AF66: 9am-1:30pm | AG66: X | AI66: 139 | AJ66: =AI66+20 -> 159 | AK66: =AJ66+20 -> 179 | AM66: https://usbaseballacademy.com/lawrenceville-baseball-camp/ | AN66: X | AO66: 65 | AP66: 51 | AQ66: X | AR66: 65 | AS66: 58 | AT66: X | AU66: 43 | AV66: X | AW66: 74 | AX66: 64 | AY66: X | AZ66: 21 | BA66: 0.4884 | BB66: X | BC66: 91 | BD66: X | BE66: 77 | BF66: 69 | BG66: X | BH66: -22 | BI66: -0.2418 | BJ66: X | BK66: 94 | BL66: X | BM66: 85 | BN66: 71 | BP66: X | BQ66: 103 | BR66: X | BS66: 86 | BT66: 79 | BU66: X | BV66: 107 | BW66: 83 | BX66: 83 | BY66: X | BZ66: 111 | CA66: 83 | CB66: 83 | CC66: X | CE66: 83 | CF66: 83 | CG66: X | CI66: 83 | CJ66: 83 | CK66: X | CL66: 83 | CM66: 83 | CO66: 83 | CP66: 83
A67: B-RET | C67: X | D67: 193 | G67: USBDCC | I67: Chemeketa CC | K67: 4000 Lancaster Dr. NE | L67: Salem | M67: OR | N67: 97305 | O67: gmoser1@chemeketa.edu | Q67: Gerhett | R67: Moser | S67: 4 Bolivar St | T67: Lake Oswego | U67: OR | V67: 97035 | X67: 503-803-5656 | Z67: X | AA67: 112 | AB67: 216 | AE67: Sundays: Jan. 5, 19; Feb. 1 (Sat.), 9 | AF67: Noon-4:30pm | AG67: X | AI67: 139 | AJ67: =AI67+20 -> 159 | AK67: =AJ67+20 -> 179 | AM67: https://usbaseballacademy.com/salem-oregon-baseball-camp/ | AN67: X | AO67: 125 | AP67: 113 | AQ67: X | AR67: 135 | AS67: 123 | AT67: X | AU67: 61 | AV67: X | AW67: 154 | AX67: 139 | AY67: X | AZ67: 78 | BA67: 1.2787 | BB67: X | BC67: 151 | BD67: X | BE67: 161 | BF67: 145 | BG67: X | BH67: -6 | BI67: -0.0397 | BJ67: X | BK67: 162 | BL67: X | BM67: 161 | BN67: 146 | BP67: X | BQ67: 182 | BR67: X | BS67: 169 | BT67: 155 | BU67: X | BV67: 192 | BW67: 164 | BX67: 161 | BY67: X | BZ67: 193 | CA67: 164 | CB67: 161 | CC67: X | CE67: 164 | CF67: 161 | CG67: X | CI67: 164 | CJ67: 161 | CK67: X | CL67: 164 | CM67: 161 | CO67: 164 | CP67: 161
A68: B-RET | D68: 126 | G68: USBDCHC | I68: Chillicothe HS | J68: Cavalier Athletic Center | K68: 1245 Western Ave | L68: Chillicothe | M68: OH | N68: 45601 | O68: thomasjbarr@gmail.com | Q68: Tom | R68: Barr | S68: 13299 Marietta Rd | T68: Kingston | U68: OH | V68: 45644 | X68: 740-703-1184 | Z68: X | AA68: 112 | AB68: 202 | AE68: Sundays: Jan. 12, 19, 26; Feb. 2 | AF68: 9am-1:30pm | AG68: X | AI68: 139 | AJ68: =AI68+20 -> 159 | AK68: =AJ68+20 -> 179 | AM68: https://usbaseballacademy.com/chillicothe-baseball-camp/ | AN68: X | AO68: 60 | AP68: 52 | AQ68: X | AR68: 70 | AS68: 53 | AT68: X | AU68: 47 | AV68: X | AW68: 79 | AX68: 60 | AY68: X | AZ68: 13 | BA68: 0.2766 | BB68: X | BC68: 107 | BD68: X | BE68: 79 | BF68: 70 | BG68: X | BH68: -37 | BI68: -0.3458 | BJ68: X | BK68: 115 | BL68: X | BM68: 80 | BN68: 77 | BP68: X | BQ68: 122 | BR68: X | BS68: 84 | BT68: 81 | BU68: X | BV68: 126 | BW68: 85 | BX68: 85 | BY68: X | BZ68: 126 | CA68: 89 | CB68: 89 | CC68: X | CE68: 89 | CF68: 89 | CG68: X | CI68: 89 | CJ68: 89 | CK68: X | CL68: 89 | CM68: 89 | CO68: 89 | CP68: 89
A69: B-RET | D69: 142 | G69: USBDCHU | I69: Chugiak HS | K69: 16525 S. Birchwood Loop Rd. | L69: Chugiak | M69: AK | N69: 99567 | O69: joe.fitka@yahoo.com | Q69: Joe | R69: Fitka | S69: 6339 Air Guard Rd | T69: Anchorage | U69: AK | V69: 99502 | X69: 907-306-8570 | Z69: X | AA69: 105 | AB69: 126 | AE69: Sundays: Jan. 5, 12, 19, 26 | AF69: 9am-1:30pm | AG69: X | AI69: 139 | AJ69: =AI69+20 -> 159 | AK69: =AJ69+20 -> 179 | AM69: https://usbaseballacademy.com/anchorage-baseball-camp/ | AN69: X | AO69: 121 | AP69: 95 | AQ69: X | AR69: 133 | AS69: 106 | AT69: X | AU69: 46 | AV69: X | AW69: 135 | AX69: 117 | AY69: X | AZ69: 71 | BA69: 1.5435 | BB69: X | BC69: 123 | BD69: X | BE69: 138 | BF69: 133 | BG69: X | BH69: 10 | BI69: 0.0813 | BJ69: X | BK69: 135 | BL69: X | BM69: 143 | BN69: 139 | BP69: X | BQ69: 140 | BR69: X | BS69: 140 | BT69: 140 | BU69: X | BV69: 145 | BW69: 141 | BX69: 141 | BY69: X | BZ69: 145 | CA69: 141 | CB69: 141 | CC69: X | CE69: 141 | CF69: 141 | CG69: X | CI69: 141 | CJ69: 141 | CK69: X | CL69: 141 | CM69: 141 | CO69: 141 | CP69: 141
A70: B-RET | C70: X | D70: 49 | G70: USBDCA | I70: Coastal Alabama CC South | K70: 1900 US Hwy 31 | L70: Bay Minette | M70: AL | N70: 36507 | O70: jd.pruitt@coastalalabama.edu | Q70: JD | R70: Pruitt | S70: 10526 Brodick Loop | T70: Spanish Fort | U70: AL | V70: 36527 | X70: 334-714-7994 | Z70: X | AA70: 111 | AB70: 119 | AE70: Sat./Sun.: Jan. 11, 12, 18, 19 | AF70: 9am-1:30pm | AG70: X | AI70: 139 | AJ70: =AI70+20 -> 159 | AK70: =AJ70+20 -> 179 | AM70: https://usbaseballacademy.com/bay-minette-baseball-camp/ | AN70: X | AO70: 40 | AP70: 26 | AQ70: X | AR70: 40 | AS70: 30 | AT70: X | AU70: 15 | AV70: X | AW70: 51 | AX70: 35 | AY70: X | AZ70: 20 | BA70: 1.3333 | BB70: X | BC70: 38 | BD70: X | BE70: 50 | BF70: 39 | BG70: X | BH70: 1 | BI70: 0.0263 | BJ70: X | BK70: 41 | BL70: X | BM70: 53 | BN70: 44 | BP70: X | BQ70: 41 | BR70: X | BS70: 55 | BT70: 48 | BU70: X | BV70: 49 | BW70: 53 | BX70: 52 | BY70: X | BZ70: 49 | CA70: 53 | CB70: 52 | CC70: X | CE70: 53 | CF70: 53 | CG70: X | CI70: 53 | CJ70: 53 | CK70: X | CL70: 53 | CM70: 53 | CO70: 53 | CP70: 53
A71: B-RET | C71: X | D71: 60 | G71: USBDCSS | I71: College of Saint Scholastica | K71: 1200 Kenwood Ave | L71: Duluth | M71: MN | N71: 55811 | O71: brepking@css.edu | Q71: Brooks | R71: Repking | S71: 4891 Tamarack Ln. Unit E | T71: Hermantown | U71: MN | V71: 55811 | X71: 715-470-0416 | Z71: X | AA71: 105 | AB71: 126 | AE71: Sundays: Jan. 5, 12, 19, 26 | AF71: 8:30am-1pm | AG71: X | AI71: 139 | AJ71: =AI71+20 -> 159 | AK71: =AJ71+20 -> 179 | AM71: https://usbaseballacademy.com/duluth-baseball-camp/ | AN71: X | AO71: 126 | AP71: 116 | AQ71: X | AR71: 124 | AS71: 117 | AT71: X | AU71: 27 | AV71: X | AW71: 130 | AX71: 123 | AY71: X | AZ71: 96 | BA71: 3.5556 | BB71: X | BC71: 56 | BD71: X | BE71: 133 | BF71: 129 | BG71: X | BH71: 73 | BI71: 1.3036 | BJ71: X | BK71: 58 | BL71: X | BM71: 135 | BN71: 133 | BP71: X | BQ71: 60 | BR71: X | BS71: 130 | BT71: 130 | BU71: X | BV71: 60 | BW71: 132 | BX71: 132 | BY71: X | BZ71: 60 | CA71: 133 | CB71: 133 | CC71: X | CE71: 133 | CF71: 133 | CG71: X | CI71: 133 | CJ71: 133 | CK71: X | CL71: 133 | CM71: 133 | CO71: 133 | CP71: 133
A72: B-RET | C72: X | D72: 107 | G72: USBDCD | I72: College of the Desert | K72: 43-500 Monterey Ave | L72: Palm Desert | M72: CA | N72: 92260 | O72: sam_dimatteo@yahoo.com | Q72: Sam | R72: Dimatteo | X72: 724-622-7682 | Z72: X | AA72: 302 | AB72: 323 | AE72: Sundays: Mar. 2, 9, 16, 23 | AF72: Noon-4:30pm | AG72: X | AI72: 159 | AJ72: =AI72+20 -> 179 | AK72: =AJ72+20 -> 199 | AM72: https://usbaseballacademy.com/palm-desert-baseball-camp/ | AN72: X | AO72: 27 | AP72: 27 | AQ72: X | AR72: 35 | AS72: 30 | AT72: X | AU72: 18 | AV72: X | AW72: 38 | AX72: 35 | AY72: X | AZ72: 17 | BA72: 0.9444 | BB72: X | BC72: 53 | BD72: X | BE72: 38 | BF72: 35 | BG72: X | BH72: -18 | BI72: -0.3396 | BJ72: X | BK72: 54 | BL72: X | BM72: 35 | BN72: 35 | BP72: X | BQ72: 60 | BR72: X | BS72: 41 | BT72: 35 | BU72: X | BV72: 65 | BW72: 47 | BX72: 41 | BY72: X | BZ72: 76 | CA72: 50 | CB72: 42 | CC72: X | CE72: 63 | CF72: 56 | CG72: X | CI72: 75 | CJ72: 64 | CK72: X | CL72: 79 | CM72: 71 | CO72: 75 | CP72: 71
A73: B-RET | D73: 136 | G73: USBDCU | I73: Concordia University | J73: Greenhills School | K73: 850 Greenhills Dr | L73: Ann Arbor | M73: MI | N73: 48105 | O73: zachary.johnston@cuaa.edu | Q73: Zach | R73: Johnston | S73: 4090 Geddes Rd. | T73: Ann Arbor | U73: MI | V73: 48105 | X73: 616-902-3563 | Z73: X | AA73: 125 | AB73: 202 | AE73: Sat./Sun.: Jan. 25, 26; Feb. 1, 2 | AF73: 3pm-7:30pm | AG73: X | AI73: 139 | AJ73: =AI73+20 -> 159 | AK73: =AJ73+20 -> 179 | AM73: https://usbaseballacademy.com/ann-arbor-baseball-camp/ | AN73: X | AO73: 72 | AP73: 69 | AQ73: X | AR73: 82 | AS73: 78 | AT73: X | AU73: 63 | AV73: X | AW73: 101 | AX73: 96 | AY73: X | AZ73: 33 | BA73: 0.5238 | BB73: X | BC73: 121 | BD73: X | BE73: 106 | BF73: 98 | BG73: X | BH73: -23 | BI73: -0.1901 | BJ73: X | BK73: 121 | BL73: X | BM73: 106 | BN73: 98 | BP73: X | BQ73: 134 | BR73: X | BS73: 101 | BT73: 101 | BU73: X | BV73: 136 | BW73: 106 | BX73: 103 | BY73: X | BZ73: 136 | CA73: 111 | CB73: 106 | CC73: X | CE73: 108 | CF73: 108 | CG73: X | CI73: 108 | CJ73: 108 | CK73: X | CL73: 108 | CM73: 108 | CO73: 108 | CP73: 108
A74: B-RET | D74: 136 | G74: USBDCRC | I74: Crown College | K74: 8700 College View Dr | L74: St. Bonifacius | M74: MN | N74: 55375 | O74: sedbrookc@crown.edu | Q74: Colt | R74: Sedbrook | S74: 17034 Rogers Rd | T74: Eden Prairie | U74: MN | V74: 55437 | X74: 952-446-4567 | Z74: X | AA74: 119 | AB74: 209 | AE74: Sundays: Jan. 19, 26; Feb. 2, 9 | AF74: 1pm-5:30pm | AG74: X | AI74: 149 | AJ74: =AI74+20 -> 169 | AK74: =AJ74+20 -> 189 | AM74: https://usbaseballacademy.com/st-bonifacius-baseball-camp/ | AN74: X | AO74: 51 | AP74: 43 | AQ74: X | AR74: 78 | AS74: 61 | AT74: X | AU74: 31 | AV74: X | AW74: 99 | AX74: 76 | AY74: X | AZ74: 45 | BA74: 1.4516 | BB74: X | BC74: 53 | BD74: X | BE74: 98 | BF74: 84 | BG74: X | BH74: 31 | BI74: 0.5849 | BJ74: X | BK74: 59 | BL74: X | BM74: 95 | BN74: 92 | BP74: X | BQ74: 93 | BR74: X | BS74: 113 | BT74: 110 | BU74: X | BV74: 115 | BW74: 120 | BX74: 118 | BY74: X | BZ74: 132 | CA74: 132 | CB74: 132 | CC74: X | CE74: 132 | CF74: 132 | CG74: X | CI74: 131 | CJ74: 131 | CK74: X | CL74: 131 | CM74: 131 | CO74: 131 | CP74: 131
A75: B-RET | D75: 113 | G75: USBDDM | I75: Dallas Molina HS | K75: 2355 Duncanville Rd | L75: Dallas | M75: TX | N75: 75211 | O75: hensmith@dallasisd.org | Q75: Henry | R75: Smith | S75: 1002 Wabash Trail | T75: Mansfield | U75: TX | V75: 76063 | X75: 817-937-6549 | Z75: X | AA75: 105 | AB75: 126 | AE75: Sundays: Jan. 5, 12, 19, 26 | AF75: 1pm-5:30pm | AG75: X | AI75: 139 | AJ75: =AI75+20 -> 159 | AK75: =AJ75+20 -> 179 | AM75: https://usbaseballacademy.com/dallas-baseball-camp/ | AN75: X | AO75: 125 | AP75: 100 | AQ75: X | AR75: 129 | AS75: 105 | AT75: X | AU75: 44 | AV75: X | AW75: 118 | AX75: 111 | AY75: X | AZ75: 67 | BA75: 1.5227 | BB75: X | BC75: 98 | BD75: X | BE75: 122 | BF75: 120 | BG75: X | BH75: 22 | BI75: 0.2245 | BJ75: X | BK75: 100 | BL75: X | BM75: 132 | BN75: 126 | BP75: X | BQ75: 114 | BR75: X | BS75: 140 | BT75: 137 | BU75: X | BV75: 117 | BW75: 138 | BX75: 135 | BY75: X | BZ75: 117 | CA75: 138 | CB75: 135 | CC75: X | CE75: 138 | CF75: 135 | CG75: X | CI75: 138 | CJ75: 135 | CK75: X | CL75: 138 | CM75: 135 | CO75: 138 | CP75: 135
A76: B-RET | C76: X | D76: 90 | G76: USBDDG | I76: Dave Griffin's Sports Complex | K76: 1200 W Main St | L76: Griffith | M76: IN | N76: 46319 | O76: david.griffin@pnw.edu | Q76: Dave | R76: Griffin | S76: 8332 Wyman Dr | T76: St. John | U76: IN | V76: 46373 | X76: 219-765-6242 | Y76: 219-989-8018 | Z76: X | AA76: 111 | AB76: 201 | AE76: Saturdays: Jan. 11, 18, 25; Feb. 1 | AF76: Noon-4:30pm | AG76: X | AI76: 149 | AJ76: =AI76+20 -> 169 | AK76: =AJ76+20 -> 189 | AM76: https://usbaseballacademy.com/hammond-baseball-camp/ | AN76: X | AO76: 37 | AP76: 32 | AQ76: X | AR76: 45 | AS76: 42 | AT76: X | AU76: 39 | AV76: X | AW76: 54 | AX76: 53 | AY76: X | AZ76: 14 | BA76: 0.359 | BB76: X | BC76: 78 | BD76: X | BE76: 62 | BF76: 61 | BG76: X | BH76: -17 | BI76: -0.2179 | BJ76: X | BK76: 81 | BL76: X | BM76: 69 | BN76: 65 | BP76: X | BQ76: 85 | BR76: X | BS76: 80 | BT76: 77 | BU76: X | BV76: 88 | BW76: 77 | BX76: 77 | BY76: X | BZ76: 90 | CA76: 77 | CB76: 77 | CC76: X | CE76: 77 | CF76: 77 | CG76: X | CI76: 77 | CJ76: 77 | CK76: X | CL76: 77 | CM76: 77 | CO76: 77 | CP76: 77
A77: B-RET | D77: 163 | G77: USBDDCC | I77: Delaware County Christian | K77: 462 Malin Rd | L77: Newtown Square | M77: PA | N77: 19073 | O77: jwisnewski@dccs.org | Q77: Jeff | R77: Wisnewski | S77: 509 Walnut Hill Rd. | T77: West Chester | U77: PA | V77: 19382 | X77: 610-357-5881 | Z77: X | AA77: 222 | AB77: 322 | AE77: Saturdays: Feb. 22; Mar. 1, 15, 22 | AF77: 11am-3:30pm | AG77: X | AI77: 149 | AJ77: =AI77+20 -> 169 | AK77: =AJ77+20 -> 189 | AM77: https://usbaseballacademy.com/philadelphia-newtown-square-baseball-camp/ | AN77: X | AO77: 133 | AP77: 119 | AQ77: X | AR77: 138 | AS77: 130 | AT77: X | AU77: 77 | AV77: X | AW77: 147 | AX77: 131 | AY77: X | AZ77: 54 | BA77: 0.7013 | BB77: X | BC77: 138 | BD77: X | BE77: 149 | BF77: 137 | BG77: X | BH77: -1 | BI77: -0.0072 | BJ77: X | BK77: 148 | BL77: X | BM77: 151 | BN77: 136 | BP77: X | BQ77: 151 | BR77: X | BS77: 153 | BT77: 141 | BU77: X | BV77: 159 | BW77: 159 | BX77: 144 | BY77: X | BZ77: 162 | CA77: 159 | CB77: 146 | CC77: X | CE77: 162 | CF77: 150 | CG77: X | CI77: 157 | CJ77: 152 | CK77: X | CL77: 157 | CM77: 152 | CO77: 156 | CP77: 153
A78: B-RET | C78: X | D78: 65 | G78: USBDDEL | I78: Delta College | K78: 1961 Delta Rd | L78: University Center | M78: MI | N78: 48710 | O78: billycork05@gmail.com | Q78: Billy | R78: Cork | S78: 1901 Bro Mor | T78: Saginaw | U78: MI | V78: 48602 | X78: 989-928-7131 | Z78: X | AA78: 202 | AB78: 223 | AE78: Sundays: Feb. 2, 9, 16, 23 | AF78: 12:30pm-5pm | AG78: X | AI78: 139 | AJ78: =AI78+20 -> 159 | AK78: =AJ78+20 -> 179 | AM78: https://usbaseballacademy.com/university-center-baseball-camp/ | AN78: X | AO78: 30 | AP78: 25 | AQ78: X | AR78: 32 | AS78: 30 | AT78: X | AU78: 16 | AV78: X | AW78: 33 | AX78: 33 | AY78: X | AZ78: 17 | BA78: 1.0625 | BB78: X | BC78: 34 | BD78: X | BE78: 34 | BF78: 34 | BG78: X | BH78: 0 | BI78: 0 | BJ78: X | BK78: 39 | BL78: X | BM78: 38 | BN78: 35 | BP78: X | BQ78: 43 | BR78: X | BS78: 46 | BT78: 43 | BU78: X | BV78: 53 | BW78: 54 | BX78: 51 | BY78: X | BZ78: 59 | CA78: 62 | CB78: 61 | CC78: X | CE78: 62 | CF78: 61 | CG78: X | CI78: 64 | CJ78: 64 | CK78: X | CL78: 64 | CM78: 64 | CO78: 63 | CP78: 63
A79: B-RET | D79: 23 | G79: USBDDH | I79: Drew HS | J79: Morton Field at the Presidio | K79: 780 Sanches St. | L79: San Francisco | M79: CA | N79: 94129 | O79: caleanderson415@gmail.com | Q79: Cale | R79: Anderson | X79: 415-531-2038 | Z79: X | AA79: 112 | AB79: 202 | AE79: Sundays: Jan. 12, 19, 26; Feb. 2 | AF79: Noon-4:30pm | AG79: X | AI79: 159 | AJ79: =AI79+20 -> 179 | AK79: =AJ79+20 -> 199 | AM79: https://usbaseballacademy.com/san-francisco-baseball-camp/ | AN79: X | AO79: 28 | AP79: 28 | AQ79: X | AR79: 33 | AS79: 33 | AT79: X | AU79: 13 | AV79: X | AW79: 34 | AX79: 33 | AY79: X | AZ79: 20 | BA79: 1.5385 | BB79: X | BC79: 20 | BD79: X | BE79: 34 | BF79: 33 | BG79: X | BH79: 13 | BI79: 0.65 | BJ79: X | BK79: 20 | BL79: X | BM79: 35 | BN79: 33 | BP79: X | BQ79: 20 | BR79: X | BS79: 35 | BT79: 33 | BU79: X | BV79: 20 | BW79: 34 | BX79: 34 | BY79: X | BZ79: 21 | CA79: 34 | CB79: 34 | CC79: X | CE79: 34 | CF79: 34 | CG79: X | CI79: 34 | CJ79: 34 | CK79: X | CL79: 34 | CM79: 34 | CO79: 34 | CP79: 34
A80: B-RET | C80: X | G80: USBDDUG2 | I80: Dugout Baseball | K80: 400 E. Wilson Bridge Rd | L80: Columbus | M80: OH | N80: 43085 | O80: brian.j.mohr13@gmail.com | Q80: Brian | R80: Mohr | X80: 614-432-2423 | AA80: 301 | AB80: 322 | AE80: Saturdays: Mar. 1, 8, 15, 22 | AF80: 9am-1:30pm | AI80: 149 | AJ80: 169 | AK80: 189 | AM80: https://usbaseballacademy.com/columbus-oh-baseball-camp/ | AO80: 0 | AP80: 0 | AR80: 0 | AS80: 0 | AU80: 4 | AW80: 5 | AX80: 5 | AZ80: 1 | BA80: 0.25 | BC80: 10 | BE80: 10 | BF80: 6 | BH80: -4 | BI80: -0.4 | BK80: 10 | BM80: 12 | BN80: 8 | BQ80: 17 | BS80: 21 | BT80: 15 | BV80: 23 | BW80: 20 | BX80: 15 | CA80: 20 | CB80: 17 | CE80: 24 | CF80: 22 | CI80: 27 | CJ80: 27 | CL80: 32 | CM80: 32 | CO80: 32 | CP80: 32
A81: B-RET | D81: 47 | G81: USBDDUG | I81: Dugout Baseball - WINTER BREAK | K81: 400 E. Wilson Bridge Rd | L81: Columbus | M81: OH | N81: 43085 | O81: brian.j.mohr13@gmail.com | Q81: Brian | R81: Mohr | X81: 614-432-2423 | Z81: X | AA81: 27 | AB81: 30 | AE81: Fri.-Mon.: Dec. 27, 28, 29, 30 | AF81: 9am-3pm | AG81: X | AI81: 295 | AJ81: 0 | AK81: 0 | AM81: https://usbaseballacademy.com/columbus-oh-baseball-camp/ | AN81: X | AO81: 15 | AP81: 13 | AQ81: X | AR81: 17 | AS81: 16 | AT81: X | AV81: X | AW81: 16 | AX81: 16 | AY81: X | AZ81: 16 | BA81: #DIV/0! | BB81: X | BD81: X | BE81: 16 | BF81: 16 | BG81: X | BH81: 16 | BI81: #DIV/0! | BJ81: X | BL81: X | BM81: 16 | BN81: 16 | BP81: X | BR81: X | BS81: 16 | BT81: 16 | BU81: X | BW81: 16 | BX81: 16 | BY81: X | BZ81: 23 | CA81: 16 | CB81: 16 | CC81: X | CE81: 16 | CF81: 16 | CG81: X | CI81: 16 | CJ81: 16 | CK81: X | CL81: 16 | CM81: 16 | CO81: 16 | CP81: 16
A82: B-RET | C82: X | D82: 52 | G82: USBDED | I82: Edison HS | K82: 540 E California Ave | L82: Fresno | M82: CA | N82: 93706 | O82: pryschuk.n@monet.k12.ca.us | Q82: Nick | R82: Pryschuk | X82: 209-534-5354 | Z82: X | AA82: 111 | AB82: 119 | AE82: Sat./Sun.: Jan. 11, 12, 18, 19 | AF82: 9am-1:30pm | AG82: X | AI82: 159 | AJ82: =AI82+20 -> 179 | AK82: =AJ82+20 -> 199 | AM82: https://usbaseballacademy.com/fresno-baseball-camp/ | AN82: X | AO82: 40 | AP82: 25 | AQ82: X | AR82: 49 | AS82: 30 | AT82: X | AU82: 8 | AV82: X | AW82: 54 | AX82: 32 | AY82: X | AZ82: 24 | BA82: 3 | BB82: X | BC82: 20 | BD82: X | BE82: 43 | BF82: 34 | BG82: X | BH82: 14 | BI82: 0.7 | BJ82: X | BK82: 22 | BL82: X | BM82: 47 | BN82: 39 | BP82: X | BQ82: 29 | BR82: X | BS82: 58 | BT82: 51 | BU82: X | BV82: 37 | BW82: 52 | BX82: 51 | BY82: X | BZ82: 51 | CA82: 52 | CB82: 51 | CC82: X | CE82: 52 | CF82: 51 | CG82: X | CI82: 51 | CJ82: 51 | CK82: X | CL82: 51 | CM82: 51 | CO82: 51 | CP82: 51
A83: B-RET | C83: X | D83: 148 | G83: USBDECN1 | I83: Erie CC North | J83: Bell Center | K83: 6205 Main St | L83: Buffalo | M83: NY | N83: 14221 | O83: bauth@ecc.edu | Q83: Joe | R83: Bauth | S83: 16 Windsor Ridge Drive | T83: Lancaster | U83: NY | V83: 14086 | W83: 716-685-2291 | X83: 716-982-8618 | Z83: X | AA83: 118 | AB83: 222 | AE83: Saturdays: Jan. 18, 25; Feb. 1, 8, 15, 22 | AF83: Noon-5pm | AG83: X | AI83: 149 | AJ83: =AI83+20 -> 169 | AK83: =AJ83+20 -> 189 | AM83: https://usbaseballacademy.com/buffalo-baseball-camp/ | AN83: X | AO83: 74 | AP83: 63 | AQ83: X | AR83: 84 | AS83: 71 | AT83: X | AU83: 93 | AV83: X | AW83: 98 | AX83: 78 | AY83: X | AZ83: -15 | BA83: -0.1613 | BB83: X | BC83: 174 | BD83: X | BE83: 96 | BF83: 91 | BG83: X | BH83: -83 | BI83: -0.477 | BJ83: X | BL83: X | BM83: 99 | BN83: 92 | BP83: X | BR83: X | BS83: 136 | BT83: 126 | BU83: X | BW83: 147 | BX83: 135 | BY83: X | CA83: 139 | CB83: 139 | CC83: X | CE83: 140 | CF83: 140 | CG83: X | CI83: 141 | CJ83: 140 | CK83: X | CL83: 138 | CM83: 138 | CO83: 138 | CP83: 138
A84: B-RET | D84: 61 | G84: USBDECN2 | I84: Erie CC South | J84: Bell Center | K84: 6205 Main St | L84: Buffalo | M84: NY | N84: 14221 | O84: bauth@ecc.edu | Q84: Joe | R84: Bauth | S84: 16 Windsor Ridge Drive | T84: Lancaster | U84: NY | V84: 14086 | W84: 716-685-2291 | X84: 716-982-8618 | Z84: X | AA84: 119 | AB84: 223 | AE84: Sundays: Jan. 19, 26; Feb. 2, 9, 16, 23 | AF84: Noon-5pm | AG84: X | AI84: 149 | AJ84: =AI84+20 -> 169 | AK84: =AJ84+20 -> 189 | AM84: https://usbaseballacademy.com/buffalo-baseball-camp/ | AN84: X | AO84: 44 | AP84: 36 | AQ84: X | AR84: 45 | AS84: 37 | AT84: X | AV84: X | AW84: 50 | AX84: 45 | AY84: X | AZ84: 45 | BA84: #DIV/0! | BB84: X | BD84: X | BE84: 50 | BF84: 48 | BG84: X | BH84: 48 | BI84: #DIV/0! | BJ84: X | BK84: 52 | BL84: X | BM84: 52 | BN84: 50 | BP84: X | BQ84: 60 | BR84: X | BS84: 65 | BT84: 63 | BU84: X | BV84: 60 | BW84: 70 | BX84: 70 | BY84: X | BZ84: 61 | CA84: 69 | CB84: 69 | CC84: X | CE84: 71 | CF84: 71 | CG84: X | CI84: 73 | CJ84: 73 | CK84: X | CL84: 73 | CM84: 73 | CO84: 73 | CP84: 73
A85: B-RET | D85: 154 | G85: USBDET | I85: Exeter Township HS | K85: 201 E 37th St | L85: Reading | M85: PA | N85: 19606 | O85: jmfreese@exetersd.org | Q85: Justin | R85: Freese | S85: 23A Doral Drive | T85: Reading | U85: PA | V85: 19607 | X85: 610-858-2491 | Y85: 610-779-3060 | Z85: X | AA85: 112 | AB85: 202 | AE85: Sundays: Jan. 12, 19, 26; Feb. 2 | AF85: 9am-1:30pm | AG85: X | AI85: 139 | AJ85: =AI85+20 -> 159 | AK85: =AJ85+20 -> 179 | AM85: https://usbaseballacademy.com/reading-baseball-camp/ | AN85: X | AO85: 156 | AP85: 141 | AQ85: X | AR85: 163 | AS85: 149 | AT85: X | AU85: 62 | AV85: X | AW85: 169 | AX85: 151 | AY85: X | AZ85: 89 | BA85: 1.4355 | BB85: X | BC85: 132 | BD85: X | BE85: 162 | BF85: 154 | BG85: X | BH85: 22 | BI85: 0.1667 | BJ85: X | BK85: 136 | BL85: X | BM85: 162 | BN85: 156 | BP85: X | BQ85: 141 | BR85: X | BS85: 174 | BT85: 170 | BU85: X | BV85: 153 | BW85: 174 | BX85: 174 | BY85: X | BZ85: 154 | CA85: 167 | CB85: 167 | CC85: X | CE85: 167 | CF85: 167 | CG85: X | CI85: 167 | CJ85: 167 | CK85: X | CL85: 167 | CM85: 167 | CO85: 167 | CP85: 167
A86: B-RET | C86: X | D86: 102 | G86: USBDFNW | I86: F.A.S.T of NW Ohio | K86: 3477 S Dixie Hwy | L86: Lima | M86: OH | N86: 45805 | O86: danielgjones17@hotmail.com | Q86: Danny | R86: Jones | S86: 822 N. Jefferson Street | T86: Lima | U86: OH | V86: 45801 | X86: 419-302-5497 | Z86: X | AA86: 105 | AB86: 209 | AE86: Sundays: Jan. 5, 12, 19, 26; Feb. 2, 9 | AF86: 9am-1pm | AG86: X | AI86: 139 | AJ86: =AI86+20 -> 159 | AK86: =AJ86+20 -> 179 | AM86: https://usbaseballacademy.com/lima-baseball-camp/ | AN86: X | AO86: 107 | AP86: 106 | AQ86: X | AR86: 119 | AS86: 114 | AT86: X | AU86: 41 | AV86: X | AW86: 132 | AX86: 123 | AY86: X | AZ86: 82 | BA86: 2 | BB86: X | BC86: 84 | BD86: X | BE86: 144 | BF86: 141 | BG86: X | BH86: 57 | BI86: 0.6786 | BJ86: X | BK86: 85 | BL86: X | BM86: 149 | BN86: 144 | BP86: X | BQ86: 100 | BR86: X | BS86: 154 | BT86: 154 | BU86: X | BV86: 102 | BW86: 145 | BX86: 145 | BY86: X | BZ86: 102 | CA86: 145 | CB86: 145 | CC86: X | CE86: 146 | CF86: 146 | CG86: X | CI86: 146 | CJ86: 146 | CK86: X | CL86: 146 | CM86: 146 | CO86: 146 | CP86: 146
A87: B-RET | C87: X | D87: 61 | G87: USBDFLC | I87: Finger Lakes CC | K87: 3325 Marvin Sands Dr | L87: Canandaigua | M87: NY | N87: 14424 | O87: sean.marren@flcc.edu | Q87: Sean | R87: Marren | S87: 5967 Chipmunk Circle | T87: Farmington, | U87: NY | V87: 14425 | W87: 585-785-1729 | X87: 585-739-8701 | Z87: X | AA87: 105 | AB87: 202 | AE87: Sundays: Jan. 5, 12, 26; Feb. 2 | AF87: 9am-1:30pm | AG87: X | AI87: 149 | AJ87: =AI87+20 -> 169 | AK87: =AJ87+20 -> 189 | AM87: https://usbaseballacademy.com/canandaigua-baseball-camp/ | AN87: X | AO87: 63 | AP87: 60 | AQ87: X | AR87: 75 | AS87: 65 | AT87: X | AU87: 22 | AV87: X | AW87: 84 | AX87: 73 | AY87: X | AZ87: 51 | BA87: 2.3182 | BB87: X | BC87: 49 | BD87: X | BE87: 95 | BF87: 84 | BG87: X | BH87: 35 | BI87: 0.7143 | BJ87: X | BK87: 52 | BL87: X | BM87: 92 | BN87: 87 | BP87: X | BQ87: 59 | BR87: X | BS87: 96 | BT87: 96 | BU87: X | BV87: 61 | BW87: 96 | BX87: 96 | BY87: X | BZ87: 61 | CA87: 99 | CB87: 96 | CC87: X | CE87: 99 | CF87: 96 | CG87: X | CI87: 99 | CJ87: 96 | CK87: X | CL87: 96 | CM87: 96 | CO87: 96 | CP87: 96
A88: B-RET | G88: USBDFLC2 | I88: Finger Lakes CC - WINTER BREAK | K88: 3325 Marvin Sands Dr | L88: Canandaigua | M88: NY | N88: 14424 | O88: sean.marren@flcc.edu | Q88: Sean | R88: Marren | S88: 5967 Chipmunk Circle | T88: Farmington, | U88: NY | V88: 14425 | W88: 585-785-1729 | X88: 585-739-8701 | AA88: 27 | AB88: 30 | AE88: Fri.-Mon.: Dec. 27, 28, 29, 30 | AF88: 9am-3pm | AI88: 295 | AJ88: 0 | AK88: 0 | AM88: https://usbaseballacademy.com/canandaigua-baseball-camp/ | AO88: 11 | AP88: 11 | AR88: 14 | AS88: 13 | AW88: 16 | AX88: 16 | AZ88: 16 | BA88: #DIV/0! | BE88: 16 | BF88: 16 | BH88: 16 | BI88: #DIV/0! | BM88: 16 | BN88: 16 | BS88: 16 | BT88: 16 | BW88: 16 | BX88: 16 | CA88: 16 | CB88: 16 | CE88: 16 | CF88: 16 | CI88: 16 | CJ88: 16 | CL88: 16 | CM88: 16 | CO88: 16 | CP88: 16
A89: B-RET | C89: X | D89: 108 | G89: USBDFLH | I89: Firelands HS | J89: Firelands Middle School | K89: 10643 Vermilion Rd | L89: Oberlin | M89: OH | N89: 44074 | O89: dransom0010@gmail.com | Q89: Dan | R89: Ransom | S89: 8098 Rice Rd. | T89: Amherst | U89: OH | V89: 44011 | W89: 440-965-4255 | X89: 440-724-9036 | Z89: X | AA89: 119 | AB89: 209 | AE89: Sundays: Jan. 19, 26; Feb. 2, 9 | AF89: Noon-4:30pm | AG89: X | AI89: 139 | AJ89: =AI89+20 -> 159 | AK89: =AJ89+20 -> 179 | AM89: https://usbaseballacademy.com/cleveland-south-amherst-baseball-camp/ | AN89: X | AO89: 38 | AP89: 29 | AQ89: X | AR89: 56 | AS89: 38 | AT89: X | AU89: 29 | AV89: X | AW89: 79 | AX89: 50 | AY89: X | AZ89: 21 | BA89: 0.7241 | BB89: X | BC89: 61 | BD89: X | BE89: 72 | BF89: 55 | BG89: X | BH89: -6 | BI89: -0.0984 | BJ89: X | BK89: 71 | BL89: X | BM89: 68 | BN89: 57 | BP89: X | BQ89: 93 | BR89: X | BS89: 69 | BT89: 60 | BU89: X | BV89: 100 | BW89: 78 | BX89: 71 | BY89: X | BZ89: 105 | CA89: 88 | CB89: 85 | CC89: X | CE89: 80 | CF89: 80 | CG89: X | CI89: 78 | CJ89: 76 | CK89: X | CL89: 73 | CM89: 73 | CO89: 73 | CP89: 73
A90: B-RET | D90: 73 | G90: USBDFSH | I90: Firestone HS | K90: 470 Castle Blvd | L90: Akron | M90: OH | N90: 44313 | O90: jeffrygsloan@gmail.com | Q90: Jeff | R90: Sloan | S90: 1867 Larchmont Rd. | T90: Akron | U90: OH | V90: 44313 | X90: 330-329-0637 | Z90: X | AA90: 112 | AB90: 202 | AE90: Sundays: Jan. 12, 19, 26; Feb. 2 | AF90: Noon-4:30pm | AG90: X | AI90: 139 | AJ90: =AI90+20 -> 159 | AK90: =AJ90+20 -> 179 | AM90: https://usbaseballacademy.com/akron-baseball-camp/ | AN90: X | AO90: 54 | AP90: 52 | AQ90: X | AR90: 56 | AS90: 55 | AT90: X | AU90: 31 | AV90: X | AW90: 70 | AX90: 70 | AY90: X | AZ90: 39 | BA90: 1.2581 | BB90: X | BC90: 58 | BD90: X | BE90: 73 | BF90: 73 | BG90: X | BH90: 15 | BI90: 0.2586 | BJ90: X | BK90: 58 | BL90: X | BM90: 84 | BN90: 80 | BP90: X | BQ90: 70 | BR90: X | BS90: 100 | BT90: 95 | BU90: X | BV90: 73 | BW90: 100 | BX90: 100 | BY90: X | BZ90: 73 | CA90: 100 | CB90: 100 | CC90: X | CE90: 98 | CF90: 98 | CG90: X | CI90: 98 | CJ90: 98 | CK90: X | CL90: 98 | CM90: 98 | CO90: 98 | CP90: 98
A91: B-RET | D91: 127 | G91: USBDFRI | I91: Fridley HS | K91: 6000 W Moore Lake Dr | L91: Fridley | M91: MN | N91: 55432 | O91: daniel.nalepka@fridley.k12.mn.us | Q91: Dan | R91: Nalepka | S91: 426 147th Lane NE | T91: Ham Lake | U91: MN | V91: 55304 | X91: 612-669-4798 | Z91: X | AA91: 105 | AB91: 126 | AE91: Sundays: Jan. 5, 12, 26; Feb. 9 | AF91: Noon-4:30pm | AG91: X | AI91: 139 | AJ91: =AI91+20 -> 159 | AK91: =AJ91+20 -> 179 | AM91: https://usbaseballacademy.com/fridley-baseball-camp/ | AN91: X | AO91: 52 | AP91: 51 | AQ91: X | AR91: 54 | AS91: 54 | AT91: X | AU91: 44 | AV91: X | AW91: 58 | AX91: 58 | AY91: X | AZ91: 14 | BA91: 0.3182 | BB91: X | BC91: 96 | BD91: X | BE91: 61 | BF91: 61 | BG91: X | BH91: -35 | BI91: -0.3646 | BJ91: X | BK91: 96 | BL91: X | BM91: 61 | BN91: 61 | BP91: X | BQ91: 117 | BR91: X | BS91: 71 | BT91: 71 | BU91: X | BV91: 127 | BW91: 71 | BX91: 71 | BY91: X | BZ91: 127 | CA91: 71 | CB91: 71 | CC91: X | CE91: 71 | CF91: 71 | CG91: X | CI91: 71 | CJ91: 71 | CK91: X | CL91: 71 | CM91: 71 | CO91: 71 | CP91: 71
A92: B-RET | D92: 124 | G92: USBDHIN | I92: Gateway HS | K92: 1300 S Sable Blvd | L92: Aurora | M92: CO | N92: 80012 | O92: teamrocksports@gmail.com | Q92: Nick | R92: Dixon | S92: 20503 East Union Circle | T92: Aurora | U92: CO | V92: 80015 | X92: 303-994-6351 | Z92: X | AA92: 126 | AB92: 223 | AE92: Sundays: Jan. 26; Feb. 2, 16, 23 | AF92: 10am-2:30pm | AG92: X | AI92: 149 | AJ92: =AI92+20 -> 169 | AK92: =AJ92+20 -> 189 | AM92: https://usbaseballacademy.com/denver-aurora-baseball-camp/ | AN92: X | AO92: 54 | AP92: 50 | AQ92: X | AR92: 67 | AS92: 57 | AT92: X | AU92: 49 | AV92: X | AW92: 71 | AX92: 64 | AY92: X | AZ92: 15 | BA92: 0.3061 | BB92: X | BC92: 105 | BD92: X | BE92: 77 | BF92: 70 | BG92: X | BH92: -35 | BI92: -0.3333 | BJ92: X | BK92: 107 | BL92: X | BM92: 76 | BN92: 75 | BP92: X | BQ92: 112 | BR92: X | BS92: 86 | BT92: 82 | BU92: X | BV92: 115 | BW92: 91 | BX92: 87 | BY92: X | BZ92: 115 | CA92: 105 | CB92: 95 | CC92: X | CE92: 103 | CF92: 103 | CG92: X | CI92: 104 | CJ92: 104 | CK92: X | CL92: 104 | CM92: 104 | CO92: 104 | CP92: 104
A93: B-RET | C93: X | D93: 82 | G93: USBDGCC | I93: Genesee CC | J93: Richard Call Arena | K93: 1 College Rd | L93: Batavia | M93: NY | N93: 14020 | O93: ssherman@genesee.edu | Q93: Skip | R93: Sherman | S93: 17295 Taylor Rd. | T93: Holley | U93: NY | V93: 14470 | X93: 585-350-9397 | Z93: X | AA93: 201 | AB93: 222 | AE93: Saturdays: Feb. 1, 8, 15, 22 | AF93: 1pm-5:30pm | AG93: X | AI93: 149 | AJ93: =AI93+20 -> 169 | AK93: =AJ93+20 -> 189 | AM93: https://usbaseballacademy.com/batavia-baseball-camp/ | AN93: X | AO93: 45 | AP93: 41 | AQ93: X | AR93: 46 | AS93: 41 | AT93: X | AU93: 24 | AV93: X | AW93: 58 | AX93: 47 | AY93: X | AZ93: 23 | BA93: 0.9583 | BB93: X | BC93: 60 | BD93: X | BE93: 58 | BF93: 53 | BG93: X | BH93: -7 | BI93: -0.1167 | BJ93: X | BK93: 60 | BL93: X | BM93: 58 | BN93: 53 | BP93: X | BQ93: 70 | BR93: X | BS93: 57 | BT93: 57 | BU93: X | BV93: 74 | BW93: 59 | BX93: 59 | BY93: X | BZ93: 77 | CA93: 59 | CB93: 59 | CC93: X | CE93: 63 | CF93: 59 | CG93: X | CI93: 60 | CJ93: 60 | CK93: X | CL93: 63 | CM93: 63 | CO93: 63 | CP93: 63
A94: B-RET | D94: 143 | G94: USBDGC | I94: Geneva College | K94: 3200 College Ave | L94: Beaver Falls | M94: PA | N94: 15010 | O94: awsumner@geneva.edu | Q94: Alan | R94: Sumner | S94: 123 Smith Lane | T94: Beaver Falls | U94: PA | V94: 15010 | W94: 724-847-0467 | X94: 412-974-8410 | Y94: 724-847-6647 | Z94: X | AA94: 118 | AB94: 208 | AE94: Saturdays: Jan. 18, 25; Feb. 1, 8 | AF94: 8am-12:30pm | AG94: X | AI94: 139 | AJ94: =AI94+20 -> 159 | AK94: =AJ94+20 -> 179 | AM94: https://usbaseballacademy.com/beaver-falls-baseball-camp/ | AN94: X | AO94: 63 | AP94: 49 | AQ94: X | AR94: 69 | AS94: 52 | AT94: X | AU94: 56 | AV94: X | AW94: 79 | AX94: 61 | AY94: X | AZ94: 5 | BA94: 0.0893 | BB94: X | BC94: 113 | BD94: X | BE94: 70 | BF94: 64 | BG94: X | BH94: -49 | BI94: -0.4336 | BJ94: X | BK94: 116 | BL94: X | BM94: 69 | BN94: 66 | BP94: X | BQ94: 125 | BR94: X | BS94: 77 | BT94: 70 | BU94: X | BV94: 133 | BW94: 82 | BX94: 75 | BY94: X | BZ94: 141 | CA94: 78 | CB94: 78 | CC94: X | CE94: 78 | CF94: 78 | CG94: X | CI94: 78 | CJ94: 78 | CK94: X | CL94: 78 | CM94: 78 | CO94: 78 | CP94: 78
A95: B-RET | C95: X | D95: 152 | G95: USBDGSC | I95: Glendale Sports Complex | K95: 2200 Fern Lane | L95: Glendale | M95: CA | N95: 91208 | O95: spiropsaltis@aol.com | Q95: Spiro | R95: Psaltis | S95: 5769 Summit Crest Dr | T95: La Canada | U95: CA | V95: 91011 | X95: 818-253-6503 | Z95: X | AA95: 105 | AB95: 126 | AE95: Sundays: Jan. 5, 12, 19, 26 | AF95: Noon-4:30pm | AG95: X | AI95: 159 | AJ95: =AI95+20 -> 179 | AK95: =AJ95+20 -> 199 | AM95: https://usbaseballacademy.com/los-angeles-glendale-baseball-camp/ | AN95: X | AO95: 138 | AP95: 115 | AQ95: X | AR95: 146 | AS95: 123 | AT95: X | AU95: 57 | AV95: X | AW95: 150 | AX95: 133 | AY95: X | AZ95: 76 | BA95: 1.3333 | BB95: X | BC95: 124 | BD95: X | BE95: 152 | BF95: 138 | BG95: X | BH95: 14 | BI95: 0.1129 | BJ95: X | BK95: 132 | BL95: X | BM95: 154 | BN95: 139 | BP95: X | BQ95: 141 | BR95: X | BS95: 152 | BT95: 150 | BU95: X | BV95: 149 | BW95: 150 | BX95: 146 | BY95: X | BZ95: 152 | CA95: 153 | CB95: 149 | CC95: X | CE95: 149 | CF95: 148 | CG95: X | CI95: 149 | CJ95: 148 | CK95: X | CL95: 149 | CM95: 148 | CO95: 149 | CP95: 148
A96: B-RET | C96: X | D96: 70 | G96: USBDGSG | I96: Golden State Grind | K96: 3500 Wilbur Ave | L96: Antioch | M96: CA | N96: 94509 | O96: billduby@gmail.com | Q96: Bill | R96: Duby | S96: 242 Valley Dr. | T96: Pleasant Hill | U96: CA | V96: 94523 | X96: 925-383-1819 | Y96: 925-480-7375 | Z96: X | AA96: 105 | AB96: 216 | AE96: Sundays: Jan. 5, 12, 19, 26; Feb. 2, 16 | AF96: Noon-4pm | AG96: X | AI96: 159 | AJ96: =AI96+20 -> 179 | AK96: =AJ96+20 -> 199 | AM96: https://usbaseballacademy.com/antioch-baseball-camp/ | AN96: X | AO96: 16 | AP96: 14 | AQ96: X | AR96: 18 | AS96: 16 | AT96: X | AU96: 31 | AV96: X | AW96: 25 | AX96: 17 | AY96: X | AZ96: -14 | BA96: -0.4516 | BB96: X | BC96: 62 | BD96: X | BE96: 23 | BF96: 17 | BG96: X | BH96: -45 | BI96: -0.7258 | BJ96: X | BK96: 66 | BL96: X | BM96: 22 | BN96: 19 | BP96: X | BQ96: 68 | BR96: X | BS96: 19 | BT96: 19 | BU96: X | BV96: 68 | BW96: 19 | BX96: 19 | BY96: X | BZ96: 70 | CA96: 21 | CB96: 19 | CC96: X | CE96: 19 | CF96: 19 | CG96: X | CI96: 19 | CJ96: 19 | CK96: X | CL96: 19 | CM96: 19 | CO96: 19 | CP96: 19
A97: B-RET | C97: X | D97: 112 | G97: USBDGLH | I97: Gull Lake HS | K97: 7753 N 34th St | L97: Richland | M97: MI | N97: 49083 | O97: rwalters@gulllakecs.org | Q97: Reggie | R97: Walters | S97: 11073 E. CD Ave. | T97: Richland | U97: MI | V97: 49083 | X97: 269-377-3025 | Z97: X | AA97: 119 | AB97: 216 | AE97: Sundays: Jan. 19, 26; Feb. 2, 16 | AF97: Noon-4:30pm | AG97: X | AI97: 139 | AJ97: =AI97+20 -> 159 | AK97: =AJ97+20 -> 179 | AM97: https://usbaseballacademy.com/richland-baseball-camp/ | AN97: X | AO97: 37 | AP97: 33 | AQ97: X | AR97: 45 | AS97: 41 | AT97: X | AU97: 37 | AV97: X | AW97: 48 | AX97: 43 | AY97: X | AZ97: 6 | BA97: 0.1622 | BB97: X | BC97: 78 | BD97: X | BE97: 56 | BF97: 53 | BG97: X | BH97: -25 | BI97: -0.3205 | BJ97: X | BK97: 78 | BL97: X | BM97: 57 | BN97: 54 | BP97: X | BQ97: 94 | BR97: X | BS97: 66 | BT97: 60 | BU97: X | BV97: 110 | BW97: 76 | BX97: 67 | BY97: X | BZ97: 113 | CA97: 76 | CB97: 76 | CC97: X | CE97: 76 | CF97: 76 | CG97: X | CI97: 76 | CJ97: 76 | CK97: X | CL97: 76 | CM97: 76 | CO97: 76 | CP97: 76
A98: B-RET | D98: 265 | G98: USBDHU | I98: Hamline University | K98: 1536 Hewitt Ave | L98: St Paul | M98: MN | N98: 55104 | O98: jweyandt02@hamline.edu | Q98: Jim | R98: Weyandt | S98: 1901 Jewel Drive | T98: Woodbury | U98: MN | V98: 55125 | W98: 651-523-2326 | X98: 651-307-1926 | Y98: 651-523-2035 | Z98: X | AA98: 104 | AB98: 208 | AE98: Saturdays: Jan. 4, 11, 18, 25; Feb. 1, 8 | AF98: 11am-4pm | AG98: X | AI98: 139 | AJ98: =AI98+20 -> 159 | AK98: =AJ98+20 -> 179 | AM98: https://usbaseballacademy.com/st-paul-baseball-camp/ | AN98: X | AO98: 269 | AP98: 260 | AQ98: X | AR98: 278 | AS98: 273 | AT98: X | AU98: 111 | AV98: X | AW98: 284 | AX98: 279 | AY98: X | AZ98: 168 | BA98: 1.5135 | BB98: X | BC98: 254 | BD98: X | BE98: 280 | BF98: 278 | BG98: X | BH98: 24 | BI98: 0.0945 | BJ98: X | BK98: 259 | BL98: X | BM98: 276 | BN98: 274 | BP98: X | BQ98: 264 | BR98: X | BS98: 278 | BT98: 278 | BU98: X | BV98: 265 | BW98: 279 | BX98: 279 | BY98: X | BZ98: 265 | CA98: 279 | CB98: 279 | CC98: X | CE98: 279 | CF98: 279 | CG98: X | CI98: 279 | CJ98: 279 | CK98: X | CL98: 279 | CM98: 279 | CO98: 279 | CP98: 279
A99: B-RET | G99: USBDHU2 | I99: Hamline University - WINTER BREAK | K99: 1536 Hewitt Ave | L99: St Paul | M99: MN | N99: 55104 | O99: jweyandt02@hamline.edu | Q99: Jim | R99: Weyandt | S99: 1901 Jewel Drive | T99: Woodbury | U99: MN | V99: 55125 | W99: 651-523-2326 | X99: 651-307-1926 | Y99: 651-523-2035 | AA99: 27 | AB99: 30 | AE99: Fri.-Mon.: Dec. 27, 28, 29, 30 | AF99: 9am-3pm | AI99: 295 | AJ99: 0 | AK99: 0 | AM99: https://usbaseballacademy.com/st-paul-baseball-camp/ | AO99: 25 | AP99: 20 | AR99: 26 | AS99: 22 | AW99: 31 | AX99: 25 | AZ99: 25 | BA99: #DIV/0! | BE99: 33 | BF99: 29 | BH99: 29 | BI99: #DIV/0! | BM99: 28 | BN99: 28 | BS99: 28 | BT99: 28 | BW99: 28 | BX99: 28 | CA99: 28 | CB99: 28 | CE99: 28 | CF99: 28 | CI99: 28 | CJ99: 28 | CL99: 28 | CM99: 28 | CO99: 28 | CP99: 28
A100: B-RET | C100: X | D100: 156 | G100: USBDHV | I100: Hidden Valley HS | K100: 5000 Titan Trail | L100: Roanoke | M100: VA | N100: 24018 | O100: slough36@gmail.com | Q100: Kevin | R100: Slough | X100: 540-353-6234 | Z100: X | AA100: 119 | AB100: 209 | AE100: Saturdays: Jan. 18, 25; Feb. 1, 8 | AF100: 9am-1:30pm | AG100: X | AI100: 139 | AJ100: 149 | AK100: =AJ100+20 -> 169 | AM100: https://usbaseballacademy.com/roanoke-baseball-camp/ | AN100: X | AO100: 83 | AP100: 73 | AQ100: X | AR100: 92 | AS100: 85 | AT100: X | AU100: 47 | AV100: X | AW100: 99 | AX100: 89 | AY100: X | AZ100: 42 | BA100: 0.8936 | BB100: X | BC100: 115 | BD100: X | BE100: 99 | BF100: 90 | BG100: X | BH100: -25 | BI100: -0.2174 | BJ100: X | BK100: 120 | BL100: X | BM100: 103 | BN100: 93 | BP100: X | BQ100: 134 | BR100: X | BS100: 103 | BT100: 98 | BU100: X | BV100: 146 | BW100: 105 | BX100: 100 | BY100: X | BZ100: 156 | CA100: 95 | CB100: 95 | CC100: X | CE100: 95 | CF100: 95 | CG100: X | CI100: 97 | CJ100: 95 | CK100: X | CL100: 95 | CM100: 95 | CO100: 95 | CP100: 95
...

Sheet WIN_TRKNG_BBALL
A1: STATUS | B1: Camp Code | C1: SITE | D1: START | E1: END | F1: DATES | G1: TIMES | I1: SD Updated | J1: Website | K1: USBA Landing Page | L1: Craft Landing Page | M1: Contract Sent | N1: Contract Rec | O1: Flyer | P1: Flyer Sent | Q1: FB Ads Launched | R1: COI Rec | S1: Coaches DB CXT | T1: BG Check Sent | U1: BG Check Complete | V1: Roster Email | W1: Director Email | X1: T-Shirts | Y1: Payment | AB1: BG Check ANKORED | AC1: # OF COACHES | AD1: # BG COMPLETE
A2: {=_xlfn.XLOOKUP(C2, '❄️ SD-WIN-BBALL ⚾'!$I$2:I168, '❄️ SD-WIN-BBALL ⚾'!$A$2:A169)} -> #VALUE! | B2: {=_xlfn.XLOOKUP(C2, '❄️ SD-WIN-BBALL ⚾'!$I$2:I168, '❄️ SD-WIN-BBALL ⚾'!$G$2:G168)} -> USBDROS | C2: {=_xlfn.SORTBY('❄️ SD-WIN-BBALL ⚾'!$I$2:I168, '❄️ SD-WIN-BBALL ⚾'!$I$2:I168, 1)} -> 2SP Sports Performance | D2: {=_xlfn.XLOOKUP(C2, '❄️ SD-WIN-BBALL ⚾'!$I$2:I168, '❄️ SD-WIN-BBALL ⚾'!$AA$2:AA168)} -> 405 | E2: {=_xlfn.XLOOKUP(C2, '❄️ SD-WIN-BBALL ⚾'!$I$2:I168, '❄️ SD-WIN-BBALL ⚾'!$AB$2:AB168)} -> 426 | F2: {=_xlfn.XLOOKUP(C2, '❄️ SD-WIN-BBALL ⚾'!$I$2:I168, '❄️ SD-WIN-BBALL ⚾'!$AE$2:AE168)} -> Saturdays: Apr. 5, 12, 19, 26 | G2: {=_xlfn.XLOOKUP(C2, '❄️ SD-WIN-BBALL ⚾'!$I$2:I168, '❄️ SD-WIN-BBALL ⚾'!$AF$2:AF168)} -> 10:30am-3pm | I2: TRUE | J2: TRUE | K2: TRUE | L2: TRUE | M2: TRUE | N2: TRUE | O2: TRUE | P2: TRUE | Q2: TRUE | R2: TRUE | S2: TRUE | T2: FALSE | U2: FALSE | V2: FALSE | W2: FALSE | X2: FALSE | Y2: FALSE | AB2: TRUE | AC2: 1 | AD2: 1
A3: {=_xlfn.XLOOKUP(C3, '❄️ SD-WIN-BBALL ⚾'!$I$2:I170, '❄️ SD-WIN-BBALL ⚾'!$A$2:A170)} -> Z-CNCLD-LOW ENRLMT | B3: {=_xlfn.XLOOKUP(C3, '❄️ SD-WIN-BBALL ⚾'!$I$2:I170, '❄️ SD-WIN-BBALL ⚾'!$G$2:G170)} -> USBDROS3 | C3: 2SP Sports Performance - WINTER BREAK | D3: {=_xlfn.XLOOKUP(C3, '❄️ SD-WIN-BBALL ⚾'!$I$2:I170, '❄️ SD-WIN-BBALL ⚾'!$AA$2:AA170)} -> 0 | E3: {=_xlfn.XLOOKUP(C3, '❄️ SD-WIN-BBALL ⚾'!$I$2:I170, '❄️ SD-WIN-BBALL ⚾'!$AB$2:AB170)} -> 0 | F3: {=_xlfn.XLOOKUP(C3, '❄️ SD-WIN-BBALL ⚾'!$I$2:I170, '❄️ SD-WIN-BBALL ⚾'!$AE$2:AE170)} -> 0 | G3: {=_xlfn.XLOOKUP(C3, '❄️ SD-WIN-BBALL ⚾'!$I$2:I170, '❄️ SD-WIN-BBALL ⚾'!$AF$2:AF170)} -> 0 | I3: TRUE | J3: TRUE | K3: TRUE | L3: TRUE | M3: TRUE | N3: TRUE | O3: TRUE | P3: TRUE | Q3: TRUE | R3: TRUE | S3: TRUE | T3: TRUE | U3: FALSE | V3: TRUE | W3: TRUE | X3: TRUE | Y3: TRUE | AB3: TRUE | AC3: 5 | AD3: 2
A4: {=_xlfn.XLOOKUP(C4, '❄️ SD-WIN-BBALL ⚾'!$I$2:I171, '❄️ SD-WIN-BBALL ⚾'!$A$2:A171)} -> B-RET | B4: {=_xlfn.XLOOKUP(C4, '❄️ SD-WIN-BBALL ⚾'!$I$2:I171, '❄️ SD-WIN-BBALL ⚾'!$G$2:G171)} -> USBDAC | C4: Adrian College | D4: {=_xlfn.XLOOKUP(C4, '❄️ SD-WIN-BBALL ⚾'!$I$2:I171, '❄️ SD-WIN-BBALL ⚾'!$AA$2:AA171)} -> 112 | E4: {=_xlfn.XLOOKUP(C4, '❄️ SD-WIN-BBALL ⚾'!$I$2:I171, '❄️ SD-WIN-BBALL ⚾'!$AB$2:AB171)} -> 202 | F4: {=_xlfn.XLOOKUP(C4, '❄️ SD-WIN-BBALL ⚾'!$I$2:I171, '❄️ SD-WIN-BBALL ⚾'!$AE$2:AE171)} -> Sundays: Jan. 12, 19, 26; Feb. 2 | G4: {=_xlfn.XLOOKUP(C4, '❄️ SD-WIN-BBALL ⚾'!$I$2:I171, '❄️ SD-WIN-BBALL ⚾'!$AF$2:AF171)} -> 10am-2:30pm | I4: TRUE | J4: TRUE | K4: TRUE | L4: TRUE | M4: TRUE | N4: TRUE | O4: TRUE | P4: TRUE | Q4: TRUE | R4: TRUE | S4: TRUE | T4: TRUE | U4: FALSE | V4: TRUE | W4: TRUE | X4: TRUE | Y4: FALSE | AB4: TRUE | AC4: 5 | AD4: 1
A5: {=_xlfn.XLOOKUP(C5, '❄️ SD-WIN-BBALL ⚾'!$I$2:I172, '❄️ SD-WIN-BBALL ⚾'!$A$2:A172)} -> B-RET | B5: {=_xlfn.XLOOKUP(C5, '❄️ SD-WIN-BBALL ⚾'!$I$2:I172, '❄️ SD-WIN-BBALL ⚾'!$G$2:G172)} -> USBDAI | C5: Alameda International HS | D5: {=_xlfn.XLOOKUP(C5, '❄️ SD-WIN-BBALL ⚾'!$I$2:I172, '❄️ SD-WIN-BBALL ⚾'!$AA$2:AA172)} -> 125 | E5: {=_xlfn.XLOOKUP(C5, '❄️ SD-WIN-BBALL ⚾'!$I$2:I172, '❄️ SD-WIN-BBALL ⚾'!$AB$2:AB172)} -> 222 | F5: {=_xlfn.XLOOKUP(C5, '❄️ SD-WIN-BBALL ⚾'!$I$2:I172, '❄️ SD-WIN-BBALL ⚾'!$AE$2:AE172)} -> Saturdays: Jan. 25; Feb. 1, 15, 22 | G5: {=_xlfn.XLOOKUP(C5, '❄️ SD-WIN-BBALL ⚾'!$I$2:I172, '❄️ SD-WIN-BBALL ⚾'!$AF$2:AF172)} -> 9am-1:30pm | I5: TRUE | J5: TRUE | K5: TRUE | L5: TRUE | M5: TRUE | N5: TRUE | O5: TRUE | P5: TRUE | Q5: TRUE | R5: TRUE | S5: TRUE | T5: TRUE | U5: FALSE | V5: TRUE | W5: TRUE | X5: TRUE | Y5: FALSE | AB5: TRUE | AC5: 15 | AD5: 4
A6: {=_xlfn.XLOOKUP(C6, '❄️ SD-WIN-BBALL ⚾'!$I$2:I173, '❄️ SD-WIN-BBALL ⚾'!$A$2:A173)} -> B-RET | B6: {=_xlfn.XLOOKUP(C6, '❄️ SD-WIN-BBALL ⚾'!$I$2:I173, '❄️ SD-WIN-BBALL ⚾'!$G$2:G173)} -> USBDAT | C6: Alexandria Technical CC | D6: {=_xlfn.XLOOKUP(C6, '❄️ SD-WIN-BBALL ⚾'!$I$2:I173, '❄️ SD-WIN-BBALL ⚾'!$AA$2:AA173)} -> 118 | E6: {=_xlfn.XLOOKUP(C6, '❄️ SD-WIN-BBALL ⚾'!$I$2:I173, '❄️ SD-WIN-BBALL ⚾'!$AB$2:AB173)} -> 208 | F6: {=_xlfn.XLOOKUP(C6, '❄️ SD-WIN-BBALL ⚾'!$I$2:I173, '❄️ SD-WIN-BBALL ⚾'!$AE$2:AE173)} -> Saturdays: Jan. 18, 25; Feb. 1, 8 | G6: {=_xlfn.XLOOKUP(C6, '❄️ SD-WIN-BBALL ⚾'!$I$2:I173, '❄️ SD-WIN-BBALL ⚾'!$AF$2:AF173)} -> 12:30pm-5pm | I6: TRUE | J6: TRUE | K6: TRUE | L6: TRUE | M6: TRUE | N6: TRUE | O6: TRUE | P6: TRUE | Q6: TRUE | R6: TRUE | S6: TRUE | T6: TRUE | U6: FALSE | V6: TRUE | W6: TRUE | X6: TRUE | Y6: TRUE | AB6: TRUE | AC6: 1 | AD6: 0
A7: {=_xlfn.XLOOKUP(C7, '❄️ SD-WIN-BBALL ⚾'!$I$2:I174, '❄️ SD-WIN-BBALL ⚾'!$A$2:A174)} -> B-RET | B7: {=_xlfn.XLOOKUP(C7, '❄️ SD-WIN-BBALL ⚾'!$I$2:I174, '❄️ SD-WIN-BBALL ⚾'!$G$2:G174)} -> USBDALL | C7: Alliance HS | D7: {=_xlfn.XLOOKUP(C7, '❄️ SD-WIN-BBALL ⚾'!$I$2:I174, '❄️ SD-WIN-BBALL ⚾'!$AA$2:AA174)} -> 202 | E7: {=_xlfn.XLOOKUP(C7, '❄️ SD-WIN-BBALL ⚾'!$I$2:I174, '❄️ SD-WIN-BBALL ⚾'!$AB$2:AB174)} -> 223 | F7: {=_xlfn.XLOOKUP(C7, '❄️ SD-WIN-BBALL ⚾'!$I$2:I174, '❄️ SD-WIN-BBALL ⚾'!$AE$2:AE174)} -> Sundays: Feb. 2, 9, 16, 23 | G7: {=_xlfn.XLOOKUP(C7, '❄️ SD-WIN-BBALL ⚾'!$I$2:I174, '❄️ SD-WIN-BBALL ⚾'!$AF$2:AF174)} -> Noon-4:30pm | I7: TRUE | J7: TRUE | K7: TRUE | L7: TRUE | M7: TRUE | N7: TRUE | O7: TRUE | P7: TRUE | Q7: TRUE | R7: TRUE | S7: TRUE | T7: TRUE | U7: FALSE | V7: TRUE | W7: TRUE | X7: TRUE | Y7: TRUE | AB7: TRUE | AC7: 9 | AD7: 0
A8: {=_xlfn.XLOOKUP(C8, '❄️ SD-WIN-BBALL ⚾'!$I$2:I175, '❄️ SD-WIN-BBALL ⚾'!$A$2:A175)} -> B-RET | B8: {=_xlfn.XLOOKUP(C8, '❄️ SD-WIN-BBALL ⚾'!$I$2:I175, '❄️ SD-WIN-BBALL ⚾'!$G$2:G175)} -> USBDAND | C8: Anderson County HS | D8: {=_xlfn.XLOOKUP(C8, '❄️ SD-WIN-BBALL ⚾'!$I$2:I175, '❄️ SD-WIN-BBALL ⚾'!$AA$2:AA175)} -> 105 | E8: {=_xlfn.XLOOKUP(C8, '❄️ SD-WIN-BBALL ⚾'!$I$2:I175, '❄️ SD-WIN-BBALL ⚾'!$AB$2:AB175)} -> 126 | F8: {=_xlfn.XLOOKUP(C8, '❄️ SD-WIN-BBALL ⚾'!$I$2:I175, '❄️ SD-WIN-BBALL ⚾'!$AE$2:AE175)} -> Sundays: Jan. 5, 12, 19, 26 | G8: {=_xlfn.XLOOKUP(C8, '❄️ SD-WIN-BBALL ⚾'!$I$2:I175, '❄️ SD-WIN-BBALL ⚾'!$AF$2:AF175)} -> 2pm-6:30pm | I8: TRUE | J8: TRUE | K8: TRUE | L8: TRUE | M8: TRUE | N8: TRUE | O8: TRUE | P8: TRUE | Q8: TRUE | R8: TRUE | S8: TRUE | T8: TRUE | U8: FALSE | V8: TRUE | W8: TRUE | X8: TRUE | Y8: FALSE | AB8: TRUE | AC8: 12 | AD8: 3
A9: {=_xlfn.XLOOKUP(C9, '❄️ SD-WIN-BBALL ⚾'!$I$2:I178, '❄️ SD-WIN-BBALL ⚾'!$A$2:A178)} -> B-RET | B9: {=_xlfn.XLOOKUP(C9, '❄️ SD-WIN-BBALL ⚾'!$I$2:I178, '❄️ SD-WIN-BBALL ⚾'!$G$2:G178)} -> USBDAR | C9: Anoka-Ramsey CC | D9: {=_xlfn.XLOOKUP(C9, '❄️ SD-WIN-BBALL ⚾'!$I$2:I178, '❄️ SD-WIN-BBALL ⚾'!$AA$2:AA178)} -> 202 | E9: {=_xlfn.XLOOKUP(C9, '❄️ SD-WIN-BBALL ⚾'!$I$2:I178, '❄️ SD-WIN-BBALL ⚾'!$AB$2:AB178)} -> 222 | F9: {=_xlfn.XLOOKUP(C9, '❄️ SD-WIN-BBALL ⚾'!$I$2:I178, '❄️ SD-WIN-BBALL ⚾'!$AE$2:AE178)} -> Saturdays: Feb. 2 (Sun.), 8, 15, 22 | G9: {=_xlfn.XLOOKUP(C9, '❄️ SD-WIN-BBALL ⚾'!$I$2:I178, '❄️ SD-WIN-BBALL ⚾'!$AF$2:AF178)} -> 9am-1:30pm | I9: TRUE | J9: TRUE | K9: TRUE | L9: TRUE | M9: TRUE | N9: TRUE | O9: TRUE | P9: TRUE | Q9: TRUE | R9: TRUE | S9: TRUE | T9: TRUE | U9: FALSE | V9: TRUE | W9: TRUE | X9: TRUE | Y9: TRUE | AB9: TRUE | AC9: 3 | AD9: 1
A10: {=_xlfn.XLOOKUP(C10, '❄️ SD-WIN-BBALL ⚾'!$I$2:I179, '❄️ SD-WIN-BBALL ⚾'!$A$2:A179)} -> B-RET | B10: {=_xlfn.XLOOKUP(C10, '❄️ SD-WIN-BBALL ⚾'!$I$2:I179, '❄️ SD-WIN-BBALL ⚾'!$G$2:G179)} -> USBDARC | C10: Arcadia HS | D10: {=_xlfn.XLOOKUP(C10, '❄️ SD-WIN-BBALL ⚾'!$I$2:I179, '❄️ SD-WIN-BBALL ⚾'!$AA$2:AA179)} -> 202 | E10: {=_xlfn.XLOOKUP(C10, '❄️ SD-WIN-BBALL ⚾'!$I$2:I179, '❄️ SD-WIN-BBALL ⚾'!$AB$2:AB179)} -> 222 | F10: {=_xlfn.XLOOKUP(C10, '❄️ SD-WIN-BBALL ⚾'!$I$2:I179, '❄️ SD-WIN-BBALL ⚾'!$AE$2:AE179)} -> Sundays: Feb. 2, 9, 16, 22 (Sat.) | G10: {=_xlfn.XLOOKUP(C10, '❄️ SD-WIN-BBALL ⚾'!$I$2:I179, '❄️ SD-WIN-BBALL ⚾'!$AF$2:AF179)} -> 11am-3:30pm | I10: TRUE | J10: TRUE | K10: TRUE | L10: TRUE | M10: TRUE | N10: TRUE | O10: TRUE | P10: TRUE | Q10: TRUE | R10: TRUE | S10: TRUE | T10: TRUE | U10: FALSE | V10: TRUE | W10: TRUE | X10: TRUE | Y10: FALSE | AB10: TRUE | AC10: 4 | AD10: 0
A11: {=_xlfn.XLOOKUP(C11, '❄️ SD-WIN-BBALL ⚾'!$I$2:I180, '❄️ SD-WIN-BBALL ⚾'!$A$2:A180)} -> Z-CNCLD-LOW ENRLMT | B11: {=_xlfn.XLOOKUP(C11, '❄️ SD-WIN-BBALL ⚾'!$I$2:I180, '❄️ SD-WIN-BBALL ⚾'!$G$2:G180)} -> USBDAVH | C11: Arcadia Valley HS | D11: {=_xlfn.XLOOKUP(C11, '❄️ SD-WIN-BBALL ⚾'!$I$2:I180, '❄️ SD-WIN-BBALL ⚾'!$AA$2:AA180)} -> 0 | E11: {=_xlfn.XLOOKUP(C11, '❄️ SD-WIN-BBALL ⚾'!$I$2:I180, '❄️ SD-WIN-BBALL ⚾'!$AB$2:AB180)} -> 0 | F11: {=_xlfn.XLOOKUP(C11, '❄️ SD-WIN-BBALL ⚾'!$I$2:I180, '❄️ SD-WIN-BBALL ⚾'!$AE$2:AE180)} -> 0 | G11: {=_xlfn.XLOOKUP(C11, '❄️ SD-WIN-BBALL ⚾'!$I$2:I180, '❄️ SD-WIN-BBALL ⚾'!$AF$2:AF180)} -> 0 | I11: TRUE | J11: TRUE | K11: TRUE | L11: TRUE | M11: TRUE | N11: TRUE | O11: TRUE | P11: TRUE | Q11: TRUE | R11: TRUE | S11: TRUE | T11: TRUE | U11: FALSE | V11: TRUE | W11: TRUE | X11: TRUE | Y11: TRUE | AB11: TRUE | AC11: 1 | AD11: 0
A12: {=_xlfn.XLOOKUP(C12, '❄️ SD-WIN-BBALL ⚾'!$I$2:I181, '❄️ SD-WIN-BBALL ⚾'!$A$2:A181)} -> B-RET | B12: {=_xlfn.XLOOKUP(C12, '❄️ SD-WIN-BBALL ⚾'!$I$2:I181, '❄️ SD-WIN-BBALL ⚾'!$G$2:G181)} -> USBDARH | C12: Arcata HS | D12: {=_xlfn.XLOOKUP(C12, '❄️ SD-WIN-BBALL ⚾'!$I$2:I181, '❄️ SD-WIN-BBALL ⚾'!$AA$2:AA181)} -> 216 | E12: {=_xlfn.XLOOKUP(C12, '❄️ SD-WIN-BBALL ⚾'!$I$2:I181, '❄️ SD-WIN-BBALL ⚾'!$AB$2:AB181)} -> 309 | F12: {=_xlfn.XLOOKUP(C12, '❄️ SD-WIN-BBALL ⚾'!$I$2:I181, '❄️ SD-WIN-BBALL ⚾'!$AE$2:AE181)} -> Sundays: Feb. 16, 23; Mar. 2, 9 | G12: {=_xlfn.XLOOKUP(C12, '❄️ SD-WIN-BBALL ⚾'!$I$2:I181, '❄️ SD-WIN-BBALL ⚾'!$AF$2:AF181)} -> Noon-4:30pm | I12: TRUE | J12: TRUE | K12: TRUE | L12: TRUE | M12: TRUE | N12: TRUE | O12: TRUE | P12: TRUE | Q12: TRUE | R12: TRUE | S12: TRUE | T12: TRUE | U12: FALSE | V12: TRUE | W12: TRUE | X12: TRUE | Y12: TRUE | AB12: TRUE | AC12: 1 | AD12: 1
A13: {=_xlfn.XLOOKUP(C13, '❄️ SD-WIN-BBALL ⚾'!$I$2:I182, '❄️ SD-WIN-BBALL ⚾'!$A$2:A182)} -> A-NEW | B13: {=_xlfn.XLOOKUP(C13, '❄️ SD-WIN-BBALL ⚾'!$I$2:I182, '❄️ SD-WIN-BBALL ⚾'!$G$2:G182)} -> USBDARD | C13: Ardmore HS | D13: {=_xlfn.XLOOKUP(C13, '❄️ SD-WIN-BBALL ⚾'!$I$2:I182, '❄️ SD-WIN-BBALL ⚾'!$AA$2:AA182)} -> 202 | E13: {=_xlfn.XLOOKUP(C13, '❄️ SD-WIN-BBALL ⚾'!$I$2:I182, '❄️ SD-WIN-BBALL ⚾'!$AB$2:AB182)} -> 223 | F13: {=_xlfn.XLOOKUP(C13, '❄️ SD-WIN-BBALL ⚾'!$I$2:I182, '❄️ SD-WIN-BBALL ⚾'!$AE$2:AE182)} -> Sundays: Feb. 2, 9, 16, 23 | G13: {=_xlfn.XLOOKUP(C13, '❄️ SD-WIN-BBALL ⚾'!$I$2:I182, '❄️ SD-WIN-BBALL ⚾'!$AF$2:AF182)} -> 1pm-5:30pm | I13: TRUE | J13: TRUE | K13: TRUE | L13: TRUE | M13: TRUE | N13: TRUE | O13: TRUE | P13: TRUE | Q13: TRUE | R13: TRUE | S13: TRUE | T13: TRUE | U13: FALSE | V13: TRUE | W13: TRUE | X13: TRUE | Y13: FALSE | AB13: TRUE | AC13: 8 | AD13: 3
A14: {=_xlfn.XLOOKUP(C14, '❄️ SD-WIN-BBALL ⚾'!$I$2:I183, '❄️ SD-WIN-BBALL ⚾'!$A$2:A183)} -> A-NEW | B14: {=_xlfn.XLOOKUP(C14, '❄️ SD-WIN-BBALL ⚾'!$I$2:I183, '❄️ SD-WIN-BBALL ⚾'!$G$2:G183)} -> USBDALA | C14: Ascend Leadership Academy | D14: {=_xlfn.XLOOKUP(C14, '❄️ SD-WIN-BBALL ⚾'!$I$2:I183, '❄️ SD-WIN-BBALL ⚾'!$AA$2:AA183)} -> 111 | E14: {=_xlfn.XLOOKUP(C14, '❄️ SD-WIN-BBALL ⚾'!$I$2:I183, '❄️ SD-WIN-BBALL ⚾'!$AB$2:AB183)} -> 215 | F14: {=_xlfn.XLOOKUP(C14, '❄️ SD-WIN-BBALL ⚾'!$I$2:I183, '❄️ SD-WIN-BBALL ⚾'!$AE$2:AE183)} -> Saturdays: Jan. 11, 18; Feb. 8, 15 | G14: {=_xlfn.XLOOKUP(C14, '❄️ SD-WIN-BBALL ⚾'!$I$2:I183, '❄️ SD-WIN-BBALL ⚾'!$AF$2:AF183)} -> 9am-1:30pm | I14: TRUE | J14: TRUE | K14: TRUE | L14: TRUE | M14: TRUE | N14: TRUE | O14: TRUE | P14: TRUE | Q14: TRUE | R14: TRUE | S14: TRUE | T14: TRUE | U14: FALSE | V14: TRUE | W14: TRUE | X14: TRUE | Y14: TRUE | AB14: TRUE | AC14: 2 | AD14: 1
A15: {=_xlfn.XLOOKUP(C15, '❄️ SD-WIN-BBALL ⚾'!$I$2:I184, '❄️ SD-WIN-BBALL ⚾'!$A$2:A184)} -> B-RET | B15: {=_xlfn.XLOOKUP(C15, '❄️ SD-WIN-BBALL ⚾'!$I$2:I184, '❄️ SD-WIN-BBALL ⚾'!$G$2:G184)} -> USBDACC | C15: Aurora Central Catholic HS | D15: {=_xlfn.XLOOKUP(C15, '❄️ SD-WIN-BBALL ⚾'!$I$2:I184, '❄️ SD-WIN-BBALL ⚾'!$AA$2:AA184)} -> 216 | E15: {=_xlfn.XLOOKUP(C15, '❄️ SD-WIN-BBALL ⚾'!$I$2:I184, '❄️ SD-WIN-BBALL ⚾'!$AB$2:AB184)} -> 309 | F15: {=_xlfn.XLOOKUP(C15, '❄️ SD-WIN-BBALL ⚾'!$I$2:I184, '❄️ SD-WIN-BBALL ⚾'!$AE$2:AE184)} -> Sundays: Feb. 16, 23; Mar. 2, 9 | G15: {=_xlfn.XLOOKUP(C15, '❄️ SD-WIN-BBALL ⚾'!$I$2:I184, '❄️ SD-WIN-BBALL ⚾'!$AF$2:AF184)} -> 1pm-5:30pm | I15: TRUE | J15: TRUE | K15: TRUE | L15: TRUE | M15: TRUE | N15: TRUE | O15: TRUE | P15: TRUE | Q15: TRUE | R15: TRUE | S15: TRUE | T15: TRUE | U15: FALSE | V15: TRUE | W15: TRUE | X15: TRUE | Y15: TRUE | AB15: FALSE
A16: {=_xlfn.XLOOKUP(C16, '❄️ SD-WIN-BBALL ⚾'!$I$2:I185, '❄️ SD-WIN-BBALL ⚾'!$A$2:A185)} -> B-RET | B16: {=_xlfn.XLOOKUP(C16, '❄️ SD-WIN-BBALL ⚾'!$I$2:I185, '❄️ SD-WIN-BBALL ⚾'!$G$2:G185)} -> USBDBBA | C16: Ballistic Baseball Academy | D16: {=_xlfn.XLOOKUP(C16, '❄️ SD-WIN-BBALL ⚾'!$I$2:I185, '❄️ SD-WIN-BBALL ⚾'!$AA$2:AA185)} -> 104 | E16: {=_xlfn.XLOOKUP(C16, '❄️ SD-WIN-BBALL ⚾'!$I$2:I185, '❄️ SD-WIN-BBALL ⚾'!$AB$2:AB185)} -> 125 | F16: {=_xlfn.XLOOKUP(C16, '❄️ SD-WIN-BBALL ⚾'!$I$2:I185, '❄️ SD-WIN-BBALL ⚾'!$AE$2:AE185)} -> Saturdays: Jan. 4, 11, 18, 25 | G16: {=_xlfn.XLOOKUP(C16, '❄️ SD-WIN-BBALL ⚾'!$I$2:I185, '❄️ SD-WIN-BBALL ⚾'!$AF$2:AF185)} -> Noon-4:30pm | I16: TRUE | J16: TRUE | K16: TRUE | L16: TRUE | M16: TRUE | N16: TRUE | O16: TRUE | P16: TRUE | Q16: TRUE | R16: TRUE | S16: TRUE | T16: TRUE | U16: FALSE | V16: TRUE | W16: TRUE | X16: TRUE | Y16: TRUE | AB16: FALSE
A17: {=_xlfn.XLOOKUP(C17, '❄️ SD-WIN-BBALL ⚾'!$I$2:I186, '❄️ SD-WIN-BBALL ⚾'!$A$2:A186)} -> B-RET | B17: {=_xlfn.XLOOKUP(C17, '❄️ SD-WIN-BBALL ⚾'!$I$2:I186, '❄️ SD-WIN-BBALL ⚾'!$G$2:G186)} -> USBDBP | C17: Baseball Plus | D17: {=_xlfn.XLOOKUP(C17, '❄️ SD-WIN-BBALL ⚾'!$I$2:I186, '❄️ SD-WIN-BBALL ⚾'!$AA$2:AA186)} -> 110 | E17: {=_xlfn.XLOOKUP(C17, '❄️ SD-WIN-BBALL ⚾'!$I$2:I186, '❄️ SD-WIN-BBALL ⚾'!$AB$2:AB186)} -> 131 | F17: {=_xlfn.XLOOKUP(C17, '❄️ SD-WIN-BBALL ⚾'!$I$2:I186, '❄️ SD-WIN-BBALL ⚾'!$AE$2:AE186)} -> Fridays: Jan. 10, 17, 24, 31 | G17: {=_xlfn.XLOOKUP(C17, '❄️ SD-WIN-BBALL ⚾'!$I$2:I186, '❄️ SD-WIN-BBALL ⚾'!$AF$2:AF186)} -> 6pm-9pm | I17: TRUE | J17: TRUE | K17: TRUE | L17: TRUE | M17: TRUE | N17: TRUE | O17: TRUE | P17: TRUE | Q17: TRUE | R17: TRUE | S17: TRUE | T17: TRUE | U17: FALSE | V17: FALSE | W17: FALSE | X17: FALSE | Y17: FALSE | AB17: FALSE
A18: {=_xlfn.XLOOKUP(C18, '❄️ SD-WIN-BBALL ⚾'!$I$2:I187, '❄️ SD-WIN-BBALL ⚾'!$A$2:A187)} -> Z-CNCLD-LOW ENRLMT | B18: {=_xlfn.XLOOKUP(C18, '❄️ SD-WIN-BBALL ⚾'!$I$2:I187, '❄️ SD-WIN-BBALL ⚾'!$G$2:G187)} -> USBDBP2 | C18: Baseball Plus - WINTER BREAK | D18: {=_xlfn.XLOOKUP(C18, '❄️ SD-WIN-BBALL ⚾'!$I$2:I187, '❄️ SD-WIN-BBALL ⚾'!$AA$2:AA187)} -> 0 | E18: {=_xlfn.XLOOKUP(C18, '❄️ SD-WIN-BBALL ⚾'!$I$2:I187, '❄️ SD-WIN-BBALL ⚾'!$AB$2:AB187)} -> 0 | F18: {=_xlfn.XLOOKUP(C18, '❄️ SD-WIN-BBALL ⚾'!$I$2:I187, '❄️ SD-WIN-BBALL ⚾'!$AE$2:AE187)} -> 0 | G18: {=_xlfn.XLOOKUP(C18, '❄️ SD-WIN-BBALL ⚾'!$I$2:I187, '❄️ SD-WIN-BBALL ⚾'!$AF$2:AF187)} -> 0 | I18: TRUE | J18: TRUE | K18: TRUE | L18: TRUE | M18: TRUE | N18: TRUE | O18: TRUE | P18: TRUE | Q18: TRUE | R18: TRUE | S18: TRUE | T18: TRUE | U18: FALSE | V18: TRUE | W18: TRUE | X18: TRUE | Y18: TRUE | AB18: FALSE
A19: {=_xlfn.XLOOKUP(C19, '❄️ SD-WIN-BBALL ⚾'!$I$2:I188, '❄️ SD-WIN-BBALL ⚾'!$A$2:A188)} -> B-RET | B19: {=_xlfn.XLOOKUP(C19, '❄️ SD-WIN-BBALL ⚾'!$I$2:I188, '❄️ SD-WIN-BBALL ⚾'!$G$2:G188)} -> USBDBELL | C19: Bellbrook HS | D19: {=_xlfn.XLOOKUP(C19, '❄️ SD-WIN-BBALL ⚾'!$I$2:I188, '❄️ SD-WIN-BBALL ⚾'!$AA$2:AA188)} -> 119 | E19: {=_xlfn.XLOOKUP(C19, '❄️ SD-WIN-BBALL ⚾'!$I$2:I188, '❄️ SD-WIN-BBALL ⚾'!$AB$2:AB188)} -> 209 | F19: {=_xlfn.XLOOKUP(C19, '❄️ SD-WIN-BBALL ⚾'!$I$2:I188, '❄️ SD-WIN-BBALL ⚾'!$AE$2:AE188)} -> Sundays: Jan. 19, 26; Feb. 2, 9 | G19: {=_xlfn.XLOOKUP(C19, '❄️ SD-WIN-BBALL ⚾'!$I$2:I188, '❄️ SD-WIN-BBALL ⚾'!$AF$2:AF188)} -> Noon-4:30pm | I19: TRUE | J19: TRUE | K19: TRUE | L19: TRUE | M19: TRUE | N19: TRUE | O19: TRUE | P19: TRUE | Q19: TRUE | R19: TRUE | S19: TRUE | T19: TRUE | U19: FALSE | V19: TRUE | W19: TRUE | X19: TRUE | Y19: FALSE | AB19: FALSE
A20: {=_xlfn.XLOOKUP(C20, '❄️ SD-WIN-BBALL ⚾'!$I$2:I189, '❄️ SD-WIN-BBALL ⚾'!$A$2:A189)} -> Z-CNCLD-LOW ENRLMT | B20: {=_xlfn.XLOOKUP(C20, '❄️ SD-WIN-BBALL ⚾'!$I$2:I189, '❄️ SD-WIN-BBALL ⚾'!$G$2:G189)} -> USBDBSA | C20: Bellevue Sports Athletic Association - SPRING BREAK | D20: {=_xlfn.XLOOKUP(C20, '❄️ SD-WIN-BBALL ⚾'!$I$2:I189, '❄️ SD-WIN-BBALL ⚾'!$AA$2:AA189)} -> 310 | E20: {=_xlfn.XLOOKUP(C20, '❄️ SD-WIN-BBALL ⚾'!$I$2:I189, '❄️ SD-WIN-BBALL ⚾'!$AB$2:AB189)} -> 313 | F20: {=_xlfn.XLOOKUP(C20, '❄️ SD-WIN-BBALL ⚾'!$I$2:I189, '❄️ SD-WIN-BBALL ⚾'!$AE$2:AE189)} -> Mon.-Thurs.: March 10-13 | G20: {=_xlfn.XLOOKUP(C20, '❄️ SD-WIN-BBALL ⚾'!$I$2:I189, '❄️ SD-WIN-BBALL ⚾'!$AF$2:AF189)} -> 9am-3pm | I20: TRUE | J20: TRUE | K20: TRUE | L20: TRUE | M20: TRUE | N20: TRUE | O20: TRUE | P20: TRUE | Q20: TRUE | R20: TRUE | S20: TRUE | T20: TRUE | U20: FALSE | V20: TRUE | W20: TRUE | X20: TRUE | Y20: TRUE | AB20: FALSE
A21: {=_xlfn.XLOOKUP(C21, '❄️ SD-WIN-BBALL ⚾'!$I$2:I190, '❄️ SD-WIN-BBALL ⚾'!$A$2:A190)} -> B-RET | B21: {=_xlfn.XLOOKUP(C21, '❄️ SD-WIN-BBALL ⚾'!$I$2:I190, '❄️ SD-WIN-BBALL ⚾'!$G$2:G190)} -> USBDBC | C21: Benedict College | D21: 27 | E21: {=_xlfn.XLOOKUP(C21, '❄️ SD-WIN-BBALL ⚾'!$I$2:I190, '❄️ SD-WIN-BBALL ⚾'!$AB$2:AB190)} -> 209 | F21: {=_xlfn.XLOOKUP(C21, '❄️ SD-WIN-BBALL ⚾'!$I$2:I190, '❄️ SD-WIN-BBALL ⚾'!$AE$2:AE190)} -> Sundays: Jan. 19, 26; Feb. 2, 9 | G21: {=_xlfn.XLOOKUP(C21, '❄️ SD-WIN-BBALL ⚾'!$I$2:I190, '❄️ SD-WIN-BBALL ⚾'!$AF$2:AF190)} -> 1pm-5:30pm | I21: TRUE | J21: TRUE | K21: TRUE | L21: TRUE | M21: TRUE | N21: TRUE | O21: TRUE | P21: TRUE | Q21: TRUE | R21: TRUE | S21: TRUE | T21: TRUE | U21: FALSE | V21: TRUE | W21: TRUE | X21: TRUE | Y21: TRUE | AB21: FALSE
A22: {=_xlfn.XLOOKUP(C22, '❄️ SD-WIN-BBALL ⚾'!$I$2:I191, '❄️ SD-WIN-BBALL ⚾'!$A$2:A191)} -> A-NEW | B22: {=_xlfn.XLOOKUP(C22, '❄️ SD-WIN-BBALL ⚾'!$I$2:I191, '❄️ SD-WIN-BBALL ⚾'!$G$2:G191)} -> USBDBET | C22: Bethel HS | D22: {=_xlfn.XLOOKUP(C22, '❄️ SD-WIN-BBALL ⚾'!$I$2:I191, '❄️ SD-WIN-BBALL ⚾'!$AA$2:AA191)} -> 112 | E22: {=_xlfn.XLOOKUP(C22, '❄️ SD-WIN-BBALL ⚾'!$I$2:I191, '❄️ SD-WIN-BBALL ⚾'!$AB$2:AB191)} -> 209 | F22: {=_xlfn.XLOOKUP(C22, '❄️ SD-WIN-BBALL ⚾'!$I$2:I191, '❄️ SD-WIN-BBALL ⚾'!$AE$2:AE191)} -> Sundays: Jan. 12, 26; Feb. 2, 9 | G22: {=_xlfn.XLOOKUP(C22, '❄️ SD-WIN-BBALL ⚾'!$I$2:I191, '❄️ SD-WIN-BBALL ⚾'!$AF$2:AF191)} -> 1pm-5:30pm | I22: TRUE | J22: TRUE | K22: TRUE | L22: TRUE | M22: TRUE | N22: TRUE | O22: TRUE | P22: TRUE | Q22: TRUE | R22: TRUE | S22: TRUE | T22: TRUE | U22: FALSE | V22: TRUE | W22: TRUE | X22: TRUE | Y22: TRUE | AB22: FALSE
A23: {=_xlfn.XLOOKUP(C23, '❄️ SD-WIN-BBALL ⚾'!$I$2:I192, '❄️ SD-WIN-BBALL ⚾'!$A$2:A192)} -> A-NEW | B23: {=_xlfn.XLOOKUP(C23, '❄️ SD-WIN-BBALL ⚾'!$I$2:I192, '❄️ SD-WIN-BBALL ⚾'!$G$2:G192)} -> USBDBUS | C23: Bushnell University | D23: {=_xlfn.XLOOKUP(C23, '❄️ SD-WIN-BBALL ⚾'!$I$2:I192, '❄️ SD-WIN-BBALL ⚾'!$AA$2:AA192)} -> 104 | E23: {=_xlfn.XLOOKUP(C23, '❄️ SD-WIN-BBALL ⚾'!$I$2:I192, '❄️ SD-WIN-BBALL ⚾'!$AB$2:AB192)} -> 125 | F23: {=_xlfn.XLOOKUP(C23, '❄️ SD-WIN-BBALL ⚾'!$I$2:I192, '❄️ SD-WIN-BBALL ⚾'!$AE$2:AE192)} -> Saturdays: Jan. 4, 11, 18, 25 | G23: {=_xlfn.XLOOKUP(C23, '❄️ SD-WIN-BBALL ⚾'!$I$2:I192, '❄️ SD-WIN-BBALL ⚾'!$AF$2:AF192)} -> Noon-4:30pm | I23: TRUE | J23: TRUE | K23: TRUE | L23: TRUE | M23: TRUE | N23: TRUE | O23: TRUE | P23: TRUE | Q23: TRUE | R23: TRUE | S23: TRUE | T23: TRUE | U23: FALSE | V23: TRUE | W23: TRUE | X23: TRUE | Y23: FALSE | AB23: FALSE
A24: {=_xlfn.XLOOKUP(C24, '❄️ SD-WIN-BBALL ⚾'!$I$2:I193, '❄️ SD-WIN-BBALL ⚾'!$A$2:A193)} -> B-RET | B24: {=_xlfn.XLOOKUP(C24, '❄️ SD-WIN-BBALL ⚾'!$I$2:I193, '❄️ SD-WIN-BBALL ⚾'!$G$2:G193)} -> USBDCSH | C24: Cantwell Sacred Heart of Mary - WINTER BREAK | D24: {=_xlfn.XLOOKUP(C24, '❄️ SD-WIN-BBALL ⚾'!$I$2:I193, '❄️ SD-WIN-BBALL ⚾'!$AA$2:AA193)} -> 26 | E24: {=_xlfn.XLOOKUP(C24, '❄️ SD-WIN-BBALL ⚾'!$I$2:I193, '❄️ SD-WIN-BBALL ⚾'!$AB$2:AB193)} -> 30 | F24: {=_xlfn.XLOOKUP(C24, '❄️ SD-WIN-BBALL ⚾'!$I$2:I193, '❄️ SD-WIN-BBALL ⚾'!$AE$2:AE193)} -> Fri.-Mon.: Dec. 27, 28, 29, 30 | G24: {=_xlfn.XLOOKUP(C24, '❄️ SD-WIN-BBALL ⚾'!$I$2:I193, '❄️ SD-WIN-BBALL ⚾'!$AF$2:AF193)} -> 9am-3pm | I24: TRUE | J24: TRUE | K24: TRUE | L24: TRUE | M24: TRUE | N24: TRUE | O24: TRUE | P24: TRUE | Q24: TRUE | R24: TRUE | S24: TRUE | T24: TRUE | U24: FALSE | V24: TRUE | W24: TRUE | X24: TRUE | Y24: FALSE | AB24: FALSE
A25: {=_xlfn.XLOOKUP(C25, '❄️ SD-WIN-BBALL ⚾'!$I$2:I194, '❄️ SD-WIN-BBALL ⚾'!$A$2:A194)} -> B-RET | B25: {=_xlfn.XLOOKUP(C25, '❄️ SD-WIN-BBALL ⚾'!$I$2:I194, '❄️ SD-WIN-BBALL ⚾'!$G$2:G194)} -> USBDCAP | C25: Capital HS | D25: {=_xlfn.XLOOKUP(C25, '❄️ SD-WIN-BBALL ⚾'!$I$2:I194, '❄️ SD-WIN-BBALL ⚾'!$AA$2:AA194)} -> 111 | E25: {=_xlfn.XLOOKUP(C25, '❄️ SD-WIN-BBALL ⚾'!$I$2:I194, '❄️ SD-WIN-BBALL ⚾'!$AB$2:AB194)} -> 201 | F25: {=_xlfn.XLOOKUP(C25, '❄️ SD-WIN-BBALL ⚾'!$I$2:I194, '❄️ SD-WIN-BBALL ⚾'!$AE$2:AE194)} -> Saturdays: Jan. 11, 18, 25; Feb. 1 | G25: {=_xlfn.XLOOKUP(C25, '❄️ SD-WIN-BBALL ⚾'!$I$2:I194, '❄️ SD-WIN-BBALL ⚾'!$AF$2:AF194)} -> Noon-4:30pm | I25: TRUE | J25: TRUE | K25: TRUE | L25: TRUE | M25: TRUE | N25: TRUE | O25: TRUE | P25: TRUE | Q25: TRUE | R25: TRUE | S25: TRUE | T25: TRUE | U25: FALSE | V25: TRUE | W25: TRUE | X25: TRUE | Y25: TRUE | AB25: FALSE
A26: {=_xlfn.XLOOKUP(C26, '❄️ SD-WIN-BBALL ⚾'!$I$2:I195, '❄️ SD-WIN-BBALL ⚾'!$A$2:A195)} -> B-RET | B26: {=_xlfn.XLOOKUP(C26, '❄️ SD-WIN-BBALL ⚾'!$I$2:I195, '❄️ SD-WIN-BBALL ⚾'!$G$2:G195)} -> USBDCR | C26: Cardinal Ritter HS | D26: {=_xlfn.XLOOKUP(C26, '❄️ SD-WIN-BBALL ⚾'!$I$2:I195, '❄️ SD-WIN-BBALL ⚾'!$AA$2:AA195)} -> 208 | E26: {=_xlfn.XLOOKUP(C26, '❄️ SD-WIN-BBALL ⚾'!$I$2:I195, '❄️ SD-WIN-BBALL ⚾'!$AB$2:AB195)} -> 301 | F26: {=_xlfn.XLOOKUP(C26, '❄️ SD-WIN-BBALL ⚾'!$I$2:I195, '❄️ SD-WIN-BBALL ⚾'!$AE$2:AE195)} -> Saturdays: Feb. 8, 15, 22; Mar. 1 | G26: {=_xlfn.XLOOKUP(C26, '❄️ SD-WIN-BBALL ⚾'!$I$2:I195, '❄️ SD-WIN-BBALL ⚾'!$AF$2:AF195)} -> 9am-1:30pm | I26: TRUE | J26: TRUE | K26: TRUE | L26: TRUE | M26: TRUE | N26: TRUE | O26: TRUE | P26: TRUE | Q26: TRUE | R26: TRUE | S26: TRUE | T26: TRUE | U26: FALSE | V26: TRUE | W26: TRUE | X26: TRUE | Y26: TRUE | AB26: FALSE
A27: {=_xlfn.XLOOKUP(C27, '❄️ SD-WIN-BBALL ⚾'!$I$2:I196, '❄️ SD-WIN-BBALL ⚾'!$A$2:A196)} -> B-RET | B27: {=_xlfn.XLOOKUP(C27, '❄️ SD-WIN-BBALL ⚾'!$I$2:I196, '❄️ SD-WIN-BBALL ⚾'!$G$2:G196)} -> USBDCAB | C27: CenCal Athletics Baseball Academy | D27: {=_xlfn.XLOOKUP(C27, '❄️ SD-WIN-BBALL ⚾'!$I$2:I196, '❄️ SD-WIN-BBALL ⚾'!$AA$2:AA196)} -> 208 | E27: {=_xlfn.XLOOKUP(C27, '❄️ SD-WIN-BBALL ⚾'!$I$2:I196, '❄️ SD-WIN-BBALL ⚾'!$AB$2:AB196)} -> 301 | F27: {=_xlfn.XLOOKUP(C27, '❄️ SD-WIN-BBALL ⚾'!$I$2:I196, '❄️ SD-WIN-BBALL ⚾'!$AE$2:AE196)} -> Saturdays: Feb. 8, 15, 22; Mar. 1 | G27: {=_xlfn.XLOOKUP(C27, '❄️ SD-WIN-BBALL ⚾'!$I$2:I196, '❄️ SD-WIN-BBALL ⚾'!$AF$2:AF196)} -> 9am-1:30pm | I27: TRUE | J27: TRUE | K27: TRUE | L27: TRUE | M27: TRUE | N27: TRUE | O27: TRUE | P27: TRUE | Q27: TRUE | R27: TRUE | S27: TRUE | T27: TRUE | U27: FALSE | V27: TRUE | W27: TRUE | X27: TRUE | Y27: TRUE | AB27: FALSE
A28: {=_xlfn.XLOOKUP(C28, '❄️ SD-WIN-BBALL ⚾'!$I$2:I197, '❄️ SD-WIN-BBALL ⚾'!$A$2:A197)} -> B-RET | B28: {=_xlfn.XLOOKUP(C28, '❄️ SD-WIN-BBALL ⚾'!$I$2:I197, '❄️ SD-WIN-BBALL ⚾'!$G$2:G197)} -> USBDCEN | C28: Center HS | D28: {=_xlfn.XLOOKUP(C28, '❄️ SD-WIN-BBALL ⚾'!$I$2:I197, '❄️ SD-WIN-BBALL ⚾'!$AA$2:AA197)} -> 105 | E28: {=_xlfn.XLOOKUP(C28, '❄️ SD-WIN-BBALL ⚾'!$I$2:I197, '❄️ SD-WIN-BBALL ⚾'!$AB$2:AB197)} -> 126 | F28: {=_xlfn.XLOOKUP(C28, '❄️ SD-WIN-BBALL ⚾'!$I$2:I197, '❄️ SD-WIN-BBALL ⚾'!$AE$2:AE197)} -> Sundays: Jan. 5, 12, 19, 26 | G28: {=_xlfn.XLOOKUP(C28, '❄️ SD-WIN-BBALL ⚾'!$I$2:I197, '❄️ SD-WIN-BBALL ⚾'!$AF$2:AF197)} -> 10am-2:30pm | I28: TRUE | J28: TRUE | K28: TRUE | L28: TRUE | M28: TRUE | N28: TRUE | O28: TRUE | P28: TRUE | Q28: TRUE | R28: TRUE | S28: TRUE | T28: TRUE | U28: FALSE | V28: FALSE | W28: FALSE | X28: FALSE | Y28: FALSE | AB28: FALSE
A29: {=_xlfn.XLOOKUP(C29, '❄️ SD-WIN-BBALL ⚾'!$I$2:I198, '❄️ SD-WIN-BBALL ⚾'!$A$2:A198)} -> B-RET | B29: {=_xlfn.XLOOKUP(C29, '❄️ SD-WIN-BBALL ⚾'!$I$2:I198, '❄️ SD-WIN-BBALL ⚾'!$G$2:G198)} -> USBDCG | C29: Central Gwinnett HS | D29: {=_xlfn.XLOOKUP(C29, '❄️ SD-WIN-BBALL ⚾'!$I$2:I198, '❄️ SD-WIN-BBALL ⚾'!$AA$2:AA198)} -> 112 | E29: {=_xlfn.XLOOKUP(C29, '❄️ SD-WIN-BBALL ⚾'!$I$2:I198, '❄️ SD-WIN-BBALL ⚾'!$AB$2:AB198)} -> 202 | F29: {=_xlfn.XLOOKUP(C29, '❄️ SD-WIN-BBALL ⚾'!$I$2:I198, '❄️ SD-WIN-BBALL ⚾'!$AE$2:AE198)} -> Sundays: Jan. 12, 19, 26; Feb. 2 | G29: {=_xlfn.XLOOKUP(C29, '❄️ SD-WIN-BBALL ⚾'!$I$2:I198, '❄️ SD-WIN-BBALL ⚾'!$AF$2:AF198)} -> 9am-1:30pm | I29: TRUE | J29: TRUE | K29: TRUE | L29: TRUE | M29: TRUE | N29: TRUE | O29: TRUE | P29: TRUE | Q29: TRUE | R29: TRUE | S29: TRUE | T29: TRUE | U29: FALSE | V29: TRUE | W29: TRUE | X29: TRUE | Y29: TRUE | AB29: FALSE
A30: {=_xlfn.XLOOKUP(C30, '❄️ SD-WIN-BBALL ⚾'!$I$2:I199, '❄️ SD-WIN-BBALL ⚾'!$A$2:A199)} -> A-NEW | B30: {=_xlfn.XLOOKUP(C30, '❄️ SD-WIN-BBALL ⚾'!$I$2:I199, '❄️ SD-WIN-BBALL ⚾'!$G$2:G199)} -> USBDCHS | C30: Century HS | D30: {=_xlfn.XLOOKUP(C30, '❄️ SD-WIN-BBALL ⚾'!$I$2:I199, '❄️ SD-WIN-BBALL ⚾'!$AA$2:AA199)} -> 112 | E30: {=_xlfn.XLOOKUP(C30, '❄️ SD-WIN-BBALL ⚾'!$I$2:I199, '❄️ SD-WIN-BBALL ⚾'!$AB$2:AB199)} -> 209 | F30: {=_xlfn.XLOOKUP(C30, '❄️ SD-WIN-BBALL ⚾'!$I$2:I199, '❄️ SD-WIN-BBALL ⚾'!$AE$2:AE199)} -> Sundays: Jan. 12, 19, 26; Feb. 9 | G30: {=_xlfn.XLOOKUP(C30, '❄️ SD-WIN-BBALL ⚾'!$I$2:I199, '❄️ SD-WIN-BBALL ⚾'!$AF$2:AF199)} -> 11am-3:30pm | I30: TRUE | J30: TRUE | K30: TRUE | L30: TRUE | M30: TRUE | N30: TRUE | O30: TRUE | P30: TRUE | Q30: TRUE | R30: TRUE | S30: TRUE | T30: TRUE | U30: FALSE | V30: TRUE | W30: TRUE | X30: TRUE | Y30: TRUE | AB30: FALSE
A31: {=_xlfn.XLOOKUP(C31, '❄️ SD-WIN-BBALL ⚾'!$I$2:I200, '❄️ SD-WIN-BBALL ⚾'!$A$2:A200)} -> B-RET | B31: {=_xlfn.XLOOKUP(C31, '❄️ SD-WIN-BBALL ⚾'!$I$2:I200, '❄️ SD-WIN-BBALL ⚾'!$G$2:G200)} -> USBDCC | C31: Chemeketa CC | D31: {=_xlfn.XLOOKUP(C31, '❄️ SD-WIN-BBALL ⚾'!$I$2:I200, '❄️ SD-WIN-BBALL ⚾'!$AA$2:AA200)} -> 112 | E31: {=_xlfn.XLOOKUP(C31, '❄️ SD-WIN-BBALL ⚾'!$I$2:I200, '❄️ SD-WIN-BBALL ⚾'!$AB$2:AB200)} -> 216 | F31: {=_xlfn.XLOOKUP(C31, '❄️ SD-WIN-BBALL ⚾'!$I$2:I200, '❄️ SD-WIN-BBALL ⚾'!$AE$2:AE200)} -> Sundays: Jan. 5, 19; Feb. 1 (Sat.), 9 | G31: {=_xlfn.XLOOKUP(C31, '❄️ SD-WIN-BBALL ⚾'!$I$2:I200, '❄️ SD-WIN-BBALL ⚾'!$AF$2:AF200)} -> Noon-4:30pm | I31: TRUE | J31: TRUE | K31: TRUE | L31: TRUE | M31: TRUE | N31: TRUE | O31: TRUE | P31: TRUE | Q31: TRUE | R31: TRUE | S31: TRUE | T31: TRUE | U31: FALSE | V31: TRUE | W31: TRUE | X31: TRUE | Y31: TRUE | AB31: FALSE
A32: {=_xlfn.XLOOKUP(C32, '❄️ SD-WIN-BBALL ⚾'!$I$2:I201, '❄️ SD-WIN-BBALL ⚾'!$A$2:A201)} -> B-RET | B32: {=_xlfn.XLOOKUP(C32, '❄️ SD-WIN-BBALL ⚾'!$I$2:I201, '❄️ SD-WIN-BBALL ⚾'!$G$2:G201)} -> USBDCHC | C32: Chillicothe HS | D32: {=_xlfn.XLOOKUP(C32, '❄️ SD-WIN-BBALL ⚾'!$I$2:I201, '❄️ SD-WIN-BBALL ⚾'!$AA$2:AA201)} -> 112 | E32: {=_xlfn.XLOOKUP(C32, '❄️ SD-WIN-BBALL ⚾'!$I$2:I201, '❄️ SD-WIN-BBALL ⚾'!$AB$2:AB201)} -> 202 | F32: {=_xlfn.XLOOKUP(C32, '❄️ SD-WIN-BBALL ⚾'!$I$2:I201, '❄️ SD-WIN-BBALL ⚾'!$AE$2:AE201)} -> Sundays: Jan. 12, 19, 26; Feb. 2 | G32: {=_xlfn.XLOOKUP(C32, '❄️ SD-WIN-BBALL ⚾'!$I$2:I201, '❄️ SD-WIN-BBALL ⚾'!$AF$2:AF201)} -> 9am-1:30pm | I32: TRUE | J32: TRUE | K32: TRUE | L32: TRUE | M32: TRUE | N32: TRUE | O32: TRUE | P32: TRUE | Q32: TRUE | R32: TRUE | S32: TRUE | T32: TRUE | U32: FALSE | V32: TRUE | W32: TRUE | X32: TRUE | Y32: TRUE | AB32: FALSE
A33: {=_xlfn.XLOOKUP(C33, '❄️ SD-WIN-BBALL ⚾'!$I$2:I202, '❄️ SD-WIN-BBALL ⚾'!$A$2:A202)} -> B-RET | B33: {=_xlfn.XLOOKUP(C33, '❄️ SD-WIN-BBALL ⚾'!$I$2:I202, '❄️ SD-WIN-BBALL ⚾'!$G$2:G202)} -> USBDCHU | C33: Chugiak HS | D33: {=_xlfn.XLOOKUP(C33, '❄️ SD-WIN-BBALL ⚾'!$I$2:I202, '❄️ SD-WIN-BBALL ⚾'!$AA$2:AA202)} -> 105 | E33: {=_xlfn.XLOOKUP(C33, '❄️ SD-WIN-BBALL ⚾'!$I$2:I202, '❄️ SD-WIN-BBALL ⚾'!$AB$2:AB202)} -> 126 | F33: {=_xlfn.XLOOKUP(C33, '❄️ SD-WIN-BBALL ⚾'!$I$2:I202, '❄️ SD-WIN-BBALL ⚾'!$AE$2:AE202)} -> Sundays: Jan. 5, 12, 19, 26 | G33: {=_xlfn.XLOOKUP(C33, '❄️ SD-WIN-BBALL ⚾'!$I$2:I202, '❄️ SD-WIN-BBALL ⚾'!$AF$2:AF202)} -> 9am-1:30pm | I33: TRUE | J33: TRUE | K33: TRUE | L33: TRUE | M33: TRUE | N33: TRUE | O33: TRUE | P33: TRUE | Q33: TRUE | R33: TRUE | S33: TRUE | T33: TRUE | U33: FALSE | V33: TRUE | W33: TRUE | X33: TRUE | Y33: TRUE | AB33: FALSE
... A165: {=_xlfn.XLOOKUP(C165, '❄️ SD-WIN-BBALL ⚾'!$I$2:I334, '❄️ SD-WIN-BBALL ⚾'!$A$2:A334)} -> A-NEW | B165: {=_xlfn.XLOOKUP(C165, '❄️ SD-WIN-BBALL ⚾'!$I$2:I334, '❄️ SD-WIN-BBALL ⚾'!$G$2:G334)} -> USBDYK | C165: York HS | D165: {=_xlfn.XLOOKUP(C165, '❄️ SD-WIN-BBALL ⚾'!$I$2:I334, '❄️ SD-WIN-BBALL ⚾'!$AA$2:AA334)} -> 223 | E165: {=_xlfn.XLOOKUP(C165, '❄️ SD-WIN-BBALL ⚾'!$I$2:I334, '❄️ SD-WIN-BBALL ⚾'!$AB$2:AB334)} -> 316 | F165: {=_xlfn.XLOOKUP(C165, '❄️ SD-WIN-BBALL ⚾'!$I$2:I334, '❄️ SD-WIN-BBALL ⚾'!$AE$2:AE334)} -> Sundays: Feb. 23; Mar. 2, 9, 16 | G165: {=_xlfn.XLOOKUP(C165, '❄️ SD-WIN-BBALL ⚾'!$I$2:I334, '❄️ SD-WIN-BBALL ⚾'!$AF$2:AF334)} -> Noon-4:30pm | I165: TRUE | J165: TRUE | K165: TRUE | L165: TRUE | M165: TRUE | N165: TRUE | O165: TRUE | P165: TRUE | Q165: TRUE | R165: TRUE | S165: TRUE | T165: TRUE | U165: FALSE | V165: TRUE | W165: TRUE | X165: TRUE | Y165: TRUE | AB165: FALSE
A166: {=_xlfn.XLOOKUP(C166, '❄️ SD-WIN-BBALL ⚾'!$I$2:I335, '❄️ SD-WIN-BBALL ⚾'!$A$2:A335)} -> #N/A | B166: {=_xlfn.XLOOKUP(C166, '❄️ SD-WIN-BBALL ⚾'!$I$2:I335, '❄️ SD-WIN-BBALL ⚾'!$G$2:G335)} -> #N/A | C166: 0 | D166: {=_xlfn.XLOOKUP(C166, '❄️ SD-WIN-BBALL ⚾'!$I$2:I335, '❄️ SD-WIN-BBALL ⚾'!$AA$2:AA335)} -> #N/A | E166: {=_xlfn.XLOOKUP(C166, '❄️ SD-WIN-BBALL ⚾'!$I$2:I335, '❄️ SD-WIN-BBALL ⚾'!$AB$2:AB335)} -> #N/A | F166: {=_xlfn.XLOOKUP(C166, '❄️ SD-WIN-BBALL ⚾'!$I$2:I335, '❄️ SD-WIN-BBALL ⚾'!$AE$2:AE335)} -> #N/A | G166: {=_xlfn.XLOOKUP(C166, '❄️ SD-WIN-BBALL ⚾'!$I$2:I335, '❄️ SD-WIN-BBALL ⚾'!$AF$2:AF335)} -> #N/A | I166: TRUE | J166: TRUE | K166: TRUE | L166: TRUE | M166: TRUE | N166: TRUE | O166: TRUE | P166: TRUE | Q166: TRUE | R166: TRUE | S166: TRUE | T166: TRUE | U166: FALSE | V166: TRUE | W166: TRUE | X166: TRUE | Y166: FALSE | AB166: FALSE
A167: {=_xlfn.XLOOKUP(C167, '❄️ SD-WIN-BBALL ⚾'!$I$2:I336, '❄️ SD-WIN-BBALL ⚾'!$A$2:A336)} -> #N/A | B167: {=_xlfn.XLOOKUP(C167, '❄️ SD-WIN-BBALL ⚾'!$I$2:I336, '❄️ SD-WIN-BBALL ⚾'!$G$2:G336)} -> #N/A | C167: 0 | D167: {=_xlfn.XLOOKUP(C167, '❄️ SD-WIN-BBALL ⚾'!$I$2:I336, '❄️ SD-WIN-BBALL ⚾'!$AA$2:AA336)} -> #N/A | E167: {=_xlfn.XLOOKUP(C167, '❄️ SD-WIN-BBALL ⚾'!$I$2:I336, '❄️ SD-WIN-BBALL ⚾'!$AB$2:AB336)} -> #N/A | F167: {=_xlfn.XLOOKUP(C167, '❄️ SD-WIN-BBALL ⚾'!$I$2:I336, '❄️ SD-WIN-BBALL ⚾'!$AE$2:AE336)} -> #N/A | G167: {=_xlfn.XLOOKUP(C167, '❄️ SD-WIN-BBALL ⚾'!$I$2:I336, '❄️ SD-WIN-BBALL ⚾'!$AF$2:AF336)} -> #N/A | I167: TRUE | J167: TRUE | K167: TRUE | L167: TRUE | M167: TRUE | N167: TRUE | O167: TRUE | P167: TRUE | Q167: TRUE | R167: TRUE | S167: TRUE | T167: TRUE | U167: FALSE | V167: TRUE | W167: TRUE | X167: TRUE | Y167: FALSE | AB167: FALSE
A168: {=_xlfn.XLOOKUP(C168, '❄️ SD-WIN-BBALL ⚾'!$I$2:I337, '❄️ SD-WIN-BBALL ⚾'!$A$2:A337)} -> #N/A | B168: {=_xlfn.XLOOKUP(C168, '❄️ SD-WIN-BBALL ⚾'!$I$2:I337, '❄️ SD-WIN-BBALL ⚾'!$G$2:G337)} -> #N/A | C168: 0 | D168: {=_xlfn.XLOOKUP(C168, '❄️ SD-WIN-BBALL ⚾'!$I$2:I337, '❄️ SD-WIN-BBALL ⚾'!$AA$2:AA337)} -> #N/A | E168: {=_xlfn.XLOOKUP(C168, '❄️ SD-WIN-BBALL ⚾'!$I$2:I337, '❄️ SD-WIN-BBALL ⚾'!$AB$2:AB337)} -> #N/A | F168: {=_xlfn.XLOOKUP(C168, '❄️ SD-WIN-BBALL ⚾'!$I$2:I337, '❄️ SD-WIN-BBALL ⚾'!$AE$2:AE337)} -> #N/A | G168: {=_xlfn.XLOOKUP(C168, '❄️ SD-WIN-BBALL ⚾'!$I$2:I337, '❄️ SD-WIN-BBALL ⚾'!$AF$2:AF337)} -> #N/A | I168: TRUE | J168: TRUE | K168: TRUE | L168: TRUE | M168: TRUE | N168: TRUE | O168: TRUE | P168: TRUE | Q168: TRUE | R168: TRUE | S168: TRUE | T168: TRUE | U168: FALSE | V168: TRUE | W168: TRUE | X168: TRUE | Y168: TRUE | AB168: FALSE
A169: {=_xlfn.XLOOKUP(C169, '❄️ SD-WIN-BBALL ⚾'!$I$2:I338, '❄️ SD-WIN-BBALL ⚾'!$A$2:A338)} -> OUT | B169: {=_xlfn.XLOOKUP(C169, '❄️ SD-WIN-BBALL ⚾'!$I$2:I338, '❄️ SD-WIN-BBALL ⚾'!$G$2:G338)} -> 0 | D169: {=_xlfn.XLOOKUP(C169, '❄️ SD-WIN-BBALL ⚾'!$I$2:I338, '❄️ SD-WIN-BBALL ⚾'!$AA$2:AA338)} -> 0 | E169: {=_xlfn.XLOOKUP(C169, '❄️ SD-WIN-BBALL ⚾'!$I$2:I338, '❄️ SD-WIN-BBALL ⚾'!$AB$2:AB338)} -> 0 | F169: {=_xlfn.XLOOKUP(C169, '❄️ SD-WIN-BBALL ⚾'!$I$2:I338, '❄️ SD-WIN-BBALL ⚾'!$AE$2:AE338)} -> 0 | G169: {=_xlfn.XLOOKUP(C169, '❄️ SD-WIN-BBALL ⚾'!$I$2:I338, '❄️ SD-WIN-BBALL ⚾'!$AF$2:AF338)} -> 0 | I169: TRUE | J169: TRUE | K169: TRUE | L169: TRUE | M169: TRUE | N169: TRUE | O169: TRUE | P169: TRUE | Q169: TRUE | R169: TRUE | S169: TRUE | T169: TRUE | U169: FALSE | V169: TRUE | W169: TRUE | X169: TRUE | Y169: FALSE | AB169: FALSE
AC170: =SUM(AC2:AC169) -> 67 | AD170: =SUM(AD2:AD169) -> 17 | AE170: =AD170/AC170 -> 0.25373134

Sheet ❄️ SD-WIN-SBALL 🥎
A1: STATUS | B1: PH | C1: SU | D1: FY24 | E1: Camp Code | F1: SITE | G1: Facility Name | H1: Site address | I1: Site city | J1: State | K1: Zip | L1: Email | M1: PH | N1: First Name | O1: Last name | P1: Director address | Q1: Director city | R1: State | S1: Zip | T1: Home # | U1: Cell # | V1: Work # | X1: START | Y1: END | Z1: COR. DATES | AA1: COR. TIMES | AB1: CFM DATES | AC1: CFM TIMES | AE1: MAX | AF1: LY$ | AG1: S$ | AH1: DP$ | AL1: 12.3.24:REG | AM1: 12.3.24:PD | AO1: 12.10.24:REG | AP1: 12.10.24:PD | AR1: 12.17.24:REG | AS1: 12.17.24:PD | AU1: 12.24.24:REG | AV1: 12.24.24:PD | AX1: 12.31.24:REG | AY1: 12.31.24:PD | BA1: 1.6.25:REG | BB1: 1.6.25:PD | BD1: 1.13.25:REG | BE1: 1.13.25:PD | BG1: 1.20.25:REG | BH1: 1.20.25:PD | BJ1: 1.27.25:REG | BK1: 1.27.25:PD | BM1: 2.3.25:REG | BN1: 2.3.25:PD | BP1: 2.17.25:REG | BQ1: 2.17.25:PD | BS1: 2.24.25:REG | BT1: 2.24.25:PD
A2: A-NEW | E2: USBDAVS | F2: Apple Valley HS | H2: 11837 Navajo Rd | I2: Apple Valley | J2: CA | K2: 92308 | L2: jaimecerf@gmail.com | N2: Alfonso | O2: Zamora | P2: 11085 Dandelion Ln | Q2: Apple Valley | R2: CA | S2: 92308 | U2: 760-486-4469 | W2: x | X2: 118 | Y2: 208 | AB2: Saturdays: Jan. 18, 25; Feb. 1, 8 | AC2: Noon-4:30pm | AD2: x | AG2: 129 | AI2: x | AJ2: https://ussoftballacademy.com/apple-valley-softball-camp/ | AK2: x | AL2: 23 | AM2: 2 | AN2: x | AO2: 30 | AP2: 11 | AQ2: x | AR2: 36 | AS2: 18 | AT2: x | AU2: 45 | AV2: 25 | AW2: x | AX2: 47 | AY2: 25 | AZ2: x | BA2: 40 | BB2: 28 | BC2: x | BD2: 51 | BE2: 29 | BF2: x | BG2: 34 | BH2: 34 | BI2: x | BJ2: 34 | BK2: 34 | BL2: x | BM2: 34 | BN2: 34 | BO2: x | BP2: 34 | BQ2: 34 | BS2: 34 | BT2: 34
A3: A-NEW | E3: USBDCUS | F3: Capital University | G3: The Capital Center | H3: 2360 E Mound St | I3: Bexley | J3: OH | K3: 43209 | L3: akirk2@capital.edu, Bpope@capital.edu | N3: Anna | O3: Kirk-Hamilton | P3: 8409 Eldorado Drive | Q3: Powell | R3: OH | S3: 43065 | U3: 614-580-9396 | W3: x | X3: 126 | Y3: 223 | AB3: Sundays: Jan. 26; Feb. 2, 9, 23 | AC3: Noon-4:30pm | AD3: x | AG3: 129 | AI3: x | AJ3: https://ussoftballacademy.com/bexley-softball-camp/ | AK3: x | AL3: 24 | AM3: 20 | AN3: x | AO3: 33 | AP3: 27 | AQ3: x | AR3: 43 | AS3: 38 | AT3: x | AU3: 52 | AV3: 47 | AW3: x | AX3: 53 | AY3: 49 | AZ3: x | BA3: 70 | BB3: 61 | BC3: x | BD3: 86 | BE3: 72 | BF3: x | BG3: 91 | BH3: 76 | BI3: x | BJ3: 78 | BK3: 78 | BL3: x | BM3: 77 | BN3: 77 | BO3: x | BP3: 77 | BQ3: 77 | BS3: 77 | BT3: 77
A4: A-NEW | E4: USBDCVYS | F4: Cedar Valley HS | H4: 1389 Aviator Ave | I4: Eagle Mountain | J4: UT | K4: 84005 | L4: samuelvidal@alpinedistrict.org | N4: Sam | O4: Vidal | P4: 4745 N Brandon Park Dr | Q4: Eagle Mountain | R4: UT | S4: 84005 | U4: 801-989-6723 | W4: x | X4: 118 | Y4: 215 | AB4: Saturdays: Jan. 18, 25; Feb. 8, 15 | AC4: Noon-4:30pm | AD4: x | AG4: 129 | AI4: x | AJ4: https://ussoftballacademy.com/eagle-mountain-softball-camp/ | AK4: x | AL4: 5 | AM4: 5 | AN4: x | AO4: 17 | AP4: 10 | AQ4: x | AR4: 42 | AS4: 24 | AT4: x | AU4: 45 | AV4: 27 | AW4: x | AX4: 40 | AY4: 29 | AZ4: x | BA4: 53 | BB4: 48 | BC4: x | BD4: 70 | BE4: 59 | BF4: x | BG4: 55 | BH4: 54 | BI4: x | BJ4: 61 | BK4: 61 | BL4: x | BM4: 61 | BN4: 61 | BO4: x | BP4: 61 | BQ4: 61 | BS4: 61 | BT4: 61
A5: A-NEW | E5: USBDCSHS | F5: Chippewa Senior HS | G5: Chippewa Intermediate School | H5: 100 Valley View Rd. | I5: Doylestown | J5: OH | K5: 44230 | L5: gregan@south-central.org | N5: Glenn | O5: Regan | P5: 615 Church St | Q5: Doylestown | R5: OH | S5: 44230 | U5: 330-715-2828 | W5: x | X5: 112 | Y5: 202 | AB5: Sundays: Jan. 12, 19, 26; Feb. 2 | AC5: 1pm-5:30pm | AD5: x | AG5: 129 | AI5: x | AJ5: https://ussoftballacademy.com/doylestown-softball-camp/ | AK5: x | AL5: 47 | AM5: 28 | AN5: x | AO5: 43 | AP5: 33 | AQ5: x | AR5: 49 | AS5: 36 | AT5: x | AU5: 40 | AV5: 38 | AW5: x | AX5: 41 | AY5: 36 | AZ5: x | BA5: 52 | BB5: 47 | BC5: x | BD5: 53 | BE5: 53 | BF5: x | BG5: 51 | BH5: 51 | BI5: x | BJ5: 51 | BK5: 51 | BL5: x | BM5: 51 | BN5: 51 | BO5: x | BP5: 51 | BQ5: 51 | BS5: 51 | BT5: 51
A6: A-NEW | E6: USBDDCS | F6: Dallas Christian HS | H6: 1515 Republic Pkwy | I6: Mesquite | J6: TX | K6: 75150 | L6: tburgess@dallaschristian.com | N6: Taneshia | O6: Burgess | P6: 1025 Preston Rd. Apt 2087 | Q6: Plano | R6: TX | S6: 75093 | U6: 214-533-1386 | W6: x | X6: 105 | Y6: 126 | AB6: Sundays: Jan. 5, 12, 19, 26 | AC6: Noon-4:30pm | AD6: x | AG6: 129 | AI6: x | AJ6: https://ussoftballacademy.com/mesquite-softball-camp/ | AK6: x | AL6: 52 | AM6: 31 | AN6: x | AO6: 66 | AP6: 45 | AQ6: x | AR6: 72 | AS6: 52 | AT6: x | AU6: 65 | AV6: 58 | AW6: x | AX6: 65 | AY6: 62 | AZ6: x | BA6: 76 | BB6: 76 | BC6: x | BD6: 76 | BE6: 76 | BF6: x | BG6: 76 | BH6: 76 | BI6: x | BJ6: 76 | BK6: 76 | BL6: x | BM6: 76 | BN6: 76 | BO6: x | BP6: 76 | BQ6: 76 | BS6: 76 | BT6: 76
A7: A-NEW | E7: USBDFHSS | F7: Flushing HS | H7: 5039 Deland Rd. | I7: Flushing | J7: MI | K7: 48433 | L7: gusgood@yahoo.com | N7: Chris | O7: Good | P7: 5368 Durwood Dr. | Q7: Swartz Creek | R7: MI | S7: 48473 | U7: 810-397-9677 | W7: x | X7: 105 | Y7: 202 | AB7: Sundays: Jan. 5, 19, 26; Feb. 2 | AC7: Noon-4:30pm | AD7: x | AG7: 129 | AI7: x | AJ7: https://ussoftballacademy.com/flushing-softball-camp/ | AK7: x | AL7: 4 | AM7: 4 | AN7: x | AO7: 11 | AP7: 7 | AQ7: x | AR7: 40 | AS7: 31 | AT7: x | AU7: 48 | AV7: 38 | AW7: x | AX7: 49 | AY7: 44 | AZ7: x | BA7: 58 | BB7: 58 | BC7: x | BD7: 58 | BE7: 58 | BF7: x | BG7: 61 | BH7: 61 | BI7: x | BJ7: 61 | BK7: 61 | BL7: x | BM7: 59 | BN7: 59 | BO7: x | BP7: 59 | BQ7: 59 | BS7: 59 | BT7: 59
A8: A-NEW | E8: USBDMSCS | F8: Mount Saint Charles Academy | H8: 800 Logee St | I8: Woonsocket | J8: RI | K8: 2895 | L8: liasui@mtstcharles.org, robertsasso@me.com | N8: Bob | O8: Sasso | P8: 52 Thurber Blvd | Q8: Smithfield | R8: RI | S8: 2917 | U8: 401-743-5771 | W8: x | X8: 302 | Y8: 323 | AB8: Sundays: March 2, 9, 16, 23 | AC8: 1pm-5:30pm | AD8: x | AG8: 129 | AI8: x | AJ8: https://ussoftballacademy.com/woonsocket-softball-camp/ | AK8: x | AL8: 0 | AM8: 0 | AN8: x | AO8: 10 | AP8: 8 | AQ8: x | AR8: 22 | AS8: 19 | AT8: x | AU8: 24 | AV8: 21 | AW8: x | AX8: 24 | AY8: 21 | AZ8: x | BA8: 34 | BB8: 31 | BC8: x | BD8: 58 | BE8: 43 | BF8: x | BG8: 70 | BH8: 52 | BI8: x | BJ8: 69 | BK8: 55 | BL8: x | BM8: 60 | BN8: 59 | BO8: x | BP8: 76 | BQ8: 70 | BS8: 79 | BT8: 73
A9: A-NEW | E9: USBDMBCS | F9: Mt. Bethel Christian Academy | H9: 2509 Post Oak Tritt Rd | I9: Marietta | J9: GA | K9: 30062 | L9: coach9ball@gmail.com | N9: Jason | O9: Eller | P9: 12140 Wildwood Springs Dr | Q9: Roswell | R9: GA | S9: 30075 | U9: 404-405-1215 | W9: x | X9: 208 | Y9: 301 | AB9: Saturdays: Feb. 8, 15, 22; March 1 | AC9: 1pm-5:30pm | AD9: x | AG9: 129 | AI9: x | AJ9: https://ussoftballacademy.com/marietta-softball-camp/ | AK9: x | AL9: 0 | AM9: 0 | AN9: x | AO9: 8 | AP9: 4 | AQ9: x | AR9: 14 | AS9: 5 | AT9: x | AU9: 19 | AV9: 10 | AW9: x | AX9: 19 | AY9: 16 | AZ9: x | BA9: 24 | BB9: 22 | BC9: x | BD9: 35 | BE9: 28 | BF9: x | BG9: 35 | BH9: 28 | BI9: x | BJ9: 41 | BK9: 35 | BL9: x | BM9: 36 | BN9: 35 | BO9: x | BP9: 33 | BQ9: 33 | BS9: 33 | BT9: 33
A10: A-NEW | E10: USBDPSCS | F10: Proctor Softball Club | G10: Rails Indoor Turf Complex | H10: 800 N Boundary Ave | I10: Proctor | J10: MN | K10: 55810 | L10: kgaffers@aol.com | N10: Kelly | O10: Johnson | P10: 6199 Old Miller Trunk Hwy | Q10: Saginaw | R10: MN | S10: 55779 | U10: 218-340-8071 | W10: x | X10: 301 | Y10: 322 | AB10: Saturdays: March 1, 8, 15, 22 | AC10: 10am-2:30pm | AD10: x | AG10: 129 | AI10: x | AJ10: https://ussoftballacademy.com/proctor-softball-camp/ | AK10: x | AL10: 5 | AM10: 3 | AN10: x | AO10: 7 | AP10: 5 | AQ10: x | AR10: 35 | AS10: 30 | AT10: x | AU10: 43 | AV10: 35 | AW10: x | AX10: 45 | AY10: 37 | AZ10: x | BA10: 45 | BB10: 41 | BC10: x | BD10: 52 | BE10: 48 | BF10: x | BG10: 52 | BH10: 48 | BI10: x | BJ10: 63 | BK10: 57 | BL10: x | BM10: 67 | BN10: 64 | BO10: x | BP10: 66 | BQ10: 64 | BS10: 69 | BT10: 62
A11: A-NEW | E11: USBDRIDS | F11: Ridgeland HS | H11: 586 Sunnybrook Rd | I11: Ridgeland | J11: MS | K11: 39157 | L11: ncadle005@gmail.com | N11: Nick | O11: Cadle | P11: 226 Memory Oaks Dr | Q11: Raymond | R11: MS | S11: 39154 | U11: 662-284-6016 | W11: x | X11: 202 | Y11: 223 | AB11: Sundays: Feb. 2, 9, 16, 23 | AC11: Noon-4:30pm | AD11: x | AG11: 129 | AI11: x | AJ11: https://ussoftballacademy.com/ridgeland-softball-camp/ | AK11: x | AL11: 9 | AM11: 2 | AN11: x | AO11: 17 | AP11: 2 | AQ11: x | AR11: 19 | AS11: 5 | AT11: x | AU11: 20 | AV11: 5 | AW11: x | AX11: 14 | AY11: 5 | AZ11: x | BA11: 21 | BB11: 13 | BC11: x | BD11: 22 | BE11: 13 | BF11: x | BG11: 31 | BH11: 20 | BI11: x | BJ11: 30 | BK11: 22 | BL11: x | BM11: 22 | BN11: 22 | BO11: x | BP11: 22 | BQ11: 22 | BS11: 22 | BT11: 22
A12: A-NEW | E12: USBDSNYS | F12: SUNY-Canton | H12: 34 Cornell Dr | I12: Canton | J12: NY | K12: 13617 | L12: waitek@canton.edu | N12: Kelsy | O12: Waite | P12: 58 Miner St | Q12: Canton | R12: NY | S12: 13617 | U12: 315-705-5161 | W12: x | X12: 126 | Y12: 216 | AB12: Sundays: Jan. 26; Feb. 2, 9, 16 | AC12: 3:30pm-8pm | AD12: x | AG12: 129 | AI12: x | AJ12: https://ussoftballacademy.com/canton-softball-camp/ | AK12: x | AN12: x | AQ12: x | AR12: 6 | AS12: 0 | AT12: x | AU12: 10 | AV12: 5 | AW12: x | AX12: 10 | AY12: 5 | AZ12: x | BA12: 11 | BB12: 11 | BC12: x | BD12: 37 | BE12: 28 | BF12: x | BG12: 61 | BH12: 49 | BI12: x | BJ12: 70 | BK12: 61 | BL12: x | BM12: 60 | BN12: 60 | BO12: x | BP12: 61 | BQ12: 61 | BS12: 61 | BT12: 61
A13: A-NEW | E13: USBDDPFS | F13: USSA Detroit | G13: Dues Playfield | H13: 2201 Antietam Rd | I13: Detroit | J13: MI | K13: 48207 | L13: nclancy@npfeschools.org | N13: Nicole | O13: Clancy | U13: 313-614-9066 | W13: x | X13: 405 | Y13: 426 | AB13: Saturdays: April 5, 12, 19, 26 | AC13: 10am-2:30pm | AD13: x | AG13: 129 | AI13: x | AJ13: https://ussoftballacademy.com/detroit-softball-camp/ | AK13: x | AN13: x | AQ13: x | AT13: x | AW13: x | AZ13: x | BC13: x | BF13: x | BG13: 0 | BH13: 0 | BI13: x | BJ13: 2 | BK13: 2 | BL13: x | BM13: 2 | BN13: 2 | BO13: x | BP13: 2 | BQ13: 2 | BS13: 0 | BT13: 0
A14: A-NEW | E14: USBDLES | F14: USSA Lake Elsinore | G14: Christensen Park | H14: 36300 Piedmont Dr. | I14: Lake Elsinore | J14: CA | K14: 92532 | L14: natalie25p@gmail.com | N14: Natalie | O14: Mills | P14: 1776 California St Apt 3 | Q14: Mountain View | R14: CA | S14: 94041 | U14: 435-210-8713 | W14: x | X14: 202 | Y14: 223 | AB14: Sundays: Feb. 2, 9, 16, 23 | AC14: Noon-4:30pm | AD14: x | AG14: 129 | AI14: x | AJ14: https://ussoftballacademy.com/wildomar-softball-camp/ | AK14: x | AL14: 31 | AM14: 25 | AN14: x | AO14: 42 | AP14: 31 | AQ14: x | AR14: 46 | AS14: 37 | AT14: x | AU14: 48 | AV14: 41 | AW14: x | AX14: 48 | AY14: 41 | AZ14: x | BA14: 56 | BB14: 46 | BC14: x | BD14: 63 | BE14: 49 | BF14: x | BG14: 67 | BH14: 57 | BI14: x | BJ14: 48 | BK14: 45 | BL14: x | BM14: 45 | BN14: 45 | BO14: x | BP14: 43 | BQ14: 43 | BS14: 43 | BT14: 43
A15: A-NEW | E15: USBDMCCS | F15: USSA Miami | G15: Miami Carol City Senior HS | H15: 3301 NW 183rd St | I15: Miami Gardens | J15: FL | K15: 33056 | L15: toyjohnson28@gmail.com | N15: Shatoya | O15: Johnson | P15: 3814 SW 68th Ave | Q15: Miramar | R15: FL | S15: 33023 | U15: 786-651-7018 | W15: x | X15: 112 | Y15: 202 | AB15: Sundays: Jan. 12, 19, 26; Feb. 2 | AC15: Noon-4:30pm | AD15: x | AG15: 129 | AI15: x | AJ15: https://ussoftballacademy.com/miami-gardens-softball-camp/ | AK15: x | AL15: 14 | AM15: 9 | AN15: x | AO15: 17 | AP15: 9 | AQ15: x | AR15: 20 | AS15: 11 | AT15: x | AU15: 23 | AV15: 16 | AW15: x | AX15: 20 | AY15: 16 | AZ15: x | BA15: 16 | BB15: 16 | BC15: x | BD15: 22 | BE15: 22 | BF15: x | BG15: 22 | BH15: 22 | BI15: x | BJ15: 22 | BK15: 22 | BL15: x | BM15: 22 | BN15: 22 | BO15: x | BP15: 22 | BQ15: 22 | BS15: 22 | BT15: 22
A16: A-NEW | E16: USBDSTCS | F16: USSA St. Charles | G16: The Coliseum | H16: 5850 SR-N | I16: Cottleville | J16: MO | K16: 63304 | L16: owner.innerg@gmail.com | N16: Gerrion | O16: Grim | P16: 46 Barrington Dr. | Q16: Saint Peters | R16: MO | S16: 63376 | U16: 636-577-1933 | W16: x | X16: 316 | Y16: 406 | AB16: Sundays: March 16, 23, 30; April 6 | AC16: Noon-4:30pm | AD16: x | AG16: 129 | AI16: x | AJ16: https://ussoftballacademy.com/cottleville-softball-camp/ | AK16: x | AL16: 15 | AM16: 15 | AN16: x | AO16: 17 | AP16: 15 | AQ16: x | AR16: 21 | AS16: 17 | AT16: x | AU16: 26 | AV16: 19 | AW16: x | AX16: 24 | AY16: 19 | AZ16: x | BA16: 29 | BB16: 29 | BC16: x | BD16: 31 | BE16: 31 | BF16: x | BG16: 44 | BH16: 40 | BI16: x | BJ16: 47 | BK16: 41 | BL16: x | BM16: 50 | BN16: 44 | BO16: x | BP16: 46 | BQ16: 46 | BS16: 46 | BT16: 46
A17: A-NEW | E17: USBDTISS | F17: USSA Wichita | G17: The Independent School | H17: 8317 E Douglas Ave | I17: Wichita | J17: KS | K17: 67207 | L17: zogaudrey@gmail.com | N17: Audrey | O17: Zoglemann | P17: 6303 W 35th Ct South | Q17: Witchita | R17: KS | S17: 67215 | U17: 316-796-2916 | W17: x | X17: 309 | Y17: 330 | AB17: Sundays: March 9, 16, 23, 30 | AC17: Noon-4:30pm | AD17: x | AG17: 129 | AI17: x | AJ17: https://ussoftballacademy.com/wichita-softball-camp/ | AK17: x | AL17: 0 | AM17: 0 | AN17: x | AO17: 11 | AP17: 9 | AQ17: x | AR17: 19 | AS17: 17 | AT17: x | AU17: 19 | AV17: 17 | AW17: x | AX17: 17 | AY17: 17 | AZ17: x | BA17: 26 | BB17: 21 | BC17: x | BD17: 28 | BE17: 21 | BF17: x | BG17: 33 | BH17: 21 | BI17: x | BJ17: 42 | BK17: 34 | BL17: x | BM17: 59 | BN17: 56 | BO17: x | BP17: 83 | BQ17: 80 | BS17: 102 | BT17: 98
A18: A-NEW | E18: USBDVHS | F18: Versailles HS | H18: 913 W Newton St. | I18: Versailles | J18: MO | K18: 65084 | L18: kirkd@versaillestigers.org | N18: Dabecka | O18: Kirk | P18: 913 W Newton St | Q18: Versailles | R18: MO | S18: 65084 | U18: 816-263-2116 | W18: x | X18: 112 | Y18: 202 | AB18: Sundays: Jan. 12, 19, 26; Feb. 2 | AC18: 2pm-6:30pm | AD18: x | AG18: 129 | AI18: x | AJ18: https://ussoftballacademy.com/versailles-softball-camp/ | AK18: x | AL18: 15 | AM18: 15 | AN18: x | AO18: 24 | AP18: 21 | AQ18: x | AR18: 39 | AS18: 31 | AT18: x | AU18: 36 | AV18: 31 | AW18: x | AX18: 37 | AY18: 32 | AZ18: x | BA18: 38 | BB18: 37 | BC18: x | BD18: 40 | BE18: 40 | BF18: x | BG18: 42 | BH18: 42 | BI18: x | BJ18: 42 | BK18: 42 | BL18: x | BM18: 42 | BN18: 42 | BO18: x | BP18: 42 | BQ18: 42 | BS18: 42 | BT18: 42
A19: B-RET | D19: 34 | E19: USBDCAPS | F19: Capital HS | H19: 4851 Paseo Del Sol | I19: Santa Fe | J19: NM | K19: 87597 | L19: dennis76h@yahoo.com | N19: Dennis | O19: Hernandez | P19: 2256 Manuelito, Lane | Q19: Sante Fe | R19: NM | S19: 87507 | U19: 505-469-4010 | W19: x | X19: 111 | Y19: 201 | AB19: Saturdays: Jan. 11, 18, 25; Feb. 1 | AC19: Noon-4:30pm | AD19: x | AF19: 149 | AG19: 129 | AI19: x | AJ19: https://ussoftballacademy.com/santa-fe-softball-camp/ | AK19: x | AL19: 15 | AM19: 11 | AN19: x | AO19: 14 | AP19: 13 | AQ19: x | AR19: 20 | AS19: 16 | AT19: x | AU19: 19 | AV19: 16 | AW19: x | AX19: 22 | AY19: 19 | AZ19: x | BA19: 20 | BB19: 20 | BC19: x | BD19: 35 | BE19: 35 | BF19: x | BG19: 36 | BH19: 36 | BI19: x | BJ19: 36 | BK19: 36 | BL19: x | BM19: 36 | BN19: 36 | BO19: x | BP19: 36 | BQ19: 36 | BS19: 36 | BT19: 36
A20: B-RET | D20: 71 | E20: USBDCVS | F20: Crestview HS | G20: Crestview Middle School | H20: 1575 State Route 96 | I20: Ashland | J20: OH | K20: 44805 | L20: smsdurbin19@gmail.com | N20: Scott | O20: Durbin | P20: 3063 Conrad Rd | Q20: Mansfield | R20: OH | S20: 44903 | U20: 419-545-5870 | W20: x | X20: 119 | Y20: 209 | AB20: Sundays: Jan. 19, 26; Feb. 2, 9 | AC20: 2pm-6:30pm | AD20: x | AF20: 149 | AG20: 129 | AI20: x | AJ20: https://ussoftballacademy.com/ashland-softball-camp/ | AK20: x | AL20: 33 | AM20: 24 | AN20: x | AO20: 50 | AP20: 41 | AQ20: x | AR20: 59 | AS20: 44 | AT20: x | AU20: 67 | AV20: 54 | AW20: x | AX20: 67 | AY20: 55 | AZ20: x | BA20: 65 | BB20: 61 | BC20: x | BD20: 71 | BE20: 66 | BF20: x | BG20: 76 | BH20: 76 | BI20: x | BJ20: 77 | BK20: 76 | BL20: x | BM20: 76 | BN20: 76 | BO20: x | BP20: 76 | BQ20: 76 | BS20: 76 | BT20: 76
A21: B-RET | D21: 45 | E21: USBDDLS | F21: DeLaSalle HS | H21: One DeLaSalle Drive | I21: Minneapolis | J21: MN | K21: 55401 | L21: tom.heinecke@delasalle.com | N21: Tom | O21: Heinecke | P21: 708 5th St NE | Q21: Minneapolis | R21: MN | S21: 55413 | U21: 612-616-7673 | W21: x | X21: 105 | Y21: 126 | AB21: Sundays: Jan. 5, 12, 19, 26 | AC21: 10am-2:30pm | AD21: x | AF21: 149 | AG21: 129 | AI21: x | AJ21: https://ussoftballacademy.com/minneapolis-softball-camp/ | AK21: x | AL21: 33 | AM21: 31 | AN21: x | AO21: 44 | AP21: 34 | AQ21: x | AR21: 56 | AS21: 42 | AT21: x | AU21: 58 | AV21: 46 | AW21: x | AX21: 54 | AY21: 50 | AZ21: x | BA21: 54 | BB21: 54 | BC21: x | BD21: 54 | BE21: 54 | BF21: x | BG21: 54 | BH21: 54 | BI21: x | BJ21: 54 | BK21: 54 | BL21: x | BM21: 54 | BN21: 54 | BO21: x | BP21: 54 | BQ21: 54 | BS21: 54 | BT21: 54
A22: B-RET | D22: 40 | E22: USBDDYS | F22: Dysart HS | H22: 11425 N Dysart Rd | I22: El Mirage | J22: AZ | K22: 85335 | L22: bobbrumbaugh602@gmail.com | N22: Bob | O22: Brumbaugh | P22: 13316 W Statler St | Q22: Surprise | R22: AZ | S22: 85374 | U22: 602-706-7052 | W22: x | X22: 105 | Y22: 126 | AB22: Sundays: Jan. 5, 12, 19, 26 | AC22: 2pm-6:30pm | AD22: x | AF22: 149 | AG22: 129 | AI22: x | AJ22: https://ussoftballacademy.com/el-mirage-softball-camp/ | AK22: x | AL22: 30 | AM22: 23 | AN22: x | AO22: 31 | AP22: 28 | AQ22: x | AR22: 34 | AS22: 29 | AT22: x | AU22: 39 | AV22: 38 | AW22: x | AX22: 44 | AY22: 41 | AZ22: x | BA22: 41 | BB22: 41 | BC22: x | BD22: 41 | BE22: 41 | BF22: x | BG22: 40 | BH22: 40 | BI22: x | BJ22: 39 | BK22: 39 | BL22: x | BM22: 39 | BN22: 39 | BO22: x | BP22: 39 | BQ22: 39 | BS22: 39 | BT22: 39
A23: B-RET | D23: 60 | E23: USBDJCS | F23: Johnson Creek HS | H23: 455 Atzalan St. | I23: Johnson Creek | J23: WI | K23: 53038 | L23: loganpeot@johnsoncreekschools.org | N23: Logan | O23: Peot | P23: 215 Air Park Dr Apt 7 | Q23: Watertown | R23: WI | S23: 53094 | U23: 920-660-1761 | W23: x | X23: 105 | Y23: 126 | AB23: Sundays: Jan. 5, 12, 19, 26 | AC23: Noon-4:30pm | AD23: x | AF23: 149 | AG23: 129 | AI23: x | AJ23: https://ussoftballacademy.com/johnson-creek-softball-camp/ | AK23: x | AL23: 34 | AM23: 31 | AN23: x | AO23: 40 | AP23: 36 | AQ23: x | AR23: 49 | AS23: 46 | AT23: x | AU23: 50 | AV23: 46 | AW23: x | AX23: 51 | AY23: 49 | AZ23: x | BA23: 53 | BB23: 53 | BC23: x | BD23: 53 | BE23: 53 | BF23: x | BG23: 53 | BH23: 53 | BI23: x | BJ23: 53 | BK23: 53 | BL23: x | BM23: 53 | BN23: 53 | BO23: x | BP23: 53 | BQ23: 53 | BS23: 53 | BT23: 53
A24: B-RET | D24: 40 | E24: USBDNHS | F24: North HS | H24: 34050 Glen Dr | I24: Eastlake | J24: OH | K24: 44095 | L24: peek13@sbcglobal.net | N24: Matt | O24: McPeek | P24: 38568 Fairway Glenn Blvd | Q24: Willoughby | R24: OH | S24: 44094 | U24: 440-463-2467 | W24: x | X24: 119 | Y24: 209 | AB24: Sundays: Jan. 19, 26; Feb. 2, 9 | AC24: 9am-1:30pm | AD24: x | AF24: 149 | AG24: 129 | AI24: x | AJ24: https://ussoftballacademy.com/eastlake-softball-camp/ | AK24: x | AL24: 56 | AM24: 39 | AN24: x | AO24: 59 | AP24: 46 | AQ24: x | AR24: 70 | AS24: 56 | AT24: x | AU24: 67 | AV24: 62 | AW24: x | AX24: 66 | AY24: 62 | AZ24: x | BA24: 67 | BB24: 65 | BC24: x | BD24: 75 | BE24: 73 | BF24: x | BG24: 75 | BH24: 75 | BI24: x | BJ24: 77 | BK24: 77 | BL24: x | BM24: 77 | BN24: 77 | BO24: x | BP24: 77 | BQ24: 77 | BS24: 77 | BT24: 77
A25: B-RET | D25: 148 | E25: USBDNPUS | F25: North Park University | G25: Helwig Rec Center | H25: 3205 W Carmen Ave | I25: Chicago | J25: IL | K25: 60625 | L25: kanderson5@northpark.edu | N25: Katie | O25: Anderson | P25: 6875 N Northwest HWY 2 C | Q25: Chicago | R25: IL | S25: 60631 | U25: 847-840-7765 | W25: x | X25: 216 | Y25: 316 | AB25: Sundays: Feb. 16, 23; Mar. 2, 16 | AC25: 9am-1:30pm | AD25: x | AF25: 149 | AG25: 129 | AI25: x | AJ25: https://ussoftballacademy.com/chicago-softball-camp/ | AK25: x | AL25: 129 | AM25: 109 | AN25: x | AO25: 140 | AP25: 130 | AQ25: x | AR25: 151 | AS25: 135 | AT25: x | AU25: 144 | AV25: 140 | AW25: x | AX25: 148 | AY25: 144 | AZ25: x | BA25: 155 | BB25: 153 | BC25: x | BD25: 171 | BE25: 166 | BF25: x | BG25: 202 | BH25: 191 | BI25: x | BJ25: 213 | BK25: 205 | BL25: x | BM25: 232 | BN25: 228 | BO25: x | BP25: 235 | BQ25: 235 | BS25: 239 | BT25: 238
A26: B-RET | D26: 67 | E26: USBDSGTS | F26: Red Lion Christian Academy | G26: Lions Den @ RLCA | H26: 1390 Red Lion Rd | I26: Bear | J26: DE | K26: 19701 | L26: allaboutsoftball7@gmail.com | N26: Tim | O26: Wampler | P26: 303 Bank St | Q26: Chesapeake City | R26: MD | S26: 21915 | U26: 302-218-3336 | W26: x | X26: 104 | Y26: 125 | AB26: Saturdays: Jan. 4, 11, 18, 25 | AC26: 10am-2:30pm | AD26: x | AF26: 149 | AG26: 129 | AI26: x | AJ26: https://ussoftballacademy.com/bear-softball-camp/ | AK26: x | AL26: 16 | AM26: 8 | AN26: x | AO26: 27 | AP26: 14 | AQ26: x | AR26: 36 | AS26: 20 | AT26: x | AU26: 33 | AV26: 21 | AW26: x | AX26: 27 | AY26: 22 | AZ26: x | BA26: 26 | BB26: 26 | BC26: x | BD26: 26 | BE26: 26 | BF26: x | BG26: 26 | BH26: 26 | BI26: x | BJ26: 26 | BK26: 26 | BL26: x | BM26: 26 | BN26: 26 | BO26: x | BP26: 26 | BQ26: 26 | BS26: 26 | BT26: 26
A27: B-RET | D27: 140 | E27: USBDUPGS | F27: University of Pitt-Greensburg | H27: 150 Finoli Dr | I27: Greensburg | J27: PA | K27: 15601 | L27: chm143@pitt.edu | N27: Chuck | O27: Myers | P27: 29 Seneca Dr | Q27: Greensburg | R27: PA | S27: 15601 | U27: 724-244-7993 | W27: x | X27: 105 | Y27: 126 | AB27: Sundays: Jan. 5, 12, 19, 26 | AC27: 3pm-7:30pm | AD27: x | AF27: 149 | AG27: 129 | AI27: x | AJ27: https://ussoftballacademy.com/pittsburgh-greensburg-softball-camp/ | AK27: x | AL27: 74 | AM27: 66 | AN27: x | AO27: 91 | AP27: 76 | AQ27: x | AR27: 105 | AS27: 85 | AT27: x | AU27: 109 | AV27: 97 | AW27: x | AX27: 110 | AY27: 103 | AZ27: x | BA27: 105 | BB27: 105 | BC27: x | BD27: 107 | BE27: 107 | BF27: x | BG27: 107 | BH27: 107 | BI27: x | BJ27: 107 | BK27: 107 | BL27: x | BM27: 104 | BN27: 104 | BO27: x | BP27: 104 | BQ27: 104 | BS27: 104 | BT27: 104
A28: B-RET | D28: 98 | E28: USBDUSAS | F28: USSA Alabaster | G28: Thompson Middle School | H28: 100 Warrior Dr | I28: Alabaster | J28: AL | K28: 35007 | L28: anthonyburden111@yahoo.com | N28: Tony | O28: Burden | P28: 505 Rosebury Rd | Q28: Helena | R28: AL | S28: 35080 | U28: 205-331-6901 | W28: x | X28: 119 | Y28: 209 | AB28: Sundays: Jan 19, 26; Feb. 2, 9 | AC28: Noon-4:30pm | AD28: x | AF28: 149 | AG28: 129 | AI28: x | AJ28: https://ussoftballacademy.com/alabaster-softball-camp/ | AK28: x | AL28: 31 | AM28: 12 | AN28: x | AO28: 45 | AP28: 23 | AQ28: x | AR28: 58 | AS28: 33 | AT28: x | AU28: 73 | AV28: 53 | AW28: x | AX28: 73 | AY28: 60 | AZ28: x | BA28: 88 | BB28: 76 | BC28: x | BD28: 102 | BE28: 86 | BF28: x | BG28: 99 | BH28: 99 | BI28: x | BJ28: 99 | BK28: 99 | BL28: x | BM28: 99 | BN28: 99 | BO28: x | BP28: 99 | BQ28: 99 | BS28: 99 | BT28: 99
A29: B-RET | D29: 60 | E29: USBDLLS | F29: USSA Tampa | G29: Land O'Lakes HS | H29: 20325 Gator Lane | I29: Land O'Lakes | J29: FL | K29: 34638 | L29: mwilkins@pasco.k12.fl.us | N29: Mitch | O29: Wilkins | P29: 4550 Bay Blvd #1246 | Q29: Port Richey | R29: FL | S29: 34668 | U29: 813-431-8261 | W29: x | X29: 29 | Y29: 119 | AB29: Sundays: Dec. 29; Jan. 5, 12, 19 | AC29: Noon-4:30pm | AD29: x | AF29: 149 | AG29: 129 | AI29: x | AJ29: https://ussoftballacademy.com/tampa-land-olakes-softball-camp/ | AK29: x | AL29: 29 | AM29: 22 | AN29: x | AO29: 31 | AP29: 24 | AQ29: x | AR29: 51 | AS29: 36 | AT29: x | AU29: 44 | AV29: 38 | AW29: x | AX29: 39 | AY29: 39 | AZ29: x | BA29: 41 | BB29: 41 | BC29: x | BD29: 41 | BE29: 41 | BF29: x | BG29: 41 | BH29: 41 | BI29: x | BJ29: 41 | BK29: 41 | BL29: x | BM29: 41 | BN29: 41 | BO29: x | BP29: 41 | BQ29: 41 | BS29: 41 | BT29: 41
A30: B-RET | D30: 68 | E30: USBDWBS | F30: West Brunswick HS | H30: 550 Whiteville Rd NW | I30: Shallotte | J30: NC | K30: 28470 | L30: oscott@bcswan.net | N30: Olivia | O30: Scott | P30: 1783 Scrubjay CT SE | Q30: Bolivia | R30: NC | S30: 28422 | U30: 910-840-5121 | W30: x | X30: 301 | Y30: 322 | AB30: Saturdays: March 1, 8, 15, 22 | AC30: 10am-2:30pm | AD30: x | AF30: 149 | AG30: 129 | AI30: x | AJ30: https://ussoftballacademy.com/shallotte-softball-camp/ | AK30: x | AL30: 7 | AM30: 5 | AN30: x | AO30: 11 | AP30: 9 | AQ30: x | AR30: 16 | AS30: 11 | AT30: x | AU30: 19 | AV30: 14 | AW30: x | AX30: 17 | AY30: 14 | AZ30: x | BA30: 22 | BB30: 14 | BC30: x | BD30: 25 | BE30: 16 | BF30: x | BG30: 31 | BH30: 22 | BI30: x | BJ30: 32 | BK30: 23 | BL30: x | BM30: 31 | BN30: 23 | BO30: x | BP30: 26 | BQ30: 26 | BS30: 29 | BT30: 29
A31: B-RET | D31: 106 | E31: USBDYCS | F31: Yuma Catholic HS | H31: 2100 W 28th St | I31: Yuma | J31: AZ | K31: 85364 | L31: jlackey@yumacatholic.org | N31: Jarred | O31: Lackey | P31: 4579 W 27th Lane | Q31: Yuma | R31: AZ | S31: 85364 | U31: 928-210-7051 | W31: x | X31: 104 | Y31: 125 | AB31: Saturdays: Jan. 4, 11, 18, 25 | AC31: Noon-4:30pm | AD31: x | AF31: 149 | AG31: 129 | AI31: x | AJ31: https://ussoftballacademy.com/yuma-softball-camp/ | AK31: x | AL31: 61 | AM31: 45 | AN31: x | AO31: 82 | AP31: 68 | AQ31: x | AR31: 91 | AS31: 74 | AT31: x | AU31: 82 | AV31: 74 | AW31: x | AX31: 81 | AY31: 79 | AZ31: x | BA31: 87 | BB31: 87 | BC31: x | BD31: 88 | BE31: 88 | BF31: x | BG31: 88 | BH31: 88 | BI31: x | BJ31: 88 | BK31: 88 | BL31: x | BM31: 88 | BN31: 88 | BO31: x | BP31: 88 | BQ31: 88 | BS31: 88 | BT31: 88
A33: Z-CNCLD-LOW ENRLMT | E33: USBDUSINS | F33: USSA Independence | G33: The Dugout KC | H33: 4466 S. Noland Rd. | I33: Kansas City-Independence | J33: MO | K33: 64055 | L33: bryantkhudson@gmail.com | N33: Bryant | O33: Hudson | P33: 518 South St | Q33: Grain Valley | R33: MO | S33: 64029 | U33: 816-519-4090
A34: B-RET | D34: 28 | E34: USBDUSJV | F34: USSA Jacksonville - SPRING BREAK | G34: Bartram Trail HS | H34: 7399 Longleaf Pine Pkwy | I34: St. Johns | J34: FL | K34: 32259 | L34: bernardo.otero@stjohns.k12.fl.us | N34: Bernardo | O34: Otero | P34: 67 | Q34: Jacksonville | R34: FL | S34: 32258 | U34: 904-525-9083 | W34: x | X34: 317 | Y34: 320 | AB34: Mon.-Thur.: Mar. 17, 18, 19, 20 | AC34: 9am-3pm | AD34: x | AG34: 129 | AI34: x | AJ34: https://ussoftballacademy.com/jacksonville-st-johns-softball-camp/ | AK34: x | AL34: 7 | AM34: 5 | AN34: x | AO34: 9 | AP34: 7 | AQ34: x | AR34: 9 | AS34: 7 | AT34: x | AU34: 7 | AV34: 7 | AW34: x | AX34: 7 | AY34: 7 | AZ34: x | BA34: 7 | BB34: 7 | BC34: x | BD34: 7 | BE34: 7 | BF34: x | BG34: 7 | BH34: 7 | BI34: x | BJ34: 7 | BK34: 7 | BL34: x | BM34: 7 | BN34: 7 | BO34: x | BP34: 13 | BQ34: 12 | BS34: 14 | BT34: 13
A35: Z-OUT-NOT RET | D35: 30 | E35: USBDCHAS | F35: Club House Athletics | H35: 301 Pleasant St | I35: Abbottstown | J35: PA | K35: 17301 | L35: lindseybaylor@comcast.net | N35: Lindsey | O35: Baylor | P35: 77 James Ave | Q35: Littlestown | R35: PA | S35: 17340 | U35: 410-608-3245
A36: Z-OUT-NOT RET | D36: 112 | E36: USBDCHS | F36: Cheltenham HS | H36: 500 Rices Mill Rd | I36: Wyncote | J36: PA | K36: 19095 | L36: belldestiny27@gmail.com | N36: Alicia | O36: Heinemann | P36: 435 4th Ave | Q36: Lindenwold | R36: NJ | S36: 821 | U36: 267-962-4297
A37: Z-OUT-NOT RET | D37: 54 | E37: USBDLPS | F37: Lone Peak HS | H37: 10189 N 4800 W | I37: Highland | J37: UT | K37: 84003 | L37: deemuse13@gmail.com | N37: Dee | O37: Muse | P37: 1247 N 150 W | Q37: American Fork | R37: UT | S37: 84003 | U37: 801-228-8803
A38: Z-OUT-NOT RET | D38: 45 | E38: USBDMSS | F38: Monsignor Scanlan HS | H38: 915 Hutchinson River Pkwy | I38: Bronx | J38: NY | K38: 10465 | L38: izzojr812@yahoo.com | N38: Israel | O38: Ortiz | P38: 1430 Parkchester Rd., Apt 10G | Q38: Bronx | R38: NY | S38: 10462 | U38: 347-858-8662
A39: Z-OUT-NOT RET | D39: 27 | E39: USBDMUSS | F39: Muskegon CC | H39: 221 S Quarterline Rd | I39: Muskegon | J39: MI | K39: 49442 | L39: david.veihl2@muskegoncc.edu | N39: Dave | O39: Veihl | P39: 3176 Outback Dr | Q39: Muskegon | R39: MI | S39: 49444 | U39: 231-557-3111
A40: Z-OUT-NOT RET | D40: 41 | E40: USBDROYS | F40: Royal HS - WINTER BREAK | H40: 34499 Royal Rd. | I40: Brookshire | J40: TX | K40: 77423 | L40: arusso@royal-isd.net | N40: Alicia | O40: Russo-Murrell | P40: 18002 Oakmoss Hill Ct. | Q40: Richmond | R40: TX | S40: 77407 | U40: 832-567-3789
A41: Z-OUT-NOT RET | D41: 57 | E41: USBDSOS | F41: Sluggers of Ohio Inc. | H41: 9862 South Ave | I41: Poland | J41: OH | K41: 44514 | L41: bill.amero@gmail.com | N41: Bill | O41: Amero | P41: 9862 South Ave | Q41: Poland | R41: OH | S41: 44514 | U41: 330-501-7506
A42: Z-OUT-NOT RET | D42: 28 | E42: USBDTCS | F42: Tates Creek HS | H42: 1111 Centre Pkwy | I42: Lexington | J42: KY | K42: 40517 | L42: michael.thomas@fayette.kyschools.us | N42: Mike | O42: Thomas | P42: 1809 Stockton Way | Q42: Lexington | R42: KY | S42: 40511 | U42: 859-533-8244
A43: Z-OUT-NOT RET | D43: 29 | E43: USBDUSSS | F43: USSA Sylvania | G43: Screven County Recreation Department | H43: 1605 Millen Hwy | I43: Sylvania | J43: GA | K43: 30467 | L43: natalie25p@gmail.com | N43: Natalie | O43: Mills | P43: 343 Martin Luther King Jr Ave | Q43: Millen | R43: GA | S43: 30442 | U43: 435-210-8713
A44: Z-OUT-NOT RET | D44: 40 | E44: USBDWSS | F44: Wamego Sports Academy | H44: 315 Lincoln Ave | I44: Wamego | J44: KS | K44: 66547 | L44: raidersoftballcoach@gmail.com | N44: Luke | O44: Meyer | P44: 12880 Hillside Dr. | Q44: St. George | R44: KS | S44: 66535 | U44: 785-250-1019
A46: OUT | D46: 379
A47: QUESTIONABLE | D47: 57
A48: RETURNING | D48: 1032

Sheet WIN_TRKNG_SBALL
A1: ='❄️ SD-WIN-BBALL ⚾'!A1 -> STATUS | B1: ='❄️ SD-WIN-BBALL ⚾'!G1 -> Camp Code | C1: ='❄️ SD-WIN-BBALL ⚾'!I1 -> SITE | D1: START | E1: END | F1: DATES | G1: TIMES | I1: SD Updated | J1: Website | K1: USBA Landing Page | L1: Craft Landing Page | M1: Contract Sent | N1: Contract Rec | O1: Flyer | P1: Flyer Sent | Q1: FB Ads Launched | R1: COI Rec | S1: Coaches DB CXT | T1: BG Check Sent | U1: BG Check Complete | V1: Roster Email | W1: Director Email | X1: T-Shirts | Y1: Payment
A2: {=_xlfn.XLOOKUP(C2, '❄️ SD-WIN-SBALL 🥎'!$F$2:F170, '❄️ SD-WIN-SBALL 🥎'!$A$2:A170)} -> A-NEW | B2: {=_xlfn.XLOOKUP(C2, '❄️ SD-WIN-SBALL 🥎'!$F$2:F170, '❄️ SD-WIN-SBALL 🥎'!$E$2:E170)} -> USBDAVS | C2: {=_xlfn.SORTBY('❄️ SD-WIN-SBALL 🥎'!$F$2:F31, '❄️ SD-WIN-SBALL 🥎'!$F$2:F31, 1)} -> Apple Valley HS | D2: {=_xlfn.XLOOKUP(C2, '❄️ SD-WIN-SBALL 🥎'!$F$2:F170, '❄️ SD-WIN-SBALL 🥎'!$X$2:X170)} -> 118 | E2: {=_xlfn.XLOOKUP(C2, '❄️ SD-WIN-SBALL 🥎'!$F$2:F170, '❄️ SD-WIN-SBALL 🥎'!$Y$2:Y170)} -> 208 | F2: {=_xlfn.XLOOKUP(C2, '❄️ SD-WIN-SBALL 🥎'!$F$2:F170, '❄️ SD-WIN-SBALL 🥎'!$AB$2:AB170)} -> Saturdays: Jan. 18, 25; Feb. 1, 8 | G2: {=_xlfn.XLOOKUP(C2, '❄️ SD-WIN-SBALL 🥎'!$F$2:F170, '❄️ SD-WIN-SBALL 🥎'!$AC$2:AC170)} -> Noon-4:30pm | I2: TRUE | J2: TRUE | K2: TRUE | L2: TRUE | M2: TRUE | N2: TRUE | O2: TRUE | P2: TRUE | Q2: TRUE | R2: TRUE | S2: TRUE | T2: TRUE | U2: TRUE | V2: TRUE | W2: TRUE | X2: TRUE | Y2: TRUE
A3: {=_xlfn.XLOOKUP(C3, '❄️ SD-WIN-SBALL 🥎'!$F$2:F171, '❄️ SD-WIN-SBALL 🥎'!$A$2:A171)} -> B-RET | B3: {=_xlfn.XLOOKUP(C3, '❄️ SD-WIN-SBALL 🥎'!$F$2:F171, '❄️ SD-WIN-SBALL 🥎'!$E$2:E171)} -> USBDCAPS | C3: Capital HS | D3: {=_xlfn.XLOOKUP(C3, '❄️ SD-WIN-SBALL 🥎'!$F$2:F171, '❄️ SD-WIN-SBALL 🥎'!$X$2:X171)} -> 111 | E3: {=_xlfn.XLOOKUP(C3, '❄️ SD-WIN-SBALL 🥎'!$F$2:F171, '❄️ SD-WIN-SBALL 🥎'!$Y$2:Y171)} -> 201 | F3: {=_xlfn.XLOOKUP(C3, '❄️ SD-WIN-SBALL 🥎'!$F$2:F171, '❄️ SD-WIN-SBALL 🥎'!$AB$2:AB171)} -> Saturdays: Jan. 11, 18, 25; Feb. 1 | G3: {=_xlfn.XLOOKUP(C3, '❄️ SD-WIN-SBALL 🥎'!$F$2:F171, '❄️ SD-WIN-SBALL 🥎'!$AC$2:AC171)} -> Noon-4:30pm | I3: TRUE | J3: TRUE | K3: TRUE | L3: TRUE | M3: TRUE | N3: TRUE | O3: TRUE | P3: TRUE | Q3: TRUE | R3: TRUE | S3: TRUE | T3: TRUE | U3: TRUE | V3: TRUE | W3: TRUE | X3: TRUE | Y3: FALSE
A4: {=_xlfn.XLOOKUP(C4, '❄️ SD-WIN-SBALL 🥎'!$F$2:F172, '❄️ SD-WIN-SBALL 🥎'!$A$2:A172)} -> A-NEW | B4: {=_xlfn.XLOOKUP(C4, '❄️ SD-WIN-SBALL 🥎'!$F$2:F172, '❄️ SD-WIN-SBALL 🥎'!$E$2:E172)} -> USBDCUS | C4: Capital University | D4: {=_xlfn.XLOOKUP(C4, '❄️ SD-WIN-SBALL 🥎'!$F$2:F172, '❄️ SD-WIN-SBALL 🥎'!$X$2:X172)} -> 126 | E4: {=_xlfn.XLOOKUP(C4, '❄️ SD-WIN-SBALL 🥎'!$F$2:F172, '❄️ SD-WIN-SBALL 🥎'!$Y$2:Y172)} -> 223 | F4: {=_xlfn.XLOOKUP(C4, '❄️ SD-WIN-SBALL 🥎'!$F$2:F172, '❄️ SD-WIN-SBALL 🥎'!$AB$2:AB172)} -> Sundays: Jan. 26; Feb. 2, 9, 23 | G4: {=_xlfn.XLOOKUP(C4, '❄️ SD-WIN-SBALL 🥎'!$F$2:F172, '❄️ SD-WIN-SBALL 🥎'!$AC$2:AC172)} -> Noon-4:30pm | I4: TRUE | J4: TRUE | K4: TRUE | L4: TRUE | M4: TRUE | N4: TRUE | O4: TRUE | P4: TRUE | Q4: TRUE | R4: TRUE | S4: TRUE | T4: TRUE | U4: TRUE | V4: TRUE | W4: TRUE | X4: TRUE | Y4: FALSE
A5: {=_xlfn.XLOOKUP(C5, '❄️ SD-WIN-SBALL 🥎'!$F$2:F173, '❄️ SD-WIN-SBALL 🥎'!$A$2:A173)} -> A-NEW | B5: {=_xlfn.XLOOKUP(C5, '❄️ SD-WIN-SBALL 🥎'!$F$2:F173, '❄️ SD-WIN-SBALL 🥎'!$E$2:E173)} -> USBDCVYS | C5: Cedar Valley HS | D5: {=_xlfn.XLOOKUP(C5, '❄️ SD-WIN-SBALL 🥎'!$F$2:F173, '❄️ SD-WIN-SBALL 🥎'!$X$2:X173)} -> 118 | E5: {=_xlfn.XLOOKUP(C5, '❄️ SD-WIN-SBALL 🥎'!$F$2:F173, '❄️ SD-WIN-SBALL 🥎'!$Y$2:Y173)} -> 215 | F5: {=_xlfn.XLOOKUP(C5, '❄️ SD-WIN-SBALL 🥎'!$F$2:F173, '❄️ SD-WIN-SBALL 🥎'!$AB$2:AB173)} -> Saturdays: Jan. 18, 25; Feb. 8, 15 | G5: {=_xlfn.XLOOKUP(C5, '❄️ SD-WIN-SBALL 🥎'!$F$2:F173, '❄️ SD-WIN-SBALL 🥎'!$AC$2:AC173)} -> Noon-4:30pm | I5: TRUE | J5: TRUE | K5: TRUE | L5: TRUE | M5: TRUE | N5: TRUE | O5: TRUE | P5: TRUE | Q5: TRUE | R5: TRUE | S5: TRUE | T5: TRUE | U5: TRUE | V5: TRUE | W5: TRUE | X5: TRUE | Y5: TRUE
A6: {=_xlfn.XLOOKUP(C6, '❄️ SD-WIN-SBALL 🥎'!$F$2:F174, '❄️ SD-WIN-SBALL 🥎'!$A$2:A174)} -> A-NEW | B6: {=_xlfn.XLOOKUP(C6, '❄️ SD-WIN-SBALL 🥎'!$F$2:F174, '❄️ SD-WIN-SBALL 🥎'!$E$2:E174)} -> USBDCSHS | C6: Chippewa Senior HS | D6: {=_xlfn.XLOOKUP(C6, '❄️ SD-WIN-SBALL 🥎'!$F$2:F174, '❄️ SD-WIN-SBALL 🥎'!$X$2:X174)} -> 112 | E6: {=_xlfn.XLOOKUP(C6, '❄️ SD-WIN-SBALL 🥎'!$F$2:F174, '❄️ SD-WIN-SBALL 🥎'!$Y$2:Y174)} -> 202 | F6: {=_xlfn.XLOOKUP(C6, '❄️ SD-WIN-SBALL 🥎'!$F$2:F174, '❄️ SD-WIN-SBALL 🥎'!$AB$2:AB174)} -> Sundays: Jan. 12, 19, 26; Feb. 2 | G6: {=_xlfn.XLOOKUP(C6, '❄️ SD-WIN-SBALL 🥎'!$F$2:F174, '❄️ SD-WIN-SBALL 🥎'!$AC$2:AC174)} -> 1pm-5:30pm | I6: TRUE | J6: TRUE | K6: TRUE | L6: TRUE | M6: TRUE | N6: TRUE | O6: TRUE | P6: TRUE | Q6: TRUE | R6: TRUE | S6: TRUE | T6: TRUE | U6: TRUE | V6: TRUE | W6: TRUE | X6: TRUE | Y6: TRUE
A7: {=_xlfn.XLOOKUP(C7, '❄️ SD-WIN-SBALL 🥎'!$F$2:F175, '❄️ SD-WIN-SBALL 🥎'!$A$2:A175)} -> B-RET | B7: {=_xlfn.XLOOKUP(C7, '❄️ SD-WIN-SBALL 🥎'!$F$2:F175, '❄️ SD-WIN-SBALL 🥎'!$E$2:E175)} -> USBDCVS | C7: Crestview HS | D7: {=_xlfn.XLOOKUP(C7, '❄️ SD-WIN-SBALL 🥎'!$F$2:F175, '❄️ SD-WIN-SBALL 🥎'!$X$2:X175)} -> 119 | E7: {=_xlfn.XLOOKUP(C7, '❄️ SD-WIN-SBALL 🥎'!$F$2:F175, '❄️ SD-WIN-SBALL 🥎'!$Y$2:Y175)} -> 209 | F7: {=_xlfn.XLOOKUP(C7, '❄️ SD-WIN-SBALL 🥎'!$F$2:F175, '❄️ SD-WIN-SBALL 🥎'!$AB$2:AB175)} -> Sundays: Jan. 19, 26; Feb. 2, 9 | G7: {=_xlfn.XLOOKUP(C7, '❄️ SD-WIN-SBALL 🥎'!$F$2:F175, '❄️ SD-WIN-SBALL 🥎'!$AC$2:AC175)} -> 2pm-6:30pm | I7: TRUE | J7: TRUE | K7: TRUE | L7: TRUE | M7: TRUE | N7: TRUE | O7: TRUE | P7: TRUE | Q7: TRUE | R7: TRUE | S7: TRUE | T7: TRUE | U7: TRUE | V7: TRUE | W7: TRUE | X7: TRUE | Y7: FALSE
A8: {=_xlfn.XLOOKUP(C8, '❄️ SD-WIN-SBALL 🥎'!$F$2:F176, '❄️ SD-WIN-SBALL 🥎'!$A$2:A176)} -> A-NEW | B8: {=_xlfn.XLOOKUP(C8, '❄️ SD-WIN-SBALL 🥎'!$F$2:F176, '❄️ SD-WIN-SBALL 🥎'!$E$2:E176)} -> USBDDCS | C8: Dallas Christian HS | D8: {=_xlfn.XLOOKUP(C8, '❄️ SD-WIN-SBALL 🥎'!$F$2:F176, '❄️ SD-WIN-SBALL 🥎'!$X$2:X176)} -> 105 | E8: {=_xlfn.XLOOKUP(C8, '❄️ SD-WIN-SBALL 🥎'!$F$2:F176, '❄️ SD-WIN-SBALL 🥎'!$Y$2:Y176)} -> 126 | F8: {=_xlfn.XLOOKUP(C8, '❄️ SD-WIN-SBALL 🥎'!$F$2:F176, '❄️ SD-WIN-SBALL 🥎'!$AB$2:AB176)} -> Sundays: Jan. 5, 12, 19, 26 | G8: {=_xlfn.XLOOKUP(C8, '❄️ SD-WIN-SBALL 🥎'!$F$2:F176, '❄️ SD-WIN-SBALL 🥎'!$AC$2:AC176)} -> Noon-4:30pm | I8: TRUE | J8: TRUE | K8: TRUE | L8: TRUE | M8: TRUE | N8: TRUE | O8: TRUE | P8: TRUE | Q8: TRUE | R8: TRUE | S8: TRUE | T8: TRUE | U8: TRUE | V8: TRUE | W8: TRUE | X8: TRUE | Y8: TRUE
A9: {=_xlfn.XLOOKUP(C9, '❄️ SD-WIN-SBALL 🥎'!$F$2:F177, '❄️ SD-WIN-SBALL 🥎'!$A$2:A177)} -> B-RET | B9: {=_xlfn.XLOOKUP(C9, '❄️ SD-WIN-SBALL 🥎'!$F$2:F177, '❄️ SD-WIN-SBALL 🥎'!$E$2:E177)} -> USBDDLS | C9: DeLaSalle HS | D9: {=_xlfn.XLOOKUP(C9, '❄️ SD-WIN-SBALL 🥎'!$F$2:F177, '❄️ SD-WIN-SBALL 🥎'!$X$2:X177)} -> 105 | E9: {=_xlfn.XLOOKUP(C9, '❄️ SD-WIN-SBALL 🥎'!$F$2:F177, '❄️ SD-WIN-SBALL 🥎'!$Y$2:Y177)} -> 126 | F9: {=_xlfn.XLOOKUP(C9, '❄️ SD-WIN-SBALL 🥎'!$F$2:F177, '❄️ SD-WIN-SBALL 🥎'!$AB$2:AB177)} -> Sundays: Jan. 5, 12, 19, 26 | G9: {=_xlfn.XLOOKUP(C9, '❄️ SD-WIN-SBALL 🥎'!$F$2:F177, '❄️ SD-WIN-SBALL 🥎'!$AC$2:AC177)} -> 10am-2:30pm | I9: TRUE | J9: TRUE | K9: TRUE | L9: TRUE | M9: TRUE | N9: TRUE | O9: TRUE | P9: TRUE | Q9: TRUE | R9: TRUE | S9: TRUE | T9: TRUE | U9: TRUE | V9: TRUE | W9: TRUE | X9: TRUE | Y9: TRUE
A10: {=_xlfn.XLOOKUP(C10, '❄️ SD-WIN-SBALL 🥎'!$F$2:F178, '❄️ SD-WIN-SBALL 🥎'!$A$2:A178)} -> B-RET | B10: {=_xlfn.XLOOKUP(C10, '❄️ SD-WIN-SBALL 🥎'!$F$2:F178, '❄️ SD-WIN-SBALL 🥎'!$E$2:E178)} -> USBDDYS | C10: Dysart HS | D10: {=_xlfn.XLOOKUP(C10, '❄️ SD-WIN-SBALL 🥎'!$F$2:F178, '❄️ SD-WIN-SBALL 🥎'!$X$2:X178)} -> 105 | E10: {=_xlfn.XLOOKUP(C10, '❄️ SD-WIN-SBALL 🥎'!$F$2:F178, '❄️ SD-WIN-SBALL 🥎'!$Y$2:Y178)} -> 126 | F10: {=_xlfn.XLOOKUP(C10, '❄️ SD-WIN-SBALL 🥎'!$F$2:F178, '❄️ SD-WIN-SBALL 🥎'!$AB$2:AB178)} -> Sundays: Jan. 5, 12, 19, 26 | G10: {=_xlfn.XLOOKUP(C10, '❄️ SD-WIN-SBALL 🥎'!$F$2:F178, '❄️ SD-WIN-SBALL 🥎'!$AC$2:AC178)} -> 2pm-6:30pm | I10: TRUE | J10: TRUE | K10: TRUE | L10: TRUE | M10: TRUE | N10: TRUE | O10: TRUE | P10: TRUE | Q10: TRUE | R10: TRUE | S10: TRUE | T10: TRUE | U10: TRUE | V10: TRUE | W10: TRUE | X10: TRUE | Y10: TRUE
A11: {=_xlfn.XLOOKUP(C11, '❄️ SD-WIN-SBALL 🥎'!$F$2:F179, '❄️ SD-WIN-SBALL 🥎'!$A$2:A179)} -> A-NEW | B11: {=_xlfn.XLOOKUP(C11, '❄️ SD-WIN-SBALL 🥎'!$F$2:F179, '❄️ SD-WIN-SBALL 🥎'!$E$2:E179)} -> USBDFHSS | C11: Flushing HS | D11: {=_xlfn.XLOOKUP(C11, '❄️ SD-WIN-SBALL 🥎'!$F$2:F179, '❄️ SD-WIN-SBALL 🥎'!$X$2:X179)} -> 105 | E11: {=_xlfn.XLOOKUP(C11, '❄️ SD-WIN-SBALL 🥎'!$F$2:F179, '❄️ SD-WIN-SBALL 🥎'!$Y$2:Y179)} -> 202 | F11: {=_xlfn.XLOOKUP(C11, '❄️ SD-WIN-SBALL 🥎'!$F$2:F179, '❄️ SD-WIN-SBALL 🥎'!$AB$2:AB179)} -> Sundays: Jan. 5, 19, 26; Feb. 2 | G11: {=_xlfn.XLOOKUP(C11, '❄️ SD-WIN-SBALL 🥎'!$F$2:F179, '❄️ SD-WIN-SBALL 🥎'!$AC$2:AC179)} -> Noon-4:30pm | I11: TRUE | J11: TRUE | K11: TRUE | L11: TRUE | M11: TRUE | N11: TRUE | O11: TRUE | P11: TRUE | Q11: TRUE | R11: TRUE | S11: TRUE | T11: TRUE | U11: TRUE | V11: TRUE | W11: TRUE | X11: TRUE | Y11: TRUE
A12: {=_xlfn.XLOOKUP(C12, '❄️ SD-WIN-SBALL 🥎'!$F$2:F180, '❄️ SD-WIN-SBALL 🥎'!$A$2:A180)} -> B-RET | B12: {=_xlfn.XLOOKUP(C12, '❄️ SD-WIN-SBALL 🥎'!$F$2:F180, '❄️ SD-WIN-SBALL 🥎'!$E$2:E180)} -> USBDJCS | C12: Johnson Creek HS | D12: {=_xlfn.XLOOKUP(C12, '❄️ SD-WIN-SBALL 🥎'!$F$2:F180, '❄️ SD-WIN-SBALL 🥎'!$X$2:X180)} -> 105 | E12: {=_xlfn.XLOOKUP(C12, '❄️ SD-WIN-SBALL 🥎'!$F$2:F180, '❄️ SD-WIN-SBALL 🥎'!$Y$2:Y180)} -> 126 | F12: {=_xlfn.XLOOKUP(C12, '❄️ SD-WIN-SBALL 🥎'!$F$2:F180, '❄️ SD-WIN-SBALL 🥎'!$AB$2:AB180)} -> Sundays: Jan. 5, 12, 19, 26 | G12: {=_xlfn.XLOOKUP(C12, '❄️ SD-WIN-SBALL 🥎'!$F$2:F180, '❄️ SD-WIN-SBALL 🥎'!$AC$2:AC180)} -> Noon-4:30pm | I12: TRUE | J12: TRUE | K12: TRUE | L12: TRUE | M12: TRUE | N12: TRUE | O12: TRUE | P12: TRUE | Q12: TRUE | R12: TRUE | S12: TRUE | T12: TRUE | U12: TRUE | V12: TRUE | W12: TRUE | X12: TRUE | Y12: TRUE
A13: {=_xlfn.XLOOKUP(C13, '❄️ SD-WIN-SBALL 🥎'!$F$2:F181, '❄️ SD-WIN-SBALL 🥎'!$A$2:A181)} -> A-NEW | B13: {=_xlfn.XLOOKUP(C13, '❄️ SD-WIN-SBALL 🥎'!$F$2:F181, '❄️ SD-WIN-SBALL 🥎'!$E$2:E181)} -> USBDMSCS | C13: Mount Saint Charles Academy | D13: {=_xlfn.XLOOKUP(C13, '❄️ SD-WIN-SBALL 🥎'!$F$2:F181, '❄️ SD-WIN-SBALL 🥎'!$X$2:X181)} -> 302 | E13: {=_xlfn.XLOOKUP(C13, '❄️ SD-WIN-SBALL 🥎'!$F$2:F181, '❄️ SD-WIN-SBALL 🥎'!$Y$2:Y181)} -> 323 | F13: {=_xlfn.XLOOKUP(C13, '❄️ SD-WIN-SBALL 🥎'!$F$2:F181, '❄️ SD-WIN-SBALL 🥎'!$AB$2:AB181)} -> Sundays: March 2, 9, 16, 23 | G13: {=_xlfn.XLOOKUP(C13, '❄️ SD-WIN-SBALL 🥎'!$F$2:F181, '❄️ SD-WIN-SBALL 🥎'!$AC$2:AC181)} -> 1pm-5:30pm | I13: TRUE | J13: TRUE | K13: TRUE | L13: TRUE | M13: TRUE | N13: TRUE | O13: TRUE | P13: TRUE | Q13: TRUE | R13: TRUE | S13: TRUE | T13: FALSE | U13: FALSE | V13: FALSE | W13: FALSE | X13: FALSE | Y13: FALSE
A14: {=_xlfn.XLOOKUP(C14, '❄️ SD-WIN-SBALL 🥎'!$F$2:F182, '❄️ SD-WIN-SBALL 🥎'!$A$2:A182)} -> A-NEW | B14: {=_xlfn.XLOOKUP(C14, '❄️ SD-WIN-SBALL 🥎'!$F$2:F182, '❄️ SD-WIN-SBALL 🥎'!$E$2:E182)} -> USBDMBCS | C14: Mt. Bethel Christian Academy | D14: {=_xlfn.XLOOKUP(C14, '❄️ SD-WIN-SBALL 🥎'!$F$2:F182, '❄️ SD-WIN-SBALL 🥎'!$X$2:X182)} -> 208 | E14: {=_xlfn.XLOOKUP(C14, '❄️ SD-WIN-SBALL 🥎'!$F$2:F182, '❄️ SD-WIN-SBALL 🥎'!$Y$2:Y182)} -> 301 | F14: {=_xlfn.XLOOKUP(C14, '❄️ SD-WIN-SBALL 🥎'!$F$2:F182, '❄️ SD-WIN-SBALL 🥎'!$AB$2:AB182)} -> Saturdays: Feb. 8, 15, 22; March 1 | G14: {=_xlfn.XLOOKUP(C14, '❄️ SD-WIN-SBALL 🥎'!$F$2:F182, '❄️ SD-WIN-SBALL 🥎'!$AC$2:AC182)} -> 1pm-5:30pm | I14: TRUE | J14: TRUE | K14: TRUE | L14: TRUE | M14: TRUE | N14: TRUE | O14: TRUE | P14: TRUE | Q14: TRUE | R14: TRUE | S14: TRUE | T14: TRUE | U14: TRUE | V14: TRUE | W14: TRUE | X14: TRUE | Y14: FALSE
... A31: {=_xlfn.XLOOKUP(C31, '❄️ SD-WIN-SBALL 🥎'!$F$2:F199, '❄️ SD-WIN-SBALL 🥎'!$A$2:A199)} -> B-RET | B31: {=_xlfn.XLOOKUP(C31, '❄️ SD-WIN-SBALL 🥎'!$F$2:F199, '❄️ SD-WIN-SBALL 🥎'!$E$2:E199)} -> USBDYCS | C31: Yuma Catholic HS | D31: {=_xlfn.XLOOKUP(C31, '❄️ SD-WIN-SBALL 🥎'!$F$2:F199, '❄️ SD-WIN-SBALL 🥎'!$X$2:X199)} -> 104 | E31: {=_xlfn.XLOOKUP(C31, '❄️ SD-WIN-SBALL 🥎'!$F$2:F199, '❄️ SD-WIN-SBALL 🥎'!$Y$2:Y199)} -> 125 | F31: {=_xlfn.XLOOKUP(C31, '❄️ SD-WIN-SBALL 🥎'!$F$2:F199, '❄️ SD-WIN-SBALL 🥎'!$AB$2:AB199)} -> Saturdays: Jan. 4, 11, 18, 25 | G31: {=_xlfn.XLOOKUP(C31, '❄️ SD-WIN-SBALL 🥎'!$F$2:F199, '❄️ SD-WIN-SBALL 🥎'!$AC$2:AC199)} -> Noon-4:30pm | I31: TRUE | J31: TRUE | K31: TRUE | L31: TRUE | M31: TRUE | N31: TRUE | O31: TRUE | P31: TRUE | Q31: TRUE | R31: TRUE | S31: TRUE | T31: FALSE | U31: FALSE | V31: FALSE | W31: FALSE | X31: FALSE | Y31: FALSE
A32: {=_xlfn.XLOOKUP(C32, '❄️ SD-WIN-SBALL 🥎'!$F$2:F200, '❄️ SD-WIN-SBALL 🥎'!$A$2:A200)} -> 0 | B32: {=_xlfn.XLOOKUP(C32, '❄️ SD-WIN-SBALL 🥎'!$F$2:F200, '❄️ SD-WIN-SBALL 🥎'!$E$2:E200)} -> 0 | D32: {=_xlfn.XLOOKUP(C32, '❄️ SD-WIN-SBALL 🥎'!$F$2:F200, '❄️ SD-WIN-SBALL 🥎'!$X$2:X200)} -> 0 | E32: {=_xlfn.XLOOKUP(C32, '❄️ SD-WIN-SBALL 🥎'!$F$2:F200, '❄️ SD-WIN-SBALL 🥎'!$Y$2:Y200)} -> 0 | F32: {=_xlfn.XLOOKUP(C32, '❄️ SD-WIN-SBALL 🥎'!$F$2:F200, '❄️ SD-WIN-SBALL 🥎'!$AB$2:AB200)} -> 0 | G32: {=_xlfn.XLOOKUP(C32, '❄️ SD-WIN-SBALL 🥎'!$F$2:F200, '❄️ SD-WIN-SBALL 🥎'!$AC$2:AC200)} -> 0 | I32: TRUE | J32: TRUE | K32: TRUE | L32: TRUE | M32: TRUE | N32: TRUE | O32: TRUE | P32: TRUE | Q32: TRUE | R32: TRUE | S32: TRUE | T32: TRUE | U32: TRUE | V32: TRUE | W32: TRUE | X32: TRUE | Y32: TRUE

Sheet ⭐ SD-SUM-BBALL ⚾
A1: STATUS | B1: NEW | C1: STATUS#2 | D1: FY23 | E1: FY24 | F1: Camp Code | G1: Camp Name | H1: HELD @ | I1: Site address | J1: Site city | K1: State | L1: Zip | M1: Primary Email | N1: 2ND SD EMAIL (DO NOT SEND DETAILS) | O1: First Name | P1: Last name | Q1: Director address | R1: Director city | S1: State | T1: Zip | U1: Home # | V1: Cell # | W1: Work # | X1: X | Y1: START | Z1: END | AA1: COR. DATES | AB1: COR. TIMES | AC1: CFM DATES | AD1: CFM TIMES | AE1: X | AF1: MAX | AG1: LY$ | AH1: S$ | AI1: DP$ | AJ1: X | AK1: USBA Landing Page | AL1: UNQ | AM1: (+) Weeks | AN1: X | AQ1: fb grp
A2: A-NEW | B2: X | C2: A-NEW | F2: USBDPS-S | G2: Plainfield South HS | I2: 7800 West Caton Farm Rd. | J2: Plainfield | K2: IL | L2: 60586 | M2: khalvers@psd202.org | O2: Keith | P2: Halverson | Q2: 605 Burgundy Ct. | R2: Oswego | S2: IL | T2: 60543 | V2: 708-302-9076 | Y2: 616 | Z2: 619 | AC2: June 16-19 | AD2: 9AM-3PM | AH2: 295 | AK2: https://usbaseballacademy.com/summer-baseball-camp-in-plainfield/ | AL2: X | AO2: =I2&" "&J2&","&" "&K2&" "&L2 -> 7800 West Caton Farm Rd. Plainfield, IL 60586 | AQ2: 3
A3: A-NEW | B3: X | C3: A-NEW | F3: USBDANP1-S | G3: USBA Annapolis - Week 1 | H3: Harvest Bible Chapel | I3: 585 Old Oak Road | J3: Annapolis | K3: MD | L3: 21144 | M3: thorobreedworkouts@gmail.com | O3: Derek | P3: Dixon | V3: 410-946-7730 | Y3: 630 | Z3: 703 | AC3: June 30-July 3 | AD3: 9AM-3PM | AH3: 295 | AK3: https://usbaseballacademy.com/summer-baseball-camp-in-annapolis/ | AL3: X | AM3: X | AO3: =I3&" "&J3&","&" "&K3&" "&L3 -> 585 Old Oak Road Annapolis, MD 21144 | AQ3: 9
A4: A-NEW | B4: X | C4: A-NEW | F4: USBDANP2-S | G4: USBA Annapolis - Week 2 | H4: Harvest Bible Chapel | I4: 585 Old Oak Road | J4: Annapolis | K4: MD | L4: 21144 | M4: thorobreedworkouts@gmail.com | O4: Derek | P4: Dixon | V4: 410-946-7730 | Y4: 728 | Z4: 731 | AC4: July 28-31 | AD4: 9AM-3PM | AH4: 295 | AK4: https://usbaseballacademy.com/summer-baseball-camp-in-annapolis/ | AL4: X | AO4: =I4&" "&J4&","&" "&K4&" "&L4 -> 585 Old Oak Road Annapolis, MD 21144 | AQ4: 15
A5: A-NEW | B5: X | C5: A-NEW | F5: USBDCIN-S | G5: USBA Cincinnati | H5: Princeton HS | I5: 100 Viking Way | J5: Cincinnati | K5: OH | L5: 45246 | M5: vhay513@gmail.com | O5: Vince | P5: Harrison | Q5: 4346 East Chase Run | R5: Liberty Township | S5: OH | T5: 45011 | V5: 513-258-1615 | Y5: 721 | Z5: 724 | AC5: July 21-24 | AD5: 9AM-3PM | AK5: https://usbaseballacademy.com/summer-baseball-camp-in-cincinnati/ | AL5: X | AO5: =I5&" "&J5&","&" "&K5&" "&L5 -> 100 Viking Way Cincinnati, OH 45246
A6: B-RET | C6: C-2ND | E6: 29 | F6: USBDALL-S | G6: Alliance HS | I6: 400 Glamorgan St. | J6: Alliance | K6: OH | L6: 44601 | M6: grafficeje@alliancecityschools.org | O6: Jeff | P6: Graffice | Q6: 1540 Northwood Ave | R6: Alliance | S6: OH | T6: 44601 | V6: 330-581-3361 | X6: X | Y6: 616 | Z6: 619 | AC6: June 16-19 | AD6: 9AM-3PM | AE6: X | AG6: 270 | AH6: 270 | AJ6: X | AK6: https://usbaseballacademy.com/summer-baseball-camp-in-alliance/ | AN6: X | AO6: =I6&" "&J6&","&" "&K6&" "&L6 -> 400 Glamorgan St. Alliance, OH 44601 | AQ6: 4
A7: B-RET | C7: C-2ND | F7: USBDAR-S | G7: Anoka-Ramsey CC | I7: 11200 Mississippi Blvd NW | J7: Coon Rapids | K7: MN | L7: 55433 | M7: coachholmgren@yahoo.com | O7: Ryan | P7: Holmgren | V7: 651-308-1652 | Y7: 714 | Z7: 717 | AC7: July 14-17 | AD7: 9AM-3PM | AK7: https://usbaseballacademy.com/summer-baseball-camp-in-coon-rapids/ | AO7: =I7&" "&J7&","&" "&K7&" "&L7 -> 11200 Mississippi Blvd NW Coon Rapids, MN 55433
A8: B-RET | C8: C-2ND | F8: USBDARH-S | G8: Arcata HS | I8: 1720 M St | J8: Arcata | K8: CA | L8: 95521 | M8: tghisetti@nohum.k12.ca.us | O8: Troy | P8: Ghisetti | Q8: 1251 Lonestar Dr | R8: McKinleyville | S8: CA | T8: 95519 | U8: 707-839-1299 | V8: 707-845-4846 | W8: 707-825-2400 | Y8: 623 | Z8: 626 | AC8: June 23-26 | AD8: 9AM-3PM | AK8: https://usbaseballacademy.com/summer-baseball-camp-in-arcata/ | AO8: =I8&" "&J8&","&" "&K8&" "&L8 -> 1720 M St Arcata, CA 95521 | AQ8: 7
A9: B-RET | B9: X | C9: C-2ND | F9: USBDALA-S | G9: Ascend Leadership Academy | H9: Lett Park - Field #2 | I9: 301 Gilbert Lett Dr. | J9: Broadway | K9: NC | L9: 27505 | M9: mcounter@alaschoolsnc.org | O9: Morgan | P9: Counter | Q9: 129 Beautiful Lane | R9: Sanford | S9: NC | T9: 27332 | V9: 919-897-4541 | Y9: 616 | Z9: 619 | AC9: June 16-19 | AD9: 9AM-3PM | AH9: 295 | AK9: https://usbaseballacademy.com/summer-baseball-camp-in-sanford/ | AO9: =I9&" "&J9&","&" "&K9&" "&L9 -> 301 Gilbert Lett Dr. Broadway, NC 27505 | AQ9: 4
A10: B-RET | C10: C-2ND | E10: 26 | F10: USBDBBA1-S | G10: Ballistic Baseball Academy - Week 1 | H10: Boardman HS | I10: 7777 Glenwood Ave | J10: Boardman | K10: OH | L10: 44512 | M10: chris.cosentino5@gmail.com | O10: Chris | P10: Cosentino | Q10: 3087 Olde Winter Trail | R10: Poland | S10: OH | T10: 44514 | V10: 330-502-3367 | X10: X | Y10: 616 | Z10: 619 | AC10: June 16-19 | AD10: 9AM-3PM | AE10: X | AG10: 295 | AH10: 295 | AJ10: X | AK10: https://usbaseballacademy.com/summer-baseball-camp-in-boardman/ | AM10: X | AN10: X | AO10: =I10&" "&J10&","&" "&K10&" "&L10 -> 7777 Glenwood Ave Boardman, OH 44512 | AQ10: 4
A11: B-RET | C11: C-2ND | E11: 26 | F11: USBDBBA2-S | G11: Ballistic Baseball Academy - Week 2 | H11: Boardman HS | I11: 7777 Glenwood Ave | J11: Boardman | K11: OH | L11: 44512 | M11: chris.cosentino5@gmail.com | O11: Chris | P11: Cosentino | Q11: 3087 Olde Winter Trail | R11: Poland | S11: OH | T11: 44514 | V11: 330-502-3367 | X11: X | Y11: 714 | Z11: 717 | AC11: July 14-17 | AD11: 9AM-3PM | AE11: X | AG11: 295 | AH11: 295 | AJ11: X | AK11: https://usbaseballacademy.com/summer-baseball-camp-in-boardman/ | AN11: X | AO11: =I11&" "&J11&","&" "&K11&" "&L11 -> 7777 Glenwood Ave Boardman, OH 44512 | AQ11: 12
A12: B-RET | C12: D-RET | E12: 47 | F12: USBDBTJV1-S | G12: Bartram Trail HS - Week 1 | I12: 7399 Longleaf Pine Pkwy | J12: St. Johns | K12: FL | L12: 32259 | M12: bernardo.otero@stjohns.k12.fl.us | O12: Bernardo | P12: Otero | Q12: 14951 Walden Springs Way Apt 823 | R12: Jacksonville | S12: FL | T12: 32258 | V12: 904-525-9083 | X12: X | Y12: 616 | Z12: 619 | AC12: June 16-19 | AD12: 9AM-3PM | AE12: X | AF12: 70 | AG12: 295 | AH12: 295 | AJ12: X | AK12: https://usbaseballacademy.com/summer-baseball-camp-in-jacksonville-st-johns/ | AM12: X | AN12: X | AO12: =I12&" "&J12&","&" "&K12&" "&L12 -> 7399 Longleaf Pine Pkwy St. Johns, FL 32259 | AQ12: 4
A13: B-RET | C13: D-RET | E13: 44 | F13: USBDBTJV2-S | G13: Bartram Trail HS - Week 2 | I13: 7399 Longleaf Pine Pkwy | J13: St. Johns | K13: FL | L13: 32259 | M13: bernardo.otero@stjohns.k12.fl.us | O13: Bernardo | P13: Otero | Q13: 14951 Walden Springs Way Apt 823 | R13: Jacksonville | S13: FL | T13: 32258 | V13: 904-525-9083 | X13: X | Y13: 728 | Z13: 731 | AC13: July 28-31 | AD13: 9AM-3PM | AE13: X | AF13: 70 | AG13: 295 | AH13: 295 | AJ13: X | AK13: https://usbaseballacademy.com/summer-baseball-camp-in-jacksonville-st-johns/ | AN13: X | AO13: =I13&" "&J13&","&" "&K13&" "&L13 -> 7399 Longleaf Pine Pkwy St. Johns, FL 32259 | AQ13: 15
A14: B-RET | C14: S-DEJAI | D14: 80 | E14: 25 | F14: USBDBMC-S | G14: Bishop Moore Catholic HS | I14: 3901 Edgewater Dr | J14: Orlando | K14: FL | L14: 32804 | M14: dejaioliver90@gmail.com | O14: Dejai | P14: Oliver | Q14: 7410 Machett Rd | R14: Orlando | S14: FL | T14: 32809 | V14: 407-947-1881 | X14: X | Y14: 707 | Z14: 710 | AC14: July 7-10 | AD14: 9AM-3PM | AE14: X | AG14: 295 | AH14: 295 | AJ14: X | AK14: https://usbaseballacademy.com/summer-baseball-camp-in-orlando/ | AN14: X | AO14: =I14&" "&J14&","&" "&K14&" "&L14 -> 3901 Edgewater Dr Orlando, FL 32804 | AQ14: 10
A15: B-RET | C15: C-2ND | D15: 43 | E15: 42 | F15: USBDCAP-S | G15: Capital HS | I15: 4851 Paseo Del Sol | J15: Santa Fe | K15: NM | L15: 87507 | M15: nisalazar@sfps.k12.nm.us | O15: Nicholas | P15: Salazar | Q15: 58 Calle Agua Clara | R15: Santa Fe | S15: NM | T15: 87508 | V15: 505-688-8651 | X15: X | Y15: 714 | Z15: 717 | AC15: July 14-17 | AD15: 9AM-3PM | AE15: X | AG15: 295 | AH15: 295 | AJ15: X | AK15: https://usbaseballacademy.com/summer-baseball-camp-in-santa-fe/ | AN15: X | AO15: =I15&" "&J15&","&" "&K15&" "&L15 -> 4851 Paseo Del Sol Santa Fe, NM 87507 | AQ15: 12
A16: B-RET | C16: D-RET | E16: 40 | F16: USBDCG-S | G16: Central Gwinnett HS | I16: 564 W. Crogan St. | J16: Lawrenceville | K16: GA | L16: 30046 | M16: karl.craig@gcpsk12.org | O16: Karl | P16: Craig | Q16: 3657 Talon View Ct. | R16: Auburn | S16: GA | T16: 30011 | V16: 678-349-1321 | X16: X | Y16: 623 | Z16: 626 | AC16: June 23-26 | AD16: 9AM-3PM | AE16: X | AG16: 295 | AH16: 295 | AJ16: X | AK16: https://usbaseballacademy.com/summer-baseball-camp-in-lawrenceville/ | AN16: X | AO16: =I16&" "&J16&","&" "&K16&" "&L16 -> 564 W. Crogan St. Lawrenceville, GA 30046 | AQ16: 7
A17: B-RET | C17: C-2ND | D17: 56 | E17: 59 | F17: USBDCC-S | G17: Chemeketa CC | I17: 4000 Lancaster Dr. NE | J17: Salem | K17: OR | L17: 97305 | M17: gmoser1@chemeketa.edu | O17: Gerhett | P17: Moser | Q17: 4 Bolivar St | R17: Lake Oswego | S17: OR | T17: 97035 | V17: 503-803-5656 | X17: X | Y17: 616 | Z17: 619 | AC17: June 16-19 | AD17: 9AM-3PM | AE17: X | AG17: 295 | AH17: 295 | AJ17: X | AK17: https://usbaseballacademy.com/summer-baseball-camp-in-salem/ | AN17: X | AO17: =I17&" "&J17&","&" "&K17&" "&L17 -> 4000 Lancaster Dr. NE Salem, OR 97305 | AQ17: 4
A18: B-RET | C18: D-RET | E18: 32 | F18: USBDCA-S | G18: Coastal Alabama CC South | I18: 1900 US Hwy 31 | J18: Bay Minette | K18: AL | L18: 36507 | M18: jd.pruitt@coastalalabama.edu | O18: JD | P18: Pruitt | Q18: 10526 Brodick Loop | R18: Spanish Fort | S18: AL | T18: 36527 | V18: 334-714-7994 | X18: X | Y18: 616 | Z18: 619 | AC18: June 16-19 | AD18: 9AM-3PM | AE18: X | AG18: 270 | AH18: 270 | AI18: 295 | AJ18: X | AK18: https://usbaseballacademy.com/summer-baseball-camp-in-bay-minette/ | AN18: X | AO18: =I18&" "&J18&","&" "&K18&" "&L18 -> 1900 US Hwy 31 Bay Minette , AL 36507 | AQ18: 4
A19: B-RET | C19: D-RET | E19: 35 | F19: USBDCD-S | G19: College of the Desert | I19: 43-500 Monterey Ave | J19: Palm Desert | K19: CA | L19: 92260 | M19: sdimatteo@collegeofthedesert.edu | O19: Sam | P19: Dimatteo | Q19: 44456 San Pascual Ave | R19: Palm Desert | S19: CA | T19: 92260 | V19: 724-622-7682 | X19: X | Y19: 714 | Z19: 717 | AC19: July 14-17 | AD19: 9AM-3PM | AE19: X | AG19: 320 | AH19: 320 | AJ19: X | AK19: https://usbaseballacademy.com/summer-baseball-camp-in-palm-desert/ | AN19: X | AO19: =I19&" "&J19&","&" "&K19&" "&L19 -> 43-500 Monterey Ave Palm Desert, CA 92260 | AQ19: 13
A20: B-RET | C20: C-2ND | D20: 47 | E20: 19 | F20: USBDDM-S | G20: Dallas Molina HS | I20: 2355 Duncanville Rd | J20: Dallas | K20: TX | L20: 75211 | M20: hensmith@dallasisd.org | O20: Henry | P20: Smith | Q20: 1002 Wabash Trail | R20: Mansfield | S20: TX | T20: 76063 | V20: 817-937-6549 | X20: X | Y20: 623 | Z20: 626 | AC20: June 23-26 | AD20: 9AM-3PM | AE20: X | AF20: 45 | AG20: 295 | AH20: 295 | AJ20: X | AK20: https://usbaseballacademy.com/summer-baseball-camp-in-dallas/ | AN20: X | AO20: =I20&" "&J20&","&" "&K20&" "&L20 -> 2355 Duncanville Rd Dallas, TX 75211 | AQ20: 7
A21: B-RET | C21: C-2ND | E21: 39 | F21: USBDDG-S | G21: Dave Griffin's Sports Complex | I21: 1200 W Main St | J21: Griffith | K21: IN | L21: 46319 | M21: david.griffin@pnw.edu | O21: Dave | P21: Griffin | Q21: 8332 Wyman Dr | R21: St. John | S21: IN | T21: 46373 | V21: 219-765-6242 | W21: 219-989-8018 | X21: X | Y21: 616 | Z21: 619 | AC21: June 16-19 | AD21: 9AM-3PM | AE21: X | AG21: 270 | AH21: 270 | AJ21: X | AK21: https://usbaseballacademy.com/summer-baseball-camp-in-griffith/ | AN21: X | AO21: =I21&" "&J21&","&" "&K21&" "&L21 -> 1200 W Main St Griffith, IN 46319 | AQ21: 4
A22: B-RET | C22: C-2ND | F22: USBDDRY-S | G22: Dryden HS | I22: 118 Freeville Rd | J22: Dryden | K22: NY | L22: 13053 | M22: jpascarella75@live.com | O22: John | P22: Pascarella | V22: 607-339-9432 | Y22: 728 | Z22: 731 | AC22: July 28-31 | AD22: 9AM-3PM | AK22: https://usbaseballacademy.com/summer-baseball-camp-in-dryden/ | AO22: =I22&" "&J22&","&" "&K22&" "&L22 -> 118 Freeville Rd Dryden, NY 13053
A23: B-RET | C23: C-2ND | D23: 60 | E23: 55 | F23: USBDECN-S | G23: Erie CC North | I23: 6205 Main St | J23: Buffalo | K23: NY | L23: 14221 | M23: bauth@ecc.edu | O23: Joe | P23: Bauth | Q23: 16 Windsor Ridge Drive | R23: Lancaster | S23: NY | T23: 14086 | V23: 716-982-8618 | X23: X | Y23: 630 | Z23: 703 | AC23: June 30-July 3 | AD23: 9AM-3PM | AE23: X | AG23: 295 | AH23: 295 | AJ23: X | AK23: https://usbaseballacademy.com/summer-baseball-camp-in-buffalo/ | AN23: X | AO23: =I23&" "&J23&","&" "&K23&" "&L23 -> 6205 Main St Buffalo, NY 14221 | AQ23: 10
A24: B-RET | B24: X | C24: C-2ND | F24: USBDEXC-S | G24: Excelsior Charter School | H24: Victorville CC Field | I24: 18422 Bear Valley Rd | J24: Victorville | K24: CA | L24: 92392 | M24: fthomas340@gmail.com | O24: Fernando | P24: Thomas | Q24: 11142 Blue Mesa Ave | R24: Adelanto | S24: CA | T24: 92301 | V24: 626-205-0430 | Y24: 616 | Z24: 619 | AC24: June 16-19 | AD24: 9AM-3PM | AK24: https://usbaseballacademy.com/summer-baseball-camp-in-victorville/ | AO24: =I24&" "&J24&","&" "&K24&" "&L24 -> 18422 Bear Valley Rd Victorville, CA 92392 | AQ24: 4
A25: B-RET | C25: C-2ND | D25: 43 | E25: 48 | F25: USBDFNW-S | G25: F.A.S.T of NW Ohio | H25: Shawnee HS | I25: 3333 Zurmehly Rd | J25: Lima | K25: OH | L25: 45806 | M25: danielgjones17@hotmail.com | O25: Danny | P25: Jones | Q25: 822 N. Jefferson Street | R25: Lima | S25: OH | T25: 45801 | V25: 419-302-5497 | X25: X | Y25: 721 | Z25: 724 | AC25: July 21-24 | AD25: 9AM-3PM | AE25: X | AF25: 40 | AG25: 270 | AH25: 270 | AJ25: X | AK25: https://usbaseballacademy.com/summer-baseball-camp-in-lima/ | AN25: X | AO25: =I25&" "&J25&","&" "&K25&" "&L25 -> 3333 Zurmehly Rd Lima, OH 45806 | AQ25: 14
A26: B-RET | C26: C-2ND | D26: 39 | E26: 33 | F26: USBDFLC1-S | G26: Finger Lakes CC - Week 1 | I26: 3325 Marvin Sands Dr | J26: Canandaigua | K26: NY | L26: 14424 | M26: sean.marren@flcc.edu | O26: Sean | P26: Marren | Q26: 5967 Chipmunk Circle | R26: Famington | S26: NY | T26: 14425 | V26: 585-739-8701 | X26: X | Y26: 707 | Z26: 710 | AC26: July 7-10 | AD26: 9AM-3PM | AE26: X | AF26: 40 | AG26: 320 | AH26: 325 | AJ26: X | AK26: https://usbaseballacademy.com/summer-baseball-camp-in-canandaigua/ | AN26: X | AO26: =I26&" "&J26&","&" "&K26&" "&L26 -> 3325 Marvin Sands Dr Canandaigua, NY 14424 | AQ26: 10
A27: B-RET | C27: C-2ND | D27: 39 | E27: 52 | F27: USBDFLC2-S | G27: Finger Lakes CC - Week 2 | I27: 3325 Marvin Sands Dr | J27: Canandaigua | K27: NY | L27: 14424 | M27: sean.marren@flcc.edu | O27: Sean | P27: Marren | Q27: 5967 Chipmunk Circle | R27: Famington | S27: NY | T27: 14425 | V27: 585-739-8701 | X27: X | Y27: 728 | Z27: 731 | AC27: July 28-31 | AD27: 9AM-3PM | AE27: X | AF27: 40 | AG27: 320 | AH27: 325 | AJ27: X | AK27: https://usbaseballacademy.com/summer-baseball-camp-in-canandaigua/ | AN27: X | AO27: =I27&" "&J27&","&" "&K27&" "&L27 -> 3325 Marvin Sands Dr Canandaigua, NY 14424 | AQ27: 15
A28: B-RET | C28: C-2ND | E28: 30 | F28: USBDGCC-S | G28: Genesee CC | I28: 1 College Rd | J28: Batavia | K28: NY | L28: 14020 | M28: ssherman@genesee.edu | O28: Skip | P28: Sherman | Q28: 17295 Taylor Rd. | R28: Holley | S28: NY | T28: 14470 | V28: 585-350-9397 | X28: X | Y28: 707 | Z28: 710 | AC28: July 7-10 | AD28: 9AM-3PM | AE28: X | AG28: 295 | AH28: 295 | AJ28: X | AK28: https://usbaseballacademy.com/summer-baseball-camp-in-batavia/ | AN28: X | AO28: =I28&" "&J28&","&" "&K28&" "&L28 -> 1 College Rd Batavia, NY 14020 | AQ28: 11
A29: B-RET | B29: X | C29: C-2ND | F29: USBDGCU-S | G29: Georgian Court University | I29: 900 Lakewood Ave | J29: Lakewood | K29: NJ | L29: 8701 | M29: afreeman@georgian.edu | O29: Arlan | P29: Freeman | Q29: 181 Long Hill Rd Apt F5 | R29: Little Falls | S29: NJ | T29: O7424 | V29: 207-939-2867 | X29: X | Y29: 707 | Z29: 710 | AC29: July 7-10 | AD29: 9AM-3PM | AE29: X | AH29: 325 | AJ29: X | AK29: https://usbaseballacademy.com/summer-baseball-camp-in-lakewood-nj/ | AN29: X | AO29: =I29&" "&J29&","&" "&K29&" "&L29 -> 900 Lakewood Ave Lakewood, NJ 8701 | AQ29: 11
A30: B-RET | C30: C-2ND | D30: 91 | E30: 65 | F30: USBDGSC-S | G30: Glendale Sports Complex | H30: Scholl Canyon Field | I30: 3200 E. Glenoaks Blvd | J30: Glendale | K30: CA | L30: 91206 | M30: spiropsaltis@aol.com | O30: Spiro | P30: Psaltis | Q30: 5769 Summit Crest Dr | R30: La Canada | S30: CA | T30: 91011 | V30: 818-253-6503 | X30: X | Y30: 616 | Z30: 619 | AC30: June 16-19 | AD30: 9AM-3PM | AE30: X | AG30: 320 | AH30: 320 | AJ30: X | AK30: https://usbaseballacademy.com/summer-baseball-camp-in-glendale/ | AN30: X | AO30: =I30&" "&J30&","&" "&K30&" "&L30 -> 3200 E. Glenoaks Blvd Glendale, CA 91206 | AQ30: 5
A31: B-RET | C31: C-2ND | E31: 18 | F31: USBDGSG1-S | G31: Golden State Grind - Week 1 | H31: Golden State Grind Headquarters | I31: 1745 Arnold Industrial Way | J31: Concord | K31: CA | L31: 94520 | M31: billduby@gmail.com | O31: Bill | P31: Duby | Q31: 242 Valley Dr. | R31: Pleasant Hill | S31: CA | T31: 94523 | V31: 925-383-1819 | X31: X | Y31: 609 | Z31: 612 | AC31: June 9-12 | AD31: 9AM-3PM | AE31: X | AG31: 320 | AH31: 325 | AJ31: X | AK31: https://usbaseballacademy.com/summer-baseball-camp-in-concord-ca/ | AM31: X | AN31: X | AO31: =I31&" "&J31&","&" "&K31&" "&L31 -> 1745 Arnold Industrial Way Concord, CA 94520 | AQ31: 1
A32: B-RET | C32: C-2ND | E32: 8 | F32: USBDGSG2-S | G32: Golden State Grind - Week 2 | H32: Golden State Grind Headquarters | I32: 1745 Arnold Industrial Way | J32: Concord | K32: CA | L32: 94520 | M32: billduby@gmail.com | O32: Bill | P32: Duby | Q32: 242 Valley Dr. | R32: Pleasant Hill | S32: CA | T32: 94523 | V32: 925-383-1819 | X32: X | Y32: 623 | Z32: 626 | AC32: June 23-26 | AD32: 9AM-3PM | AE32: X | AG32: 320 | AH32: 325 | AJ32: X | AK32: https://usbaseballacademy.com/summer-baseball-camp-in-concord-ca/ | AN32: X | AO32: =I32&" "&J32&","&" "&K32&" "&L32 -> 1745 Arnold Industrial Way Concord, CA 94520 | AQ32: 7
A33: B-RET | C33: C-2ND | F33: USBDGSG3-S | G33: Golden State Grind - Week 3 | H33: Golden State Grind Headquarters | I33: 1745 Arnold Industrial Way | J33: Concord | K33: CA | L33: 94520 | M33: billduby@gmail.com | O33: Bill | P33: Duby | Q33: 242 Valley Dr. | R33: Pleasant Hill | S33: CA | T33: 94523 | V33: 925-383-1819 | X33: X | Y33: 714 | Z33: 717 | AC33: July 14-17 | AD33: 9AM-3PM | AE33: X | AG33: 320 | AH33: 325 | AJ33: X | AK33: https://usbaseballacademy.com/summer-baseball-camp-in-concord-ca/ | AN33: X | AO33: =I33&" "&J33&","&" "&K33&" "&L33 -> 1745 Arnold Industrial Way Concord, CA 94520 | AQ33: 13
A34: B-RET | B34: X | C34: C-2ND | F34: USBDGCH-S | G34: Greeley Central HS | I34: 1515 14th Ave | J34: Greeley | K34: CO | L34: 80631 | M34: jrahn@greeleyschools.org | O34: Josh | P34: Rahn | Q34: 2105 74th Ave | R34: Greeley | S34: CO | T34: 80634 | V34: 708-337-3009 | Y34: 707 | Z34: 710 | AC34: July 7-10 | AD34: 9AM-3PM | AK34: https://usbaseballacademy.com/summer-baseball-camp-in-greeley/ | AO34: =I34&" "&J34&","&" "&K34&" "&L34 -> 1515 14th Ave Greeley, CO 80631 | AQ34: 11
A35: B-RET | C35: C-2ND | E35: 27 | F35: USBDGLH-S | G35: Gull Lake HS | I35: 7753 N 34th St | J35: Richland | K35: MI | L35: 49083 | M35: rwalters@gulllakecs.org | O35: Reggie | P35: Walters | Q35: 11073 E. CD Ave. | R35: Richland | S35: MI | T35: 49083 | V35: 269-377-3025 | X35: X | Y35: 728 | Z35: 731 | AC35: July 28-31 | AD35: 9AM-3PM | AE35: X | AG35: 295 | AH35: 295 | AJ35: X | AK35: https://usbaseballacademy.com/summer-baseball-camp-in-richland/ | AN35: X | AO35: =I35&" "&J35&","&" "&K35&" "&L35 -> 7753 N 34th St Richland, MI 49083 | AQ35: 16
A36: B-RET | C36: C-2ND | F36: USBDHB-S | G36: Hilliard Bradley HS | I36: 2800 Walker Rd | J36: Hilliard | K36: OH | L36: 43026 | M36: david_starling@hboe.org | O36: Dave | P36: Starling | Q36: 7687 Godfrey Circle | R36: Reynoldsburg | S36: OH | T36: 43068 | V36: 614-563-4453 | Y36: 714 | Z36: 717 | AC36: July 14-17 | AD36: 9AM-3PM | AK36: https://usbaseballacademy.com/summer-baseball-camp-in-hilliard/ | AO36: =I36&" "&J36&","&" "&K36&" "&L36 -> 2800 Walker Rd Hilliard, OH 43026 | AQ36: 13
A37: B-RET | C37: D-RET | D37: 116 | E37: 62 | F37: USBDLHS1-S | G37: Lehman HS - Week 1 | I37: 1700 Lehman Rd | J37: Kyle | K37: TX | L37: 78640 | M37: Jacob.Kaase@hayscisd.net | O37: Jacob | P37: Kaase | Q37: 177 Portulaca Ct. | R37: Driftwood | S37: TX | T37: 78619 | V37: 512-922-8841 | X37: X | Y37: 616 | Z37: 619 | AC37: June 16-19 | AD37: 9AM-3PM | AE37: X | AG37: 295 | AH37: 295 | AJ37: X | AK37: https://usbaseballacademy.com/summer-baseball-camp-in-kyle | AN37: X | AO37: =I37&" "&J37&","&" "&K37&" "&L37 -> 1700 Lehman Rd Kyle, TX 78640 | AQ37: 5 | BG37: | | BI37: | | BK37: | | BM37: | | BO37: |
A38: B-RET | C38: D-RET | D38: 116 | E38: 62 | F38: USBDLHS2-S | G38: Lehman HS - Week 2 | I38: 1700 Lehman Rd | J38: Kyle | K38: TX | L38: 78640 | M38: Jacob.Kaase@hayscisd.net | O38: Jacob | P38: Kaase | Q38: 177 Portulaca Ct. | R38: Driftwood | S38: TX | T38: 78619 | V38: 512-922-8841 | X38: X | Y38: 714 | Z38: 717 | AC38: July 14-17 | AD38: 9AM-3PM | AE38: X | AG38: 295 | AH38: 295 | AJ38: X | AK38: https://usbaseballacademy.com/summer-baseball-camp-in-kyle | AN38: X | AO38: =I38&" "&J38&","&" "&K38&" "&L38 -> 1700 Lehman Rd Kyle, TX 78640 | AQ38: 13 | BG38: | | BI38: | | BK38: | | BM38: | | BO38: |
A39: B-RET | B39: X | C39: C-2ND | F39: USBDMJ1-S | G39: Madison St. Joe HS - Week 1 | I39: 308 New Mannsdale Rd | J39: Madison | K39: MS | L39: 39110 | M39: cha100@madison-schools.com | O39: Eddie | P39: Easley | Q39: 113 Palin Dr | R39: Madison | S39: MS | T39: 39110 | V39: 601-606-0377 | Y39: 616 | Z39: 619 | AC39: June 16-19 | AD39: 9AM-3PM | AK39: https://usbaseballacademy.com/summer-baseball-camp-in-madison/ | AM39: X | AO39: =I39&" "&J39&","&" "&K39&" "&L39 -> 308 New Mannsdale Rd Madison, MS 39110 | AQ39: 5
A40: B-RET | B40: X | C40: C-2ND | F40: USBDMJ2-S | G40: Madison St. Joe HS - Week 2 | I40: 308 New Mannsdale Rd | J40: Madison | K40: MS | L40: 39110 | M40: cha100@madison-schools.com | O40: Eddie | P40: Easley | Q40: 113 Palin Dr | R40: Madison | S40: MS | T40: 39110 | V40: 601-606-0377 | Y40: 714 | Z40: 717 | AC40: July 14-17 | AD40: 9AM-3PM | AK40: https://usbaseballacademy.com/summer-baseball-camp-in-madison/ | AO40: =I40&" "&J40&","&" "&K40&" "&L40 -> 308 New Mannsdale Rd Madison, MS 39110 | AQ40: 13
A41: B-RET | C41: D-RET | D41: 68 | F41: USBDMLC-S | G41: Mallard Creek HS | I41: 3825 Johnston Oehler Rd | J41: Charlotte | K41: NC | L41: 28269 | M41: randy.p.barber@gmail.com | O41: Pat | P41: Barber | Q41: 6203 Oak Cove Ln. | R41: Charlotte | S41: NC | T41: 28269 | V41: 704-453-1280 | X41: X | Y41: 616 | Z41: 619 | AC41: June 16-19 | AD41: 9AM-3PM | AE41: X | AG41: 295 | AH41: 295 | AJ41: X | AK41: https://usbaseballacademy.com/summer-baseball-camp-in-charlotte/ | AN41: X | AO41: =I41&" "&J41&","&" "&K41&" "&L41 -> 3825 Johnston Oehler Rd Charlotte, NC 28269 | AQ41: 5
A42: B-RET | C42: D-RET | D42: 35 | E42: 29 | F42: USBDMCCH1-S | G42: Marian Central Catholic HS | I42: 1001 McHenry Ave | J42: Woodstock | K42: IL | L42: 60098 | M42: mattschmidt20@yahoo.com | O42: Matt | P42: Schmidt | Q42: 1513 Commodore CT Unit #4 | R42: Schaumburg | S42: IL | T42: 60193 | V42: 847-664-9962 | X42: X | Y42: 714 | Z42: 717 | AC42: July 14-17 | AD42: 9AM-3PM | AE42: X | AF42: 35 | AG42: 320 | AH42: 325 | AJ42: X | AK42: https://usbaseballacademy.com/summer-baseball-camp-in-woodstock/ | AL42: X | AN42: X | AO42: =I42&" "&J42&","&" "&K42&" "&L42 -> 1001 McHenry Ave Woodstock, IL 60098 | AQ42: 13
A43: B-RET | C43: C-2ND | D43: 34 | E43: 28 | F43: USBDMP-S | G43: Mercyhurst Prep HS | I43: 538 E Grandview Blvd | J43: Erie | K43: PA | L43: 16504 | M43: durk18@velocity.net | O43: Randy | P43: Durkoske | Q43: 1026 W.33rd St | R43: Erie | S43: PA | T43: 16508 | V43: 814-860-4285 | X43: X | Y43: 623 | Z43: 626 | AC43: June 23-26 | AD43: 9AM-3PM | AE43: X | AG43: 270 | AH43: 270 | AJ43: X | AK43: https://usbaseballacademy.com/summer-baseball-camp-in-erie/ | AN43: X | AO43: =I43&" "&J43&","&" "&K43&" "&L43 -> 538 E Grandview Blvd Erie, PA 16504 | AQ43: 7
A44: B-RET | C44: C-2ND | D44: 71 | E44: 99 | F44: USBDMES-S | G44: Mesa CC | I44: 1833 W Southern | J44: Mesa | K44: AZ | L44: 85202 | M44: tcirelli@mesacc.edu | O44: Tony | P44: Cirelli | Q44: 8348 E. Columbus Ave | R44: Scottsdale | S44: AZ | T44: 85251 | V44: 480-296-8959 | X44: X | Y44: 623 | Z44: 626 | AC44: June 23-26 | AD44: 9AM-3PM | AE44: X | AF44: No Max | AG44: 295 | AH44: 295 | AJ44: X | AK44: https://usbaseballacademy.com/summer-baseball-camp-in-mesa/ | AN44: X | AO44: =I44&" "&J44&","&" "&K44&" "&L44 -> 1833 W Southern Mesa, AZ 85202 | AQ44: 7
A45: B-RET | C45: D-RET | D45: 39 | E45: 24 | F45: USBDROS-S | G45: Metro Detroit Baseball Club | H45: Bishop Foley HS | I45: 32000 N Campbell Rd | J45: Madison Heights | K45: MI | L45: 48071 | M45: metrodetroitbaseball@gmail.com | O45: Tim | P45: McEvoy | Q45: 203 Dewey St. | R45: Royal Oak | S45: MI | T45: 48067 | V45: 313-378-8457 | X45: X | Y45: 630 | Z45: 703 | AC45: June 30-July 3 | AD45: 9AM-3PM | AE45: X | AG45: 295 | AH45: 295 | AJ45: X | AK45: https://usbaseballacademy.com/summer-baseball-camp-in-detroit-madison-heights/ | AN45: X | AO45: =I45&" "&J45&","&" "&K45&" "&L45 -> 32000 N Campbell Rd Madison Heights, MI 48071 | AQ45: 10
A46: B-RET | C46: C-2ND | F46: USBDMSC-S | G46: Mount Saint Charles Academy | I46: 800 Logee St | J46: Woonsocket | K46: RI | L46: 2895 | M46: liasui@mtstcharles.org | O46: Idris | P46: Liasu | V46: 401-419-6985 | Y46: 714 | Z46: 717 | AC46: July 14-17 | AD46: 9AM-3PM | AK46: https://usbaseballacademy.com/summer-baseball-camp-in-woonsocket/ | AO46: =I46&" "&J46&","&" "&K46&" "&L46 -> 800 Logee St Woonsocket, RI 2895
A47: B-RET | C47: D-RET | D47: 38 | E47: 45 | F47: USBDMSJ-S | G47: Mount San Jacinto College | I47: 1499 N State St | J47: San Jacinto | K47: CA | L47: 92583 | M47: ehurtado@msjc.edu | O47: Ed | P47: Hurtado | Q47: 307 S. Smith Ave. #75 | R47: Corona | S47: CA | T47: 92882 | V47: 951-704-4289 | X47: X | Y47: 616 | Z47: 619 | AC47: June 16-19 | AD47: 9AM-3PM | AE47: X | AF47: 40-50 | AG47: 320 | AH47: 320 | AJ47: X | AK47: https://usbaseballacademy.com/summer-baseball-camp-in-san-jacinto/ | AL47: X | AN47: X | AO47: =I47&" "&J47&","&" "&K47&" "&L47 -> 1499 N State St San Jacinto, CA 92583 | AQ47: 5
A48: B-RET | C48: C-2ND | D48: 101 | E48: 79 | F48: USBDMBC1-S | G48: Mt Bethel Christian Academy - Week 1 | H48: Mt. Paran Sports Complex | I48: 1700 Allgood Road | J48: Marietta | K48: GA | L48: 30062 | M48: eric.mcafee@mtbethelchristian.org | O48: Eric | P48: McAfee | Q48: 310 Knotts Circle | R48: Woodstock | S48: GA | T48: 30188 | V48: 770-905-7772 | X48: X | Y48: 623 | Z48: 626 | AC48: June 23-26 | AD48: 9AM-3PM | AE48: X | AF48: 80 | AG48: 270 | AH48: 270 | AI48: 295 | AJ48: X | AK48: https://usbaseballacademy.com/summer-baseball-camp-in-marietta/ | AM48: X | AN48: X | AO48: =I48&" "&J48&","&" "&K48&" "&L48 -> 1700 Allgood Road Marietta, GA 30062 | AQ48: 7
A49: B-RET | C49: C-2ND | D49: 101 | E49: 67 | F49: USBDMBC2-S | G49: Mt Bethel Christian Academy - Week 2 | H49: Mt. Paran Sports Complex | I49: 1700 Allgood Road | J49: Marietta | K49: GA | L49: 30062 | M49: eric.mcafee@mtbethelchristian.org | O49: Eric | P49: McAfee | Q49: 310 Knotts Circle | R49: Woodstock | S49: GA | T49: 30188 | V49: 770-905-7772 | X49: X | Y49: 707 | Z49: 710 | AC49: July 7-10 | AD49: 9AM-3PM | AE49: X | AF49: 80 | AG49: 270 | AH49: 270 | AI49: 295 | AJ49: X | AK49: https://usbaseballacademy.com/summer-baseball-camp-in-marietta/ | AN49: X | AO49: =I49&" "&J49&","&" "&K49&" "&L49 -> 1700 Allgood Road Marietta, GA 30062 | AQ49: 11
A50: B-RET | C50: D-RET | D50: 46 | E50: 25 | F50: USBDBTW-S | G50: Norview HS | I50: 6501 Chesapeake Blvd | J50: Norfolk | K50: VA | L50: 23513 | M50: berryt1978@gmail.com | O50: Thad | P50: Berry | Q50: 8447 Chesapeake Blvd. | R50: Norfolk | S50: VA | T50: 23518 | V50: 859-285-7731 | X50: X | Y50: 630 | Z50: 703 | AC50: June 30-July 3 | AD50: 9AM-3PM | AE50: X | AG50: 295 | AH50: 295 | AJ50: X | AK50: https://usbaseballacademy.com/summer-baseball-camp-in-norfolk/ | AL50: X | AN50: X | AO50: =I50&" "&J50&","&" "&K50&" "&L50 -> 6501 Chesapeake Blvd Norfolk, VA 23513 | AQ50: 10
A51: B-RET | C51: D-RET | D51: 33 | E51: 38 | F51: USBDOH-S | G51: Ottawa Hills HS | I51: 2532 Evergreen Rd | J51: Toledo | K51: OH | L51: 43606 | M51: chardman@ohschools.org | O51: Chris | P51: Hardman | Q51: 2333 Manchester Blvd. | R51: Ottawa Hills | S51: OH | T51: 43606 | V51: 419-410-8096 | X51: X | Y51: 623 | Z51: 626 | AC51: June 23-26 | AD51: 9AM-3PM | AE51: X | AG51: 270 | AH51: 270 | AJ51: X | AK51: https://usbaseballacademy.com/summer-baseball-camp-in-toledo/ | AN51: X | AO51: =I51&" "&J51&","&" "&K51&" "&L51 -> 2532 Evergreen Rd Toledo, OH 43606 | AQ51: 8
A52: B-RET | C52: C-2ND | E52: 63 | F52: USBDPKS-S | G52: Perkiomen School | I52: 200 Seminary St | J52: Pennsburg | K52: PA | L52: 18073 | M52: kbaker@perkiomen.org | O52: Ken | P52: Baker | Q52: 196 State St | R52: East Greenville | S52: PA | T52: 19041 | V52: 267-909-0361 | X52: X | Y52: 630 | Z52: 703 | AC52: June 30-July 3 | AD52: 9am-3pm | AE52: X | AG52: 270 | AH52: 270 | AI52: 295 | AJ52: X | AK52: https://usbaseballacademy.com/summer-baseball-camp-in-pennsburg/ | AN52: X | AO52: =I52&" "&J52&","&" "&K52&" "&L52 -> 200 Seminary St Pennsburg, PA 18073 | AQ52: 10
A53: B-RET | C53: C-2ND | D53: 50 | E53: 57 | F53: USBDRICH-S | G53: Richwoods HS | I53: 6301 N University | J53: Peoria | K53: IL | L53: 61614 | M53: michael_dunne@att.net | O53: Mike | P53: Dunne | Q53: 5115 W Ancient Oak Dr. | R53: Peoria | S53: IL | T53: 61615 | V53: 309-427-0849 | X53: X | Y53: 714 | Z53: 717 | AC53: July 14-17 | AD53: 9AM-3PM | AE53: X | AG53: 270 | AH53: 270 | AI53: 295 | AJ53: X | AK53: https://usbaseballacademy.com/summer-baseball-camp-in-peoria/ | AN53: X | AO53: =I53&" "&J53&","&" "&K53&" "&L53 -> 6301 N University Peoria, IL 61614
A54: B-RET | C54: C-2ND | F54: USBDRUC-S | G54: Russell County HS | I54: 2166 S Highway 127 | J54: Russell Springs | K54: KY | L54: 42642 | M54: david.rexroat@russell.kyschools.us | O54: David | P54: Rexroat | Q54: 1842 N Main ST | R54: Jamestown | S54: KY | T54: 42629 | V54: 270-566-1757 | Y54: 616 | Z54: 619 | AC54: June 16-19 | AD54: 9AM-3PM | AH54: 295 | AK54: https://usbaseballacademy.com/summer-baseball-camp-in-russell-springs/ | AO54: =I54&" "&J54&","&" "&K54&" "&L54 -> 2166 S Highway 127 Russell Springs, KY 42642 | AQ54: 5
A55: B-RET | C55: C-2ND | D55: 36 | E55: 37 | F55: USBDRUS-S | G55: Russell HS | I55: 709 Red Devil Ln. | J55: Russell | K55: KY | L55: 41169 | M55: tim.rice@russellind.kyschools.us | O55: Tim | P55: Rice | Q55: 2419 Bradley DR | R55: Ashland | S55: KY | T55: 41101 | V55: 606-571-2355 | X55: X | Y55: 616 | Z55: 619 | AC55: June 16-19 | AD55: 9AM-3PM | AE55: X | AG55: 270 | AH55: 270 | AI55: 295 | AJ55: X | AK55: https://usbaseballacademy.com/summer-baseball-camp-in-russell/ | AN55: X | AO55: =I55&" "&J55&","&" "&K55&" "&L55 -> 709 Red Devil Ln. Russell, KY 41169 | AQ55: 6
A56: B-RET | C56: C-2ND | D56: 140 | E56: 65 | F56: USBDSDC-S | G56: San Diego City College | H56: Morley Field | I56: 2221 Morley Field Dr | J56: San Diego | K56: CA | L56: 92104 | M56: cbrown@sdccd.edu | O56: Chris | P56: Brown | Q56: 14809 Presilla Dr | R56: Jamul | S56: CA | T56: 91935 | V56: 619-212-0928 | X56: X | Y56: 707 | Z56: 710 | AC56: July 7-10 | AD56: 9AM-3PM | AE56: X | AG56: 320 | AH56: 320 | AJ56: X | AK56: https://usbaseballacademy.com/summer-baseball-camp-in-san-diego/ | AN56: X | AO56: =I56&" "&J56&","&" "&K56&" "&L56 -> 2221 Morley Field Dr San Diego, CA 92104 | AQ56: 11
A57: B-RET | C57: C-2ND | F57: USBDSMP-S | G57: Simpson University | I57: 2211 College U Dr | J57: Redding | K57: CA | L57: 96003 | M57: dtating@simpsonu.edu | O57: Dan | P57: Tating | Q57: 24270 Oklahoma Ave | R57: Red Bluff | S57: CA | T57: 96080 | U57: 530-527-7166 | V57: 530-526-1086 | Y57: 721 | Z57: 724 | AC57: July 21-24 | AD57: 9AM-3PM | AH57: 320 | AK57: https://usbaseballacademy.com/summer-baseball-camp-in-redding/ | AO57: =I57&" "&J57&","&" "&K57&" "&L57 -> 2211 College U Dr Redding, CA 96003
A58: B-RET | C58: C-2ND | E58: 16 | F58: USBDAMJ1-S | G58: Solano CC - Week 1 | I58: 4000 Suisun Valley Rd | J58: Fairfield | K58: CA | L58: 94534 | M58: kylestafford22@gmail.com | O58: Kyle | P58: Stafford | Q58: 204 Edwards St | R58: Winters | S58: CA | T58: 95694 | V58: 916-752-3389 | X58: X | Y58: 623 | Z58: 626 | AC58: June 23-26 | AD58: 9AM-3PM | AE58: X | AG58: 320 | AH58: 320 | AJ58: X | AK58: https://usbaseballacademy.com/summer-baseball-camp-in-fairfield/ | AM58: X | AN58: X | AO58: =I58&" "&J58&","&" "&K58&" "&L58 -> 4000 Suisun Valley Rd Fairfield, CA 94534 | AQ58: 8
A59: B-RET | C59: C-2ND | E59: 40 | F59: USBDAMJ2-S | G59: Solano CC - Week 2 | I59: 4000 Suisun Valley Rd | J59: Fairfield | K59: CA | L59: 94534 | M59: kylestafford22@gmail.com | O59: Kyle | P59: Stafford | Q59: 204 Edwards St | R59: Winters | S59: CA | T59: 95694 | V59: 916-752-3389 | X59: X | Y59: 721 | Z59: 724 | AC59: July 21-24 | AD59: 9AM-3PM | AE59: X | AG59: 320 | AH59: 320 | AJ59: X | AK59: https://usbaseballacademy.com/summer-baseball-camp-in-fairfield/ | AN59: X | AO59: =I59&" "&J59&","&" "&K59&" "&L59 -> 4000 Suisun Valley Rd Fairfield, CA 94534 | AQ59: 14
A60: B-RET | C60: C-2ND | D60: 38 | E60: 37 | F60: USBDSGT1-S | G60: St. Georges Tech HS - Week 1 | I60: 555 Hyetts Corner Dr | J60: Middletown | K60: DE | L60: 19709 | M60: william.rodgers@nccvt.k12.de.us | O60: Jeff | P60: Rodgers | Q60: 737 Stanford White Way | R60: Middletown | S60: DE | T60: 19709 | V60: 302-650-8071 | X60: X | Y60: 616 | Z60: 619 | AC60: June 16-19 | AD60: 9AM-3PM | AE60: X | AG60: 295 | AH60: 295 | AJ60: X | AK60: https://usbaseballacademy.com/summer-baseball-camp-in-middletown/ | AN60: X | AO60: =I60&" "&J60&","&" "&K60&" "&L60 -> 555 Hyetts Corner Dr Middletown, DE 19709 | AQ60: 6
A61: B-RET | C61: C-2ND | D61: 38 | E61: 40 | F61: USBDSGT2-S | G61: St. Georges Tech HS - Week 2 | I61: 555 Hyetts Corner Dr | J61: Middletown | K61: DE | L61: 19709 | M61: william.rodgers@nccvt.k12.de.us | O61: Jeff | P61: Rodgers | Q61: 737 Stanford White Way | R61: Middletown | S61: DE | T61: 19709 | V61: 302-650-8071 | X61: X | Y61: 707 | Z61: 710 | AC61: July 7-10 | AD61: 9AM-3PM | AE61: X | AG61: 295 | AH61: 295 | AJ61: X | AK61: https://usbaseballacademy.com/summer-baseball-camp-in-middletown/ | AN61: X | AO61: =I61&" "&J61&","&" "&K61&" "&L61 -> 555 Hyetts Corner Dr Middletown, DE 19709 | AQ61: 11
